Workbook
Name CreatedFor: #REF!
Name CreatedForTitle: #REF!

Sheet Prompt

Sheet is-bs-cfs
B2: Start | F2: 43497 | G2: =+F3+1 -> 43586 | H2: =+G3+1 -> 43678 | I2: =+H3+1 -> 43770 | J2: =+F2 -> 43497 | K2: =+J3+1 -> 43862 | L2: =+K3+1 -> 43952 | M2: =+L3+1 -> 44044 | N2: =+M3+1 -> 44136 | O2: =+K2 -> 43862 | P2: =+O3+1 -> 44228 | Q2: =+P3+1 -> 44317 | R2: =+Q3+1 -> 44409 | S2: =+R3+1 -> 44501 | T2: =+P2 -> 44228 | U2: =+T3+1 -> 44593 | V2: =+U3+1 -> 44682 | W2: =+V3+1 -> 44774 | X2: =+W3+1 -> 44866 | Y2: =+U2 -> 44593 | Z2: =+Y3+1 -> 44958 | AA2: =+Z3+1 -> 45047 | AB2: =+AA3+1 -> 45139 | AC2: =+AB3+1 -> 45231 | AD2: =+Z2 -> 44958 | AE2: =+AD3+1 -> 45323 | AF2: =+AE3+1 -> 45413 | AG2: =+AF3+1 -> 45505 | AH2: =+AG3+1 -> 45597 | AI2: =+AE2 -> 45323 | AJ2: =+AI3+1 -> 45689 | AK2: =+AJ3+1 -> 45778 | AL2: =+AK3+1 -> 45870 | AM2: =+AL3+1 -> 45962 | AN2: =+AJ2 -> 45689
B3: End | F3: =+EOMONTH(F2,2) -> 43585 | G3: =+EOMONTH(G2,2) -> 43677 | H3: =+EOMONTH(H2,2) -> 43769 | I3: =+EOMONTH(I2,2) -> 43861 | J3: =+I3 -> 43861 | K3: =+EOMONTH(K2,2) -> 43951 | L3: =+EOMONTH(L2,2) -> 44043 | M3: =+EOMONTH(M2,2) -> 44135 | N3: =+EOMONTH(N2,2) -> 44227 | O3: =+N3 -> 44227 | P3: =+EOMONTH(P2,2) -> 44316 | Q3: =+EOMONTH(Q2,2) -> 44408 | R3: =+EOMONTH(R2,2) -> 44500 | S3: =+EOMONTH(S2,2) -> 44592 | T3: =+S3 -> 44592 | U3: =+EOMONTH(U2,2) -> 44681 | V3: =+EOMONTH(V2,2) -> 44773 | W3: =+EOMONTH(W2,2) -> 44865 | X3: =+EOMONTH(X2,2) -> 44957 | Y3: =+X3 -> 44957 | Z3: =+EOMONTH(Z2,2) -> 45046 | AA3: =+EOMONTH(AA2,2) -> 45138 | AB3: =+EOMONTH(AB2,2) -> 45230 | AC3: =+EOMONTH(AC2,2) -> 45322 | AD3: =+AC3 -> 45322 | AE3: =+EOMONTH(AE2,2) -> 45412 | AF3: =+EOMONTH(AF2,2) -> 45504 | AG3: =+EOMONTH(AG2,2) -> 45596 | AH3: =+EOMONTH(AH2,2) -> 45688 | AI3: =+AH3 -> 45688 | AJ3: =+EOMONTH(AJ2,2) -> 45777 | AK3: =+EOMONTH(AK2,2) -> 45869 | AL3: =+EOMONTH(AL2,2) -> 45961 | AM3: =+EOMONTH(AM2,2) -> 46053 | AN3: =+AM3 -> 46053
B4: Fiscal Year | F4: =+YEAR(F3)+(MONTH(F3)>=2) -> 2020 | G4: =+YEAR(G3)+(MONTH(G3)>=2) -> 2020 | H4: =+YEAR(H3)+(MONTH(H3)>=2) -> 2020 | I4: =+YEAR(I3)+(MONTH(I3)>=2) -> 2020 | J4: =+YEAR(J3)+(MONTH(J3)>=2) -> 2020 | K4: =+YEAR(K3)+(MONTH(K3)>=2) -> 2021 | L4: =+YEAR(L3)+(MONTH(L3)>=2) -> 2021 | M4: =+YEAR(M3)+(MONTH(M3)>=2) -> 2021 | ... AN4: =+YEAR(AN3)+(MONTH(AN3)>=2) -> 2026
B5: Fiscal Quarter | F5: =+CHOOSE(MONTH(F3),4,1,1,1,2,2,2,3,3,3,4,4) -> 1 | G5: =+CHOOSE(MONTH(G3),4,1,1,1,2,2,2,3,3,3,4,4) -> 2 | H5: =+CHOOSE(MONTH(H3),4,1,1,1,2,2,2,3,3,3,4,4) -> 3 | I5: =+CHOOSE(MONTH(I3),4,1,1,1,2,2,2,3,3,3,4,4) -> 4 | J5: =+CHOOSE(MONTH(J3),4,1,1,1,2,2,2,3,3,3,4,4) -> 4 | K5: =+CHOOSE(MONTH(K3),4,1,1,1,2,2,2,3,3,3,4,4) -> 1 | L5: =+CHOOSE(MONTH(L3),4,1,1,1,2,2,2,3,3,3,4,4) -> 2 | M5: =+CHOOSE(MONTH(M3),4,1,1,1,2,2,2,3,3,3,4,4) -> 3 | ... AN5: =+CHOOSE(MONTH(AN3),4,1,1,1,2,2,2,3,3,3,4,4) -> 4
B6: Fiscal Month | F6: =+CHOOSE(MONTH(F3),12,1,2,3,4,5,6,7,8,9,10,11) -> 3 | G6: =+CHOOSE(MONTH(G3),12,1,2,3,4,5,6,7,8,9,10,11) -> 6 | H6: =+CHOOSE(MONTH(H3),12,1,2,3,4,5,6,7,8,9,10,11) -> 9 | I6: =+CHOOSE(MONTH(I3),12,1,2,3,4,5,6,7,8,9,10,11) -> 12 | J6: =+CHOOSE(MONTH(J3),12,1,2,3,4,5,6,7,8,9,10,11) -> 12 | K6: =+CHOOSE(MONTH(K3),12,1,2,3,4,5,6,7,8,9,10,11) -> 3 | L6: =+CHOOSE(MONTH(L3),12,1,2,3,4,5,6,7,8,9,10,11) -> 6 | M6: =+CHOOSE(MONTH(M3),12,1,2,3,4,5,6,7,8,9,10,11) -> 9 | ... AN6: =+CHOOSE(MONTH(AN3),12,1,2,3,4,5,6,7,8,9,10,11) -> 12
B8: RabbitWise
B9: Projection Model (actuals unaudited) - FYE January | C9: 1
F11: Actual | G11: Actual | H11: Actual | I11: Actual | J11: Actual | K11: Actual | L11: Actual | M11: Actual | N11: Actual | O11: Actual | P11: Actual | Q11: Actual | R11: Actual | S11: Actual | T11: Actual | U11: Actual | V11: Actual | W11: Forecast | X11: Forecast | Y11: Forecast | Z11: Forecast | AA11: Forecast | AB11: Forecast | AC11: Forecast | AD11: Forecast | AE11: Forecast | AF11: Forecast | AG11: Forecast | AH11: Forecast | AI11: Forecast | AJ11: Forecast | AK11: Forecast | AL11: Forecast | AM11: Forecast | AN11: Forecast
F12: =+"FY"&RIGHT(F$4,2)&"-Q"&F$5 -> FY20-Q1 | G12: =+"FY"&RIGHT(G$4,2)&"-Q"&G$5 -> FY20-Q2 | H12: =+"FY"&RIGHT(H$4,2)&"-Q"&H$5 -> FY20-Q3 | I12: =+"FY"&RIGHT(I$4,2)&"-Q"&I$5 -> FY20-Q4 | J12: =+"FY"&RIGHT(J$4,2) -> FY20 | K12: =+"FY"&RIGHT(K$4,2)&"-Q"&K$5 -> FY21-Q1 | L12: =+"FY"&RIGHT(L$4,2)&"-Q"&L$5 -> FY21-Q2 | M12: =+"FY"&RIGHT(M$4,2)&"-Q"&M$5 -> FY21-Q3 | N12: =+"FY"&RIGHT(N$4,2)&"-Q"&N$5 -> FY21-Q4 | O12: =+"FY"&RIGHT(O$4,2) -> FY21 | P12: =+"FY"&RIGHT(P$4,2)&"-Q"&P$5 -> FY22-Q1 | Q12: =+"FY"&RIGHT(Q$4,2)&"-Q"&Q$5 -> FY22-Q2 | R12: =+"FY"&RIGHT(R$4,2)&"-Q"&R$5 -> FY22-Q3 | S12: =+"FY"&RIGHT(S$4,2)&"-Q"&S$5 -> FY22-Q4 | T12: =+"FY"&RIGHT(T$4,2) -> FY22 | U12: =+"FY"&RIGHT(U$4,2)&"-Q"&U$5 -> FY23-Q1 | V12: =+"FY"&RIGHT(V$4,2)&"-Q"&V$5 -> FY23-Q2 | W12: =+"FY"&RIGHT(W$4,2)&"-Q"&W$5 -> FY23-Q3 | X12: =+"FY"&RIGHT(X$4,2)&"-Q"&X$5 -> FY23-Q4 | Y12: =+"FY"&RIGHT(Y$4,2) -> FY23 | Z12: =+"FY"&RIGHT(Z$4,2)&"-Q"&Z$5 -> FY24-Q1 | AA12: =+"FY"&RIGHT(AA$4,2)&"-Q"&AA$5 -> FY24-Q2 | AB12: =+"FY"&RIGHT(AB$4,2)&"-Q"&AB$5 -> FY24-Q3 | AC12: =+"FY"&RIGHT(AC$4,2)&"-Q"&AC$5 -> FY24-Q4 | AD12: =+"FY"&RIGHT(AD$4,2) -> FY24 | AE12: =+"FY"&RIGHT(AE$4,2)&"-Q"&AE$5 -> FY25-Q1 | AF12: =+"FY"&RIGHT(AF$4,2)&"-Q"&AF$5 -> FY25-Q2 | AG12: =+"FY"&RIGHT(AG$4,2)&"-Q"&AG$5 -> FY25-Q3 | AH12: =+"FY"&RIGHT(AH$4,2)&"-Q"&AH$5 -> FY25-Q4 | AI12: =+"FY"&RIGHT(AI$4,2) -> FY25 | AJ12: =+"FY"&RIGHT(AJ$4,2)&"-Q"&AJ$5 -> FY26-Q1 | AK12: =+"FY"&RIGHT(AK$4,2)&"-Q"&AK$5 -> FY26-Q2 | AL12: =+"FY"&RIGHT(AL$4,2)&"-Q"&AL$5 -> FY26-Q3 | AM12: =+"FY"&RIGHT(AM$4,2)&"-Q"&AM$5 -> FY26-Q4 | AN12: =+"FY"&RIGHT(AN$4,2) -> FY26
B14: Key Metrics
B16: ARR Build
B17: Starting Core ARR | F17: ='ARR by customer'!F12 -> 88512 | G17: =+F21 -> 90492 | H17: =+G21 -> 99732 | I17: =+H21 -> 114096 | J17: =+F17 -> 88512 | K17: =+J21 -> 255003.52 | L17: =+K21 -> 490245.52 | M17: =+L21 -> 1037272 | N17: =+M21 -> 1371129 | O17: =+K17 -> 255003.52 | P17: =+O21 -> 1823539 | Q17: =+P21 -> 2717789 | R17: =+Q21 -> 3215058 | S17: =+R21 -> 4558495 | T17: =+P17 -> 1823539 | U17: =T21 -> 6329297 | V17: =U21 -> 8311746 | W17: =+V21 -> 9733014.3 | X17: =+W21 -> 13250671 | Y17: =+U17 -> 6329297 | Z17: =+X21 -> 17018704 | AA17: =+Z21 -> 20384498 | AB17: =+AA21 -> 24415947 | AC17: =+AB21 -> 29244697 | AD17: =+Z17 -> 17018704 | AE17: =+AC21 -> 35028429 | AF17: =+AE21 -> 42623229 | AG17: =+AF21 -> 51864719 | AH17: =+AG21 -> 63109933 | AI17: =+AE17 -> 35028429 | AJ17: =+AH21 -> 76793314 | AK17: =+AJ21 -> 88948668 | AL17: =+AK21 -> 1.0302805e+08 | AM17: =+AL21 -> 1.1933602e+08 | AN17: =+AJ17 -> 76793314
B18: New | F18: =+SUMIFS('ARR by customer'!$E13:$AZ13,'ARR by customer'!$E$3:$AZ$3,">="&F$2,'ARR by customer'!$E$3:$AZ$3,"<="&F$3) -> 0 | G18: =+SUMIFS('ARR by customer'!$E13:$AZ13,'ARR by customer'!$E$3:$AZ$3,">="&G$2,'ARR by customer'!$E$3:$AZ$3,"<="&G$3) -> 8520 | H18: =+SUMIFS('ARR by customer'!$E13:$AZ13,'ARR by customer'!$E$3:$AZ$3,">="&H$2,'ARR by customer'!$E$3:$AZ$3,"<="&H$3) -> 13044 | I18: =+SUMIFS('ARR by customer'!$E13:$AZ13,'ARR by customer'!$E$3:$AZ$3,">="&I$2,'ARR by customer'!$E$3:$AZ$3,"<="&I$3) -> 112359.52 | J18: =+SUM(F18:I18) -> 133923.52 | K18: =+SUMIFS('ARR by customer'!$E13:$AZ13,'ARR by customer'!$E$3:$AZ$3,">="&K$2,'ARR by customer'!$E$3:$AZ$3,"<="&K$3) -> 243342 | L18: =+SUMIFS('ARR by customer'!$E13:$AZ13,'ARR by customer'!$E$3:$AZ$3,">="&L$2,'ARR by customer'!$E$3:$AZ$3,"<="&L$3) -> 543306 | M18: =+SUMIFS('ARR by customer'!$E13:$AZ13,'ARR by customer'!$E$3:$AZ$3,">="&M$2,'ARR by customer'!$E$3:$AZ$3,"<="&M$3) -> 305081 | N18: =+SUMIFS('ARR by customer'!$E13:$AZ13,'ARR by customer'!$E$3:$AZ$3,">="&N$2,'ARR by customer'!$E$3:$AZ$3,"<="&N$3) -> 414312 | O18: =+SUM(K18:N18) -> 1506041 | P18: =+SUMIFS('ARR by customer'!$E13:$AZ13,'ARR by customer'!$E$3:$AZ$3,">="&P$2,'ARR by customer'!$E$3:$AZ$3,"<="&P$3) -> 870112 | Q18: =+SUMIFS('ARR by customer'!$E13:$AZ13,'ARR by customer'!$E$3:$AZ$3,">="&Q$2,'ARR by customer'!$E$3:$AZ$3,"<="&Q$3) -> 973760 | R18: =+SUMIFS('ARR by customer'!$E13:$AZ13,'ARR by customer'!$E$3:$AZ$3,">="&R$2,'ARR by customer'!$E$3:$AZ$3,"<="&R$3) -> 1416690 | S18: =+SUMIFS('ARR by customer'!$E13:$AZ13,'ARR by customer'!$E$3:$AZ$3,">="&S$2,'ARR by customer'!$E$3:$AZ$3,"<="&S$3) -> 1638679 | T18: =+SUM(P18:S18) -> 4899241 | U18: =+SUMIFS('ARR by customer'!$E13:$AZ13,'ARR by customer'!$E$3:$AZ$3,">="&U$2,'ARR by customer'!$E$3:$AZ$3,"<="&U$3) -> 1685746 | V18: =+SUMIFS('ARR by customer'!$E13:$AZ13,'ARR by customer'!$E$3:$AZ$3,">="&V$2,'ARR by customer'!$E$3:$AZ$3,"<="&V$3) -> 1411543 | W18: 3263908 | X18: 3400138 | Y18: =+SUM(U18:X18) -> 9761335 | Z18: 2898706 | AA18: 3660228 | AB18: 4047352 | AC18: 4850633 | AD18: =+SUM(Z18:AC18) -> 15456919 | AE18: 6622843 | AF18: 8265553 | AG18: 9739505 | AH18: 11882722 | AI18: =+SUM(AE18:AH18) -> 36510623 | AJ18: 10044177 | AK18: 11717223 | AL18: 13115471 | AM18: 15036128 | AN18: =+SUM(AJ18:AM18) -> 49912999
B19: Expansion | F19: =+SUMIFS('ARR by customer'!$E14:$AZ14,'ARR by customer'!$E$3:$AZ$3,">="&F$2,'ARR by customer'!$E$3:$AZ$3,"<="&F$3) -> 1980 | G19: =+SUMIFS('ARR by customer'!$E14:$AZ14,'ARR by customer'!$E$3:$AZ$3,">="&G$2,'ARR by customer'!$E$3:$AZ$3,"<="&G$3) -> 840 | H19: =+SUMIFS('ARR by customer'!$E14:$AZ14,'ARR by customer'!$E$3:$AZ$3,">="&H$2,'ARR by customer'!$E$3:$AZ$3,"<="&H$3) -> 1620 | I19: =+SUMIFS('ARR by customer'!$E14:$AZ14,'ARR by customer'!$E$3:$AZ$3,">="&I$2,'ARR by customer'!$E$3:$AZ$3,"<="&I$3) -> 29100 | J19: =+SUM(F19:I19) -> 33540 | K19: =+SUMIFS('ARR by customer'!$E14:$AZ14,'ARR by customer'!$E$3:$AZ$3,">="&K$2,'ARR by customer'!$E$3:$AZ$3,"<="&K$3) -> 2160 | L19: =+SUMIFS('ARR by customer'!$E14:$AZ14,'ARR by customer'!$E$3:$AZ$3,">="&L$2,'ARR by customer'!$E$3:$AZ$3,"<="&L$3) -> 3720.48 | M19: =+SUMIFS('ARR by customer'!$E14:$AZ14,'ARR by customer'!$E$3:$AZ$3,">="&M$2,'ARR by customer'!$E$3:$AZ$3,"<="&M$3) -> 67707 | N19: =+SUMIFS('ARR by customer'!$E14:$AZ14,'ARR by customer'!$E$3:$AZ$3,">="&N$2,'ARR by customer'!$E$3:$AZ$3,"<="&N$3) -> 72127 | O19: =+SUM(K19:N19) -> 145714.48 | P19: =+SUMIFS('ARR by customer'!$E14:$AZ14,'ARR by customer'!$E$3:$AZ$3,">="&P$2,'ARR by customer'!$E$3:$AZ$3,"<="&P$3) -> 99719 | Q19: =+SUMIFS('ARR by customer'!$E14:$AZ14,'ARR by customer'!$E$3:$AZ$3,">="&Q$2,'ARR by customer'!$E$3:$AZ$3,"<="&Q$3) -> 55364 | R19: =+SUMIFS('ARR by customer'!$E14:$AZ14,'ARR by customer'!$E$3:$AZ$3,">="&R$2,'ARR by customer'!$E$3:$AZ$3,"<="&R$3) -> 46411 | S19: =+SUMIFS('ARR by customer'!$E14:$AZ14,'ARR by customer'!$E$3:$AZ$3,">="&S$2,'ARR by customer'!$E$3:$AZ$3,"<="&S$3) -> 290837 | T19: =+SUM(P19:S19) -> 492331 | U19: =+SUMIFS('ARR by customer'!$E14:$AZ14,'ARR by customer'!$E$3:$AZ$3,">="&U$2,'ARR by customer'!$E$3:$AZ$3,"<="&U$3) -> 525082 | V19: =+SUMIFS('ARR by customer'!$E14:$AZ14,'ARR by customer'!$E$3:$AZ$3,">="&V$2,'ARR by customer'!$E$3:$AZ$3,"<="&V$3) -> 463647 | W19: 744984 | X19: 813471 | Y19: =+SUM(U19:X19) -> 2547184 | Z19: 934176 | AA19: 742441 | AB19: 1562795 | AC19: 1866199 | AD19: =+SUM(Z19:AC19) -> 5105611 | AE19: 1943914 | AF19: 1951875 | AG19: 3011419 | AH19: 3601319 | AI19: =+SUM(AE19:AH19) -> 10508527 | AJ19: 4222354 | AK19: 4724323 | AL19: 6384984 | AM19: 7706334 | AN19: =+SUM(AJ19:AM19) -> 23037995
B20: Churn | F20: =+SUMIFS('ARR by customer'!$E15:$AZ15,'ARR by customer'!$E$3:$AZ$3,">="&F$2,'ARR by customer'!$E$3:$AZ$3,"<="&F$3) -> 0 | G20: =+SUMIFS('ARR by customer'!$E15:$AZ15,'ARR by customer'!$E$3:$AZ$3,">="&G$2,'ARR by customer'!$E$3:$AZ$3,"<="&G$3) -> -120 | H20: =+SUMIFS('ARR by customer'!$E15:$AZ15,'ARR by customer'!$E$3:$AZ$3,">="&H$2,'ARR by customer'!$E$3:$AZ$3,"<="&H$3) -> -300 | I20: =+SUMIFS('ARR by customer'!$E15:$AZ15,'ARR by customer'!$E$3:$AZ$3,">="&I$2,'ARR by customer'!$E$3:$AZ$3,"<="&I$3) -> -552 | J20: =+SUM(F20:I20) -> -972 | K20: =+SUMIFS('ARR by customer'!$E15:$AZ15,'ARR by customer'!$E$3:$AZ$3,">="&K$2,'ARR by customer'!$E$3:$AZ$3,"<="&K$3) -> -10260 | L20: =+SUMIFS('ARR by customer'!$E15:$AZ15,'ARR by customer'!$E$3:$AZ$3,">="&L$2,'ARR by customer'!$E$3:$AZ$3,"<="&L$3) -> 0 | M20: =+SUMIFS('ARR by customer'!$E15:$AZ15,'ARR by customer'!$E$3:$AZ$3,">="&M$2,'ARR by customer'!$E$3:$AZ$3,"<="&M$3) -> -38931 | N20: =+SUMIFS('ARR by customer'!$E15:$AZ15,'ARR by customer'!$E$3:$AZ$3,">="&N$2,'ARR by customer'!$E$3:$AZ$3,"<="&N$3) -> -34029 | O20: =+SUM(K20:N20) -> -83220 | P20: =+SUMIFS('ARR by customer'!$E15:$AZ15,'ARR by customer'!$E$3:$AZ$3,">="&P$2,'ARR by customer'!$E$3:$AZ$3,"<="&P$3) -> -75581 | Q20: =+SUMIFS('ARR by customer'!$E15:$AZ15,'ARR by customer'!$E$3:$AZ$3,">="&Q$2,'ARR by customer'!$E$3:$AZ$3,"<="&Q$3) -> -531855 | R20: =+SUMIFS('ARR by customer'!$E15:$AZ15,'ARR by customer'!$E$3:$AZ$3,">="&R$2,'ARR by customer'!$E$3:$AZ$3,"<="&R$3) -> -119664 | S20: =+SUMIFS('ARR by customer'!$E15:$AZ15,'ARR by customer'!$E$3:$AZ$3,">="&S$2,'ARR by customer'!$E$3:$AZ$3,"<="&S$3) -> -158714 | T20: =+SUM(P20:S20) -> -885814 | U20: =+SUMIFS('ARR by customer'!$E15:$AZ15,'ARR by customer'!$E$3:$AZ$3,">="&U$2,'ARR by customer'!$E$3:$AZ$3,"<="&U$3) -> -228379 | V20: =+SUMIFS('ARR by customer'!$E15:$AZ15,'ARR by customer'!$E$3:$AZ$3,">="&V$2,'ARR by customer'!$E$3:$AZ$3,"<="&V$3) -> -453921.7 | W20: -491235 | X20: -445576 | Y20: =+SUM(U20:X20) -> -1619111.7 | Z20: -467088 | AA20: -371220 | AB20: -781397 | AC20: -933100 | AD20: =+SUM(Z20:AC20) -> -2552805 | AE20: -971957 | AF20: -975938 | AG20: -1505710 | AH20: -1800660 | AI20: =+SUM(AE20:AH20) -> -5254265 | AJ20: -2111177 | AK20: -2362161 | AL20: -3192492 | AM20: -3853167 | AN20: =+SUM(AJ20:AM20) -> -11518997
B21: Ending Core ARR | F21: =+SUM(F17:F20) -> 90492 | G21: =+SUM(G17:G20) -> 99732 | H21: =+SUM(H17:H20) -> 114096 | I21: =+SUM(I17:I20) -> 255003.52 | J21: =+SUM(J17:J20) -> 255003.52 | K21: =+SUM(K17:K20) -> 490245.52 | L21: =+SUM(L17:L20) -> 1037272 | M21: =+SUM(M17:M20) -> 1371129 | ... AN21: =+SUM(AN17:AN20) -> 1.3822531e+08
B22: Total Ending ARR | F22: =+SUM(F21) -> 90492 | G22: =+SUM(G21) -> 99732 | H22: =+SUM(H21) -> 114096 | I22: =+SUM(I21) -> 255003.52 | J22: =+SUM(J21) -> 255003.52 | K22: =+SUM(K21) -> 490245.52 | L22: =+SUM(L21) -> 1037272 | M22: =+SUM(M21) -> 1371129 | ... AN22: =+SUM(AN21) -> 1.3822531e+08
B23: % Growth (y/y) | J23: =J22/F17-1 -> 1.8810051 | O23: =O22/J22-1 -> 6.1510346 | T23: =T22/O22-1 -> 2.4708866 | V23: =SUM(R22,S22,U22,V22)/SUM(M22,N22,P22,Q22)-1 -> 2.169817 | Y23: =Y22/T22-1 -> 1.6888775 | AD23: =AD22/Y22-1 -> 1.0582313 | AI23: =AI22/AD22-1 -> 1.192314 | AN23: =AN22/AI22-1 -> 0.79996543
B25: Logos
B26: Logos | F26: =+SUMIFS('ARR by customer'!$E25:$AZ25,'ARR by customer'!$E$3:$AZ$3,"="&F$3) -> 4 | G26: =+SUMIFS('ARR by customer'!$E25:$AZ25,'ARR by customer'!$E$3:$AZ$3,"="&G$3) -> 5 | H26: =+SUMIFS('ARR by customer'!$E25:$AZ25,'ARR by customer'!$E$3:$AZ$3,"="&H$3) -> 7 | I26: =+SUMIFS('ARR by customer'!$E25:$AZ25,'ARR by customer'!$E$3:$AZ$3,"="&I$3) -> 16 | J26: =+I26 -> 16 | K26: =+SUMIFS('ARR by customer'!$E25:$AZ25,'ARR by customer'!$E$3:$AZ$3,"="&K$3) -> 32 | L26: =+SUMIFS('ARR by customer'!$E25:$AZ25,'ARR by customer'!$E$3:$AZ$3,"="&L$3) -> 45 | M26: =+SUMIFS('ARR by customer'!$E25:$AZ25,'ARR by customer'!$E$3:$AZ$3,"="&M$3) -> 57 | N26: =+SUMIFS('ARR by customer'!$E25:$AZ25,'ARR by customer'!$E$3:$AZ$3,"="&N$3) -> 76 | O26: =+N26 -> 76 | P26: =+SUMIFS('ARR by customer'!$E25:$AZ25,'ARR by customer'!$E$3:$AZ$3,"="&P$3) -> 116 | Q26: =+SUMIFS('ARR by customer'!$E25:$AZ25,'ARR by customer'!$E$3:$AZ$3,"="&Q$3) -> 159 | R26: =+SUMIFS('ARR by customer'!$E25:$AZ25,'ARR by customer'!$E$3:$AZ$3,"="&R$3) -> 216 | S26: =+SUMIFS('ARR by customer'!$E25:$AZ25,'ARR by customer'!$E$3:$AZ$3,"="&S$3) -> 289 | T26: =+S26 -> 289 | U26: =+SUMIFS('ARR by customer'!$E25:$AZ25,'ARR by customer'!$E$3:$AZ$3,"="&U$3) -> 345 | V26: =+SUMIFS('ARR by customer'!$E25:$AZ25,'ARR by customer'!$E$3:$AZ$3,"="&V$3) -> 369 | W26: 439 | X26: 514 | Y26: =+X26 -> 514 | Z26: 576 | AA26: 660 | AB26: 744 | AC26: 846 | AD26: =+AC26 -> 846 | AE26: 992 | AF26: 1180 | AG26: 1394 | AH26: 1655 | AI26: =+AH26 -> 1655 | AJ26: 1864 | AK26: 2109 | AL26: 2372 | AM26: 2671 | AN26: =+AM26 -> 2671
B27: New Logos | F27: =+SUMIFS('ARR by customer'!$E23:$AZ23,'ARR by customer'!$E$3:$AZ$3,">="&F$2,'ARR by customer'!$E$3:$AZ$3,"<="&F$3) -> 0 | G27: =+SUMIFS('ARR by customer'!$E23:$AZ23,'ARR by customer'!$E$3:$AZ$3,">="&G$2,'ARR by customer'!$E$3:$AZ$3,"<="&G$3) -> 1 | H27: =+SUMIFS('ARR by customer'!$E23:$AZ23,'ARR by customer'!$E$3:$AZ$3,">="&H$2,'ARR by customer'!$E$3:$AZ$3,"<="&H$3) -> 2 | I27: =+SUMIFS('ARR by customer'!$E23:$AZ23,'ARR by customer'!$E$3:$AZ$3,">="&I$2,'ARR by customer'!$E$3:$AZ$3,"<="&I$3) -> 9 | J27: =+SUM(F27:I27) -> 12 | K27: =+SUMIFS('ARR by customer'!$E23:$AZ23,'ARR by customer'!$E$3:$AZ$3,">="&K$2,'ARR by customer'!$E$3:$AZ$3,"<="&K$3) -> 17 | L27: =+SUMIFS('ARR by customer'!$E23:$AZ23,'ARR by customer'!$E$3:$AZ$3,">="&L$2,'ARR by customer'!$E$3:$AZ$3,"<="&L$3) -> 13 | M27: =+SUMIFS('ARR by customer'!$E23:$AZ23,'ARR by customer'!$E$3:$AZ$3,">="&M$2,'ARR by customer'!$E$3:$AZ$3,"<="&M$3) -> 14 | N27: =+SUMIFS('ARR by customer'!$E23:$AZ23,'ARR by customer'!$E$3:$AZ$3,">="&N$2,'ARR by customer'!$E$3:$AZ$3,"<="&N$3) -> 22 | O27: =+SUM(K27:N27) -> 66 | P27: =+SUMIFS('ARR by customer'!$E23:$AZ23,'ARR by customer'!$E$3:$AZ$3,">="&P$2,'ARR by customer'!$E$3:$AZ$3,"<="&P$3) -> 42 | Q27: =+SUMIFS('ARR by customer'!$E23:$AZ23,'ARR by customer'!$E$3:$AZ$3,">="&Q$2,'ARR by customer'!$E$3:$AZ$3,"<="&Q$3) -> 50 | R27: =+SUMIFS('ARR by customer'!$E23:$AZ23,'ARR by customer'!$E$3:$AZ$3,">="&R$2,'ARR by customer'!$E$3:$AZ$3,"<="&R$3) -> 60 | S27: =+SUMIFS('ARR by customer'!$E23:$AZ23,'ARR by customer'!$E$3:$AZ$3,">="&S$2,'ARR by customer'!$E$3:$AZ$3,"<="&S$3) -> 82 | T27: =+SUM(P27:S27) -> 234 | U27: =+SUMIFS('ARR by customer'!$E23:$AZ23,'ARR by customer'!$E$3:$AZ$3,">="&U$2,'ARR by customer'!$E$3:$AZ$3,"<="&U$3) -> 69 | V27: =+SUMIFS('ARR by customer'!$E23:$AZ23,'ARR by customer'!$E$3:$AZ$3,">="&V$2,'ARR by customer'!$E$3:$AZ$3,"<="&V$3) -> 45 | W27: 89 | X27: 91 | Y27: =+SUM(U27:X27) -> 294 | Z27: 77 | AA27: 96 | AB27: 106 | AC27: 127 | AD27: =+SUM(Z27:AC27) -> 406 | AE27: 171 | AF27: 212 | AG27: 249 | AH27: 302 | AI27: =+SUM(AE27:AH27) -> 934 | AJ27: 255 | AK27: 296 | AL27: 329 | AM27: 376 | AN27: =+SUM(AJ27:AM27) -> 1256
B28: ACV | F28: =+F22/F26 -> 22623 | G28: =+G22/G26 -> 19946.4 | H28: =+H22/H26 -> 16299.429 | I28: =+I22/I26 -> 15937.72 | J28: =+J22/J26 -> 15937.72 | K28: =+K22/K26 -> 15320.173 | L28: =+L22/L26 -> 23050.489 | M28: =+M22/M26 -> 24054.895 | ... AN28: =+AN22/AN26 -> 51750.397
B30: SaaS Metrics
B31: GRR (LTM) | I31: =1+SUM(F20:I20)/F17 -> 0.98901844 | J31: =I31 -> 0.98901844 | K31: =1+SUM(G20:I20,K20)/G17 -> 0.87587853 | M31: =1+SUM(I20,K20:M20)/I17 -> 0.56402503 | N31: =1+SUM(K20:N20)/K17 -> 0.67365156 | O31: =+N31 -> 0.67365156 | P31: =1+SUM(L20:N20,P20)/L17 -> 0.69700692 | Q31: =1+SUM(M20:N20,P20:Q20)/M17 -> 0.34405248 | R31: =1+SUM(N20,P20:R20)/N17 -> 0.44488885 | S31: =1+SUM(P20:S20)/P17 -> 0.51423359 | T31: =+S31 -> 0.51423359 | U31: =1+SUM(Q20:S20,U20)/Q17 -> 0.61784671 | V31: =1+SUM(R20:S20,U20:V20)/R17 -> 0.70119398 | W31: =1+SUM(S20,U20:W20)/S17 -> 0.70774352 | X31: =1+SUM(U20:X20)/U17 -> 0.74418775 | Y31: =+X31 -> 0.74418775 | Z31: =1+SUM(V20:X20,Z20)/V17 -> 0.7764825 | AA31: =1+SUM(W20:X20,Z20:AA20)/W17 -> 0.81761878 | AB31: =1+SUM(X20,Z20:AB20)/X17 -> 0.84413763 | AC31: =1+SUM(Z20:AC20)/Z17 -> 0.85000004 | AD31: =+AC31 -> 0.85000004 | AE31: =1+SUM(AA20:AC20,AE20)/AA17 -> 0.85000004 | AF31: =1+SUM(AB20:AC20,AE20:AF20)/AB17 -> 0.85 | AG31: =1+SUM(AC20,AE20:AG20)/AC17 -> 0.84999999 | AH31: =1+SUM(AE20:AH20)/AE17 -> 0.84999998 | AI31: =+AH31 -> 0.84999998 | AJ31: =1+SUM(AF20:AH20,AJ20)/AF17 -> 0.84999999 | AK31: =1+SUM(AG20:AH20,AJ20:AK20)/AG17 -> 0.85 | AL31: =1+SUM(AH20,AJ20:AL20)/AH17 -> 0.85 | AM31: =1+SUM(AJ20:AM20)/AJ17 -> 0.85 | AN31: =+AM31 -> 0.85
B32: NRR (LTM) | I32: =1+SUM(F19:I20)/F17 -> 1.3679501 | J32: =I32 -> 1.3679501 | K32: =1+SUM(G19:I20,K19:K20)/G17 -> 1.2485082 | L32: =1+SUM(H19:I20,K19:L20)/H17 -> 1.2555697 | M32: =1+SUM(I19:I20,K19:M20)/I17 -> 1.4640345 | N32: =1+SUM(K19:N20)/K17 -> 1.245073 | O32: =+N32 -> 1.245073 | P32: =1+SUM(L19:N20,P19:P20)/L17 -> 1.1932348 | Q32: =1+SUM(M19:N20,P19:Q20)/M17 -> 0.62837231 | R32: =1+SUM(N19:N20,P19:R20)/N17 -> 0.64444775 | S32: =1+SUM(P19:S20)/P17 -> 0.78422013 | T32: =+S32 -> 0.78422013 | U32: =1+SUM(Q19:S20,U19:U20)/Q17 -> 0.95550869 | V32: =1+SUM(R19:S20,U19:V20)/R17 -> 1.1136211 | W32: =1+SUM(S19:S20,U19:W20)/S17 -> 1.1518704 | X32: =1+SUM(U19:X20)/U17 -> 1.1466312 | Y32: =+X32 -> 1.1466312 | Z32: =1+SUM(V19:X20,Z19:Z20)/V17 -> 1.1321572 | AA32: =1+SUM(W19:X20,Z19:AA20)/W17 -> 1.1500001 | AB32: =1+SUM(X19:X20,Z19:AB20)/X17 -> 1.1500001 | AC32: =1+SUM(Z19:AC20)/Z17 -> 1.15 | AD32: =+AC32 -> 1.15 | AE32: =1+SUM(AA19:AC20,AE19:AE20)/AA17 -> 1.15 | AF32: =1+SUM(AB19:AC20,AE19:AF20)/AB17 -> 1.15 | AG32: =1+SUM(AC19:AC20,AE19:AG20)/AC17 -> 1.1499999 | AH32: =1+SUM(AE19:AH20)/AE17 -> 1.1499999 | AI32: =+AH32 -> 1.1499999 | AJ32: =1+SUM(AF19:AH20,AJ19:AJ20)/AF17 -> 1.1499999 | AK32: =1+SUM(AG19:AH20,AJ19:AK20)/AG17 -> 1.15 | AL32: =1+SUM(AH19:AH20,AJ19:AL20)/AH17 -> 1.15 | AM32: =1+SUM(AJ19:AM20)/AJ17 -> 1.15 | AN32: =+AM32 -> 1.15
B33: GRR (quarterly) | F33: =+(F20+F17)/F17 -> 1 | G33: =+(G20+G17)/G17 -> 0.99867392 | H33: =+(H20+H17)/H17 -> 0.99699194 | I33: =+(I20+I17)/I17 -> 0.99516197 | K33: =+(K20+K17)/K17 -> 0.95976526 | L33: =+(L20+L17)/L17 -> 1 | M33: =+(M20+M17)/M17 -> 0.9624679 | N33: =+(N20+N17)/N17 -> 0.97518177 | P33: =+(P20+P17)/P17 -> 0.95855257 | Q33: =+(Q20+Q17)/Q17 -> 0.804306 | R33: =+(R20+R17)/R17 -> 0.96278014 | S33: =+(S20+S17)/S17 -> 0.96518281 | U33: =+(U20+U17)/U17 -> 0.96391716 | V33: =+(V20+V17)/V17 -> 0.94538792 | W33: =+(W20+W17)/W17 -> 0.949529 | X33: =+(X20+X17)/X17 -> 0.96637333 | Z33: =+(Z20+Z17)/Z17 -> 0.97255443 | AA33: =+(AA20+AA17)/AA17 -> 0.9817891 | AB33: =+(AB20+AB17)/AB17 -> 0.96799645 | AC33: =+(AC20+AC17)/AC17 -> 0.96809336 | AE33: =+(AE20+AE17)/AE17 -> 0.97225234 | AF33: =+(AF20+AF17)/AF17 -> 0.97710314 | AG33: =+(AG20+AG17)/AG17 -> 0.97096851 | AH33: =+(AH20+AH17)/AH17 -> 0.97146788 | AJ33: =+(AJ20+AJ17)/AJ17 -> 0.97250832 | AK33: =+(AK20+AK17)/AK17 -> 0.97344355 | AL33: =+(AL20+AL17)/AL17 -> 0.96901337 | AM33: =+(AM20+AM17)/AM17 -> 0.96771162
B34: NRR (quarterly) | F34: =SUM(F19:F20,F17)/F17 -> 1.0223698 | G34: =SUM(G19:G20,G17)/G17 -> 1.0079565 | H34: =SUM(H19:H20,H17)/H17 -> 1.0132355 | I34: =SUM(I19:I20,I17)/I17 -> 1.2502103 | K34: =SUM(K19:K20,K17)/K17 -> 0.96823573 | L34: =SUM(L19:L20,L17)/L17 -> 1.007589 | M34: =SUM(M19:M20,M17)/M17 -> 1.027742 | N34: =SUM(N19:N20,N17)/N17 -> 1.0277859 | P34: =SUM(P19:P20,P17)/P17 -> 1.0132369 | Q34: =SUM(Q19:Q20,Q17)/Q17 -> 0.82467697 | R34: =SUM(R19:R20,R17)/R17 -> 0.97721565 | S34: =SUM(S19:S20,S17)/S17 -> 1.0289839 | U34: =SUM(U19:U20,U17)/U17 -> 1.0468777 | V34: =SUM(V19:V20,V17)/V17 -> 1.0011701 | W34: =SUM(W19:W20,W17)/W17 -> 1.026071 | X34: =SUM(X19:X20,X17)/X17 -> 1.0277643 | Z34: =SUM(Z19:Z20,Z17)/Z17 -> 1.0274456 | AA34: =SUM(AA19:AA20,AA17)/AA17 -> 1.0182109 | AB34: =SUM(AB19:AB20,AB17)/AB17 -> 1.0320036 | AC34: =SUM(AC19:AC20,AC17)/AC17 -> 1.0319066 | AE34: =SUM(AE19:AE20,AE17)/AE17 -> 1.0277477 | AF34: =SUM(AF19:AF20,AF17)/AF17 -> 1.0228968 | AG34: =SUM(AG19:AG20,AG17)/AG17 -> 1.0290315 | AH34: =SUM(AH19:AH20,AH17)/AH17 -> 1.0285321 | AJ34: =SUM(AJ19:AJ20,AJ17)/AJ17 -> 1.0274917 | AK34: =SUM(AK19:AK20,AK17)/AK17 -> 1.0265565 | AL34: =SUM(AL19:AL20,AL17)/AL17 -> 1.0309866 | AM34: =SUM(AM19:AM20,AM17)/AM17 -> 1.0322884
B35: LTV | F35: =IFERROR((F28/12)*((1-((F33^((1/3))))^36)/(1-((F33^((1/3))))))*(F52-10%),"n.a.") -> n.a. | G35: =IFERROR((G28/12)*((1-((G33^((1/3))))^36)/(1-((G33^((1/3))))))*(G52-10%),"n.a.") -> 51436.04 | H35: =IFERROR((H28/12)*((1-((H33^((1/3))))^36)/(1-((H33^((1/3))))))*(H52-10%),"n.a.") -> 29057.55 | I35: =IFERROR((I28/12)*((1-((I33^((1/3))))^36)/(1-((I33^((1/3))))))*(I52-10%),"n.a.") -> 22736.412 | K35: =IFERROR((K28/12)*((1-((K33^((1/3))))^36)/(1-((K33^((1/3))))))*(K52-10%),"n.a.") -> 23885.294 | L35: =IFERROR((L28/12)*((1-((L33^((1/3))))^36)/(1-((L33^((1/3))))))*(L52-10%),"n.a.") -> n.a. | M35: =IFERROR((M28/12)*((1-((M33^((1/3))))^36)/(1-((M33^((1/3))))))*(M52-10%),"n.a.") -> 64559.839 | N35: =IFERROR((N28/12)*((1-((N33^((1/3))))^36)/(1-((N33^((1/3))))))*(N52-10%),"n.a.") -> 41731.125 | P35: =IFERROR((P28/12)*((1-((P33^((1/3))))^36)/(1-((P33^((1/3))))))*(P52-10%),"n.a.") -> 27548.151 | Q35: =IFERROR((Q28/12)*((1-((Q33^((1/3))))^36)/(1-((Q33^((1/3))))))*(Q52-10%),"n.a.") -> 10384.581 | R35: =IFERROR((R28/12)*((1-((R33^((1/3))))^36)/(1-((R33^((1/3))))))*(R52-10%),"n.a.") -> 17406.303 | S35: =IFERROR((S28/12)*((1-((S33^((1/3))))^36)/(1-((S33^((1/3))))))*(S52-10%),"n.a.") -> 18328.264 | U35: =IFERROR((U28/12)*((1-((U33^((1/3))))^36)/(1-((U33^((1/3))))))*(U52-10%),"n.a.") -> 22481.361 | V35: =IFERROR((V28/12)*((1-((V33^((1/3))))^36)/(1-((V33^((1/3))))))*(V52-10%),"n.a.") -> 21919.564 | W35: =IFERROR((W28/12)*((1-((W33^((1/3))))^36)/(1-((W33^((1/3))))))*(W52-10%),"n.a.") -> 33313.983 | X35: =IFERROR((X28/12)*((1-((X33^((1/3))))^36)/(1-((X33^((1/3))))))*(X52-10%),"n.a.") -> 45885.33 | Z35: =IFERROR((Z28/12)*((1-((Z33^((1/3))))^36)/(1-((Z33^((1/3))))))*(Z52-10%),"n.a.") -> 51161.641 | AA35: =IFERROR((AA28/12)*((1-((AA33^((1/3))))^36)/(1-((AA33^((1/3))))))*(AA52-10%),"n.a.") -> 62200.053 | AB35: =IFERROR((AB28/12)*((1-((AB33^((1/3))))^36)/(1-((AB33^((1/3))))))*(AB52-10%),"n.a.") -> 64414.14 | AC35: =IFERROR((AC28/12)*((1-((AC33^((1/3))))^36)/(1-((AC33^((1/3))))))*(AC52-10%),"n.a.") -> 70793.548 | AE35: =IFERROR((AE28/12)*((1-((AE33^((1/3))))^36)/(1-((AE33^((1/3))))))*(AE52-10%),"n.a.") -> 74982.053 | AF35: =IFERROR((AF28/12)*((1-((AF33^((1/3))))^36)/(1-((AF33^((1/3))))))*(AF52-10%),"n.a.") -> 82030.123 | AG35: =IFERROR((AG28/12)*((1-((AG33^((1/3))))^36)/(1-((AG33^((1/3))))))*(AG52-10%),"n.a.") -> 82469.676 | AH35: =IFERROR((AH28/12)*((1-((AH33^((1/3))))^36)/(1-((AH33^((1/3))))))*(AH52-10%),"n.a.") -> 84642.665 | AJ35: =IFERROR((AJ28/12)*((1-((AJ33^((1/3))))^36)/(1-((AJ33^((1/3))))))*(AJ52-10%),"n.a.") -> 89304.92 | AK35: =IFERROR((AK28/12)*((1-((AK33^((1/3))))^36)/(1-((AK33^((1/3))))))*(AK52-10%),"n.a.") -> 93738.984 | AL35: =IFERROR((AL28/12)*((1-((AL33^((1/3))))^36)/(1-((AL33^((1/3))))))*(AL52-10%),"n.a.") -> 94464.981 | AM35: =IFERROR((AM28/12)*((1-((AM33^((1/3))))^36)/(1-((AM33^((1/3))))))*(AM52-10%),"n.a.") -> 96402.463
B36: CAC | G36: =-F55/G27 -> 695 | H36: =-G55/H27 -> 0 | I36: =-H55/I27 -> 2459.2522 | K36: =-I55/K27 -> 6974.5253 | L36: =-K55/L27 -> 15905.229 | M36: =-L55/M27 -> 22211.35 | N36: =-M55/N27 -> 21154.58 | P36: =-N55/P27 -> 14028.827 | Q36: =-P55/Q27 -> 16567.75 | R36: =-Q55/R27 -> 21032.479 | S36: =-R55/S27 -> 21702.28 | U36: =-S55/U27 -> 36293.594 | V36: =-U55/V27 -> 60873.718 | W36: =-V55/W27 -> 40630.034 | X36: =-W55/X27 -> 39410.67 | Z36: =-X55/Z27 -> 47317.091 | AA36: =-Z55/AA27 -> 46326.5 | AB36: =-AA55/AB27 -> 41308.981 | AC36: =-AB55/AC27 -> 35092.693 | AE36: =-AC55/AE27 -> 27594.17 | AF36: =-AE55/AF27 -> 26644.311 | AG36: =-AF55/AG27 -> 24906.827 | AH36: =-AG55/AH27 -> 24089.44 | AJ36: =-AH55/AJ27 -> 33112.592 | AK36: =-AJ55/AK27 -> 34379.368 | AL36: =-AK55/AL27 -> 35418.249 | AM36: =-AL55/AM27 -> 35524.301
B37: LTV/CAC | G37: =+IFERROR(G35/G36,"n.a.") -> 74.00869 | H37: =+IFERROR(H35/H36,"n.a.") -> n.a. | I37: =+IFERROR(I35/I36,"n.a.") -> 9.2452541 | K37: =+IFERROR(K35/K36,"n.a.") -> 3.4246479 | L37: =+IFERROR(L35/L36,"n.a.") -> n.a. | M37: =+IFERROR(M35/M36,"n.a.") -> 2.9066148 | N37: =+IFERROR(N35/N36,"n.a.") -> 1.9726756 | P37: =+IFERROR(P35/P36,"n.a.") -> 1.9636818 | Q37: =+IFERROR(Q35/Q36,"n.a.") -> 0.62679491 | R37: =+IFERROR(R35/R36,"n.a.") -> 0.82759159 | S37: =+IFERROR(S35/S36,"n.a.") -> 0.84453175 | U37: =+IFERROR(U35/U36,"n.a.") -> 0.61943056 | V37: =+IFERROR(V35/V36,"n.a.") -> 0.36008256 | W37: =+IFERROR(W35/W36,"n.a.") -> 0.8199349 | X37: =+IFERROR(X35/X36,"n.a.") -> 1.164287 | Z37: =+IFERROR(Z35/Z36,"n.a.") -> 1.0812508 | AA37: =+IFERROR(AA35/AA36,"n.a.") -> 1.3426452 | AB37: =+IFERROR(AB35/AB36,"n.a.") -> 1.5593253 | AC37: =+IFERROR(AC35/AC36,"n.a.") -> 2.0173302 | AE37: =+IFERROR(AE35/AE36,"n.a.") -> 2.7173151 | AF37: =+IFERROR(AF35/AF36,"n.a.") -> 3.0787106 | AG37: =+IFERROR(AG35/AG36,"n.a.") -> 3.3111273 | AH37: =+IFERROR(AH35/AH36,"n.a.") -> 3.5136833 | AJ37: =+IFERROR(AJ35/AJ36,"n.a.") -> 2.6970078 | AK37: =+IFERROR(AK35/AK36,"n.a.") -> 2.7266058 | AL37: =+IFERROR(AL35/AL36,"n.a.") -> 2.6671273 | AM37: =+IFERROR(AM35/AM36,"n.a.") -> 2.7137047
B38: CAC Payback (in Months) | G38: =+G36/((G28*(G52-10%)))*12 -> 0.48268373 | H38: =+H36/((H28*(H52-10%)))*12 -> 0 | I38: =+I36/((I28*(I52-10%)))*12 -> 3.7858077 | K38: =+K36/((K28*(K52-10%)))*12 -> 8.3566362 | L38: =+L36/((L28*(L52-10%)))*12 -> 11.300644 | M38: =+M36/((M28*(M52-10%)))*12 -> 9.9955151 | N38: =+N36/((N28*(N52-10%)))*12 -> 15.820587 | P38: =+P36/((P28*(P52-10%)))*12 -> 14.475938 | Q38: =+Q36/((Q28*(Q52-10%)))*12 -> 21.115314 | R38: =+R36/((R28*(R52-10%)))*12 -> 35.166911 | S38: =+S36/((S28*(S52-10%)))*12 -> 34.928025 | U38: =+U36/((U28*(U52-10%)))*12 -> 47.284525 | V38: =+V36/((V28*(V52-10%)))*12 -> 73.418738 | W38: =+W36/((W28*(W52-10%)))*12 -> 32.98241 | X38: =+X36/((X28*(X52-10%)))*12 -> 25.505274 | Z38: =+Z36/((Z28*(Z52-10%)))*12 -> 28.437314 | AA38: =+AA36/((AA28*(AA52-10%)))*12 -> 24.135701 | AB38: =+AB36/((AB28*(AB52-10%)))*12 -> 19.218257 | AC38: =+AC36/((AC28*(AC52-10%)))*12 -> 14.863137 | AE38: =+AE36/((AE28*(AE52-10%)))*12 -> 11.29622 | AF38: =+AF36/((AF28*(AF52-10%)))*12 -> 10.248228 | AG38: =+AG36/((AG28*(AG52-10%)))*12 -> 9.203385 | AH38: =+AH36/((AH28*(AH52-10%)))*12 -> 8.6973192 | AJ38: =+AJ36/((AJ28*(AJ52-10%)))*12 -> 11.397761 | AK38: =+AK36/((AK28*(AK52-10%)))*12 -> 11.333854 | AL38: =+AL36/((AL28*(AL52-10%)))*12 -> 11.300365 | AM38: =+AM36/((AM28*(AM52-10%)))*12 -> 11.025354
B39: Magic Number | G39: =+IFERROR((G21-F21)/-F55,"n.a.") -> 13.294964 | H39: =+IFERROR((H21-G21)/-G55,"n.a.") -> n.a. | I39: =+IFERROR((I21-H21)/-H55,"n.a.") -> 6.3663218 | K39: =+IFERROR((K21-J21)/-I55,"n.a.") -> 1.9840439 | L39: =+IFERROR((L21-K21)/-K55,"n.a.") -> 2.6456054 | M39: =+IFERROR((M21-L21)/-L55,"n.a.") -> 1.0736371 | N39: =+IFERROR((N21-M21)/-M55,"n.a.") -> 0.97208692 | P39: =+IFERROR((P21-O21)/-N55,"n.a.") -> 1.5177083 | Q39: =+IFERROR((Q21-P21)/-P55,"n.a.") -> 0.6002855 | R39: =+IFERROR((R21-Q21)/-Q55,"n.a.") -> 1.0645734 | S39: =+IFERROR((S21-R21)/-R55,"n.a.") -> 0.99506348 | U39: =+IFERROR((U21-T21)/-S55,"n.a.") -> 0.7916313 | V39: =+IFERROR((V21-U21)/-U55,"n.a.") -> 0.51884033 | W39: =+IFERROR((W21-V21)/-V55,"n.a.") -> 0.97278374 | X39: =+IFERROR((X21-W21)/-W55,"n.a.") -> 1.0506534 | Z39: =+IFERROR((Z21-Y21)/-X55,"n.a.") -> 0.92380173 | AA39: =+IFERROR((AA21-Z21)/-Z55,"n.a.") -> 0.90648463 | AB39: =+IFERROR((AB21-AA21)/-AA55,"n.a.") -> 1.1027686 | AC39: =+IFERROR((AC21-AB21)/-AB55,"n.a.") -> 1.2977402 | AE39: =+IFERROR((AE21-AD21)/-AC55,"n.a.") -> 1.6095442 | AF39: =+IFERROR((AF21-AE21)/-AE55,"n.a.") -> 1.6360691 | AG39: =+IFERROR((AG21-AF21)/-AF55,"n.a.") -> 1.8132178 | AH39: =+IFERROR((AH21-AG21)/-AG55,"n.a.") -> 1.8808743 | AJ39: =+IFERROR((AJ21-AI21)/-AH55,"n.a.") -> 1.4395749 | AK39: =+IFERROR((AK21-AJ21)/-AJ55,"n.a.") -> 1.3835475 | AL39: =+IFERROR((AL21-AK21)/-AK55,"n.a.") -> 1.3995123 | AM39: =+IFERROR((AM21-AL21)/-AL55,"n.a.") -> 1.4141724
B42: Income Statement ($)
B43: Revenue
B44: Subscription revenue | F44: 29018 | G44: 24338 | H44: 26058 | I44: 47170.97 | J44: 126584.97 | K44: 74830.4 | L44: 137309.09 | M44: 257996.54 | N44: 383054.98 | O44: 853191.01 | P44: 543201.32 | Q44: 832494.14 | R44: 1015030.6 | S44: 1409148 | T44: 3799874 | U44: 1779760.7 | V44: 2122990 | W44: 2720879 | X44: 3541160 | Y44: =SUM(U44:X44) -> 10164790 | Z44: 4503453 | AA44: 5515953 | AB44: 6528453 | AC44: 7540953 | AD44: 24088812 | AE44: 8995794 | AF44: 10946245 | AG44: 13319591 | AH44: 16207520 | AI44: 49469150 | AJ44: 19072042 | AK44: 22090891 | AL44: 25587583 | AM44: 29637756 | AN44: 96388272
B45: Other revenue | F45: 0 | G45: 0 | H45: 0 | I45: 0 | J45: 0 | K45: 0 | L45: 0 | M45: 94947.77 | N45: 5000 | O45: 99947.77 | P45: 9500 | Q45: 16078.02 | R45: 24425.89 | S45: 31058.76 | T45: 81062.67 | U45: 120358.86 | V45: 88606 | W45: 61720 | X45: 52908 | Y45: =SUM(U45:X45) -> 323592.86 | Z45: 58375 | AA45: 69908 | AB45: 35410 | AC45: 27622 | AD45: 191315 | AE45: 75076 | AF45: 115386 | AG45: 142343 | AH45: 172546 | AI45: 505352 | AJ45: 168460 | AK45: 176717 | AL45: 195361 | AM45: 221158 | AN45: 761696
B46: Total revenue | F46: =+SUM(F44:F45) -> 29018 | G46: =+SUM(G44:G45) -> 24338 | H46: =+SUM(H44:H45) -> 26058 | I46: =+SUM(I44:I45) -> 47170.97 | J46: =+SUM(J44:J45) -> 126584.97 | K46: =+SUM(K44:K45) -> 74830.4 | L46: =+SUM(L44:L45) -> 137309.09 | M46: =+SUM(M44:M45) -> 352944.31 | ... AN46: =+SUM(AN44:AN45) -> 97149968
B47: Cost of sales
B48: Infrastructure | F48: -783.07 | G48: -821.62 | H48: -1539.07 | I48: -2155.42 | J48: -5299.18 | K48: -1419.8 | L48: -2460.71 | M48: -10195.61 | N48: -3408.55 | O48: -17484.67 | P48: -5471.17 | Q48: -14999.8 | R48: -22027.07 | S48: -25380.02 | T48: -67878.06 | U48: -45317.97 | V48: -68004 | W48: -84221 | X48: -95982 | Y48: =SUM(U48:X48) -> -293524.97 | Z48: -122002 | AA48: -149420 | AB48: -176516 | AC48: -203799 | AD48: -651737 | AE48: -243412 | AF48: -296356 | AG48: -360625 | AH48: -438811 | AI48: -1339205 | AJ48: -516124 | AK48: -597691 | AL48: -692232 | AM48: -801768 | AN48: -2607815
B49: Customer experience | F49: 0 | G49: 0 | H49: -6154.63 | I49: -17227.03 | J49: -23381.66 | K49: -17008.42 | L49: -20508.4 | M49: -30952.07 | N49: -90174.2 | O49: -158643.09 | P49: -223285.76 | Q49: -362675.68 | R49: -570743.76 | S49: -794165.7 | T49: -1950870.9 | U49: -996399.96 | V49: -1130480 | W49: -1093745 | X49: -1160858 | Y49: =SUM(U49:X49) -> -4381483 | Z49: -1448632 | AA49: -1450518 | AB49: -1450518 | AC49: -1450518 | AD49: -5800185 | AE49: -1790679 | AF49: -1900810 | AG49: -2214849 | AH49: -2710998 | AI49: -8617335 | AJ49: -2883728 | AK49: -3000600 | AL49: -3403129 | AM49: -3949890 | AN49: -13237347
B50: Total cost of sales | F50: =+SUM(F48:F49) -> -783.07 | G50: =+SUM(G48:G49) -> -821.62 | H50: =+SUM(H48:H49) -> -7693.7 | I50: =+SUM(I48:I49) -> -19382.45 | J50: =+SUM(J48:J49) -> -28680.84 | K50: =+SUM(K48:K49) -> -18428.22 | L50: =+SUM(L48:L49) -> -22969.11 | M50: =+SUM(M48:M49) -> -41147.68 | ... AN50: =+SUM(AN48:AN49) -> -15845162
B51: Gross profit | F51: =+F46+F50 -> 28234.93 | G51: =+G46+G50 -> 23516.38 | H51: =+H46+H50 -> 18364.3 | I51: =+I46+I50 -> 27788.52 | J51: =+J46+J50 -> 97904.13 | K51: =+K46+K50 -> 56402.18 | L51: =+L46+L50 -> 114339.98 | M51: =+M46+M50 -> 311796.63 | ... AN51: =+AN46+AN50 -> 81304806
B52: Gross margin % | F52: =+F51/F44 -> 0.97301434 | G52: =+G51/G46 -> 0.96624127 | H52: =+H51/H44 -> 0.7047471 | I52: =+I51/I44 -> 0.58910215 | J52: =+J51/J44 -> 0.77342618 | K52: =+K51/K44 -> 0.75373351 | L52: =+L51/L44 -> 0.83271967 | M52: =+M51/M44 -> 1.2085303 | N52: =+N51/N44 -> 0.76874664 | O52: =+O51/O44 -> 0.91071168 | ... AN52: =+AN51/AN44 -> 0.84351347
B53: Operating expenses
B54: R&D | F54: 0 | G54: -11100 | H54: -38804.93 | I54: -100718.14 | J54: -150623.07 | K54: -131704.74 | L54: -224656.73 | M54: -298697.09 | N54: -511006.49 | O54: -1166065.1 | P54: -642782.03 | Q54: -1036000 | R54: -1576745.1 | S54: -2300018.8 | T54: -5555545.9 | U54: -2726401.5 | V54: -3800192 | W54: -3824157 | X54: -4081317 | Y54: =SUM(U54:X54) -> -14432068 | Z54: -4134348 | AA54: -4140439 | AB54: -4140439 | AC54: -4340439 | AD54: -16755666 | AE54: -4943175 | AF54: -5613740 | AG54: -6346306 | AH54: -7107271 | AI54: -24010491 | AJ54: -7980484 | AK54: -8820209 | AL54: -9759381 | AM54: -10509529 | AN54: -37069602
B55: S&M | F55: -695 | G55: 0 | H55: -22133.27 | I55: -118566.93 | J55: -141395.2 | K55: -206767.98 | L55: -310958.9 | M55: -465400.77 | N55: -589210.72 | O55: -1572338.4 | P55: -828387.49 | Q55: -1261948.7 | R55: -1779587 | S55: -2504258 | T55: -6374181.2 | U55: -2739317.3 | V55: -3616073 | W55: -3586371 | X55: -3643416 | Y55: =SUM(U55:X55) -> -13585177 | Z55: -4447344 | AA55: -4378752 | AB55: -4456772 | AC55: -4718603 | AD55: -18001471 | AE55: -5648594 | AF55: -6201800 | AG55: -7275011 | AH55: -8443711 | AI55: -27569115 | AJ55: -10176293 | AK55: -11652604 | AL55: -13357137 | AM55: -15310195 | AN55: -50496228
B56: G&A | F56: -3493.09 | G56: -5024.69 | H56: -51806.53 | I56: -146322.91 | J56: -206647.22 | K56: -221085.05 | L56: -316318.5 | M56: -359837.58 | N56: -607989.79 | O56: -1505230.9 | P56: -869575.23 | Q56: -1214527.3 | R56: -1566089.9 | S56: -1790161.5 | T56: -5440353.9 | U56: -2201704.4 | V56: -3081016 | W56: -2817598 | X56: -2447375 | Y56: =SUM(U56:X56) -> -10547693 | Z56: -2523219 | AA56: -2656363 | AB56: -2644825 | AC56: -2857329 | AD56: -10681736 | AE56: -3604199 | AF56: -4287534 | AG56: -4802345 | AH56: -5292392 | AI56: -17986470 | AJ56: -6158042 | AK56: -6896546 | AL56: -7429097 | AM56: -7992897 | AN56: -28476581
B57: Total operating expenses | F57: =+F54+F55+F56 -> -4188.09 | G57: =+G54+G55+G56 -> -16124.69 | H57: =+H54+H55+H56 -> -112744.73 | I57: =+I54+I55+I56 -> -365607.98 | J57: =+J54+J55+J56 -> -498665.49 | K57: =+K54+K55+K56 -> -559557.77 | L57: =+L54+L55+L56 -> -851934.13 | M57: =+M54+M55+M56 -> -1123935.4 | ... AN57: =+AN54+AN55+AN56 -> -116042411
B58: Operating profit | F58: =+F51+F57 -> 24046.84 | G58: =+G51+G57 -> 7391.69 | H58: =+H51+H57 -> -94380.43 | I58: =+I51+I57 -> -337819.46 | J58: =+J51+J57 -> -400761.36 | K58: =+K51+K57 -> -503155.59 | L58: =+L51+L57 -> -737594.15 | M58: =+M51+M57 -> -812138.81 | ... AN58: =+AN51+AN57 -> -34737605
B59: Other income/(expense) | F59: 47.25 | G59: 200 | H59: 332.46 | I59: 505.31 | J59: 1085.02 | K59: 502.08 | L59: 1802.2 | M59: 1480.12 | N59: 897.07 | O59: 4681.47 | P59: 427.01 | Q59: 566.28 | R59: 1079.08 | S59: 951.4 | T59: 3023.77 | U59: 3832.65 | V59: 6882 | W59: 14533 | X59: 18771 | Y59: =SUM(U59:X59) -> 44018.65 | Z59: 23825 | AA59: 29173 | AB59: 34281 | AC59: 39529 | AD59: 126808 | AE59: 47375 | AF59: 57772 | AG59: 70308 | AH59: 85549 | AI59: 261003 | AJ59: 100488 | AK59: 116298 | AL59: 134657 | AM59: 155945 | AN59: 507387
B60: Net income | F60: =+F58+F59 -> 24094.09 | G60: =+G58+G59 -> 7591.69 | H60: =+H58+H59 -> -94047.97 | I60: =+I58+I59 -> -337314.15 | J60: =+J58+J59 -> -399676.34 | K60: =+K58+K59 -> -502653.51 | L60: =+L58+L59 -> -735791.95 | M60: =+M58+M59 -> -810658.69 | ... AN60: =+AN58+AN59 -> -34230218
B63: Balance Sheet ($)
B64: ASSETS
B65: Current assets
B66: Cash & equivalents | F66: =+F105 -> 117759.84 | G66: =+G105 -> 95321.58 | H66: =+H105 -> 4969844 | I66: =+I105 -> 4531674.4 | J66: =+J105 -> 4531674.4 | K66: =+K105 -> 4135273.4 | L66: =+L105 -> 17252919 | M66: =+M105 -> 17035896 | ... AN66: =+AN105 -> -1230869.6
B67: Accounts receivable | F67: 0 | G67: 767.56 | H67: 0 | I67: 46289.54 | J67: 46289.54 | K67: 208149.31 | L67: 132272.94 | M67: 131716.91 | N67: 562359.22 | O67: 562359.22 | P67: 655680.69 | Q67: 807540.37 | R67: 980984.25 | S67: 1507125.2 | T67: 1507125.2 | U67: 1741098.3 | V67: 1552409 | W67: 1511165 | X67: 1910504 | Y67: =X67 -> 1910504 | Z67: 2419312 | AA67: 2914608 | AB67: 3400780 | AC67: 3898947 | AD67: 3898947 | AE67: 4774472 | AF67: 5816777 | AG67: 7077633 | AH67: 8611908 | AI67: 8611908 | AJ67: 9951693 | AK67: 11522095 | AL67: 13341732 | AM67: 15451320 | AN67: 15451320
B68: Other current assets | F68: 0 | G68: 0 | H68: 6666.67 | I68: 20254.68 | J68: 20254.68 | K68: 26235.64 | L68: 39484.03 | M68: 102007.51 | N68: 162813.03 | O68: 162813.03 | P68: 272767.79 | Q68: 306137.43 | R68: 457051.12 | S68: 646625.31 | T68: 646625.31 | U68: 501961.78 | V68: 524764.6 | W68: 626155 | X68: 617481 | Y68: =X68 -> 617481 | Z68: 673538 | AA68: 680948 | AB68: 681930 | AC68: 766460 | AD68: 766460 | AE68: 904010 | AF68: 1024374 | AG68: 1180328 | AH68: 1335773 | AI68: 1335773 | AJ68: 1551249 | AK68: 1738963 | AL68: 1945038 | AM68: 2148394 | AN68: 2148394
B69: Total current assets | F69: =+SUM(F66:F68) -> 117759.84 | G69: =+SUM(G66:G68) -> 96089.14 | H69: =+SUM(H66:H68) -> 4976510.7 | I69: =+SUM(I66:I68) -> 4598218.6 | J69: =+SUM(J66:J68) -> 4598218.6 | K69: =+SUM(K66:K68) -> 4369658.3 | L69: =+SUM(L66:L68) -> 17424676 | M69: =+SUM(M66:M68) -> 17269621 | ... AN69: =+SUM(AN66:AN68) -> 16368844
B70: Net PP&E | F70: 0 | G70: 3853.1 | H70: 3657.17 | I70: 18055.81 | J70: 18055.81 | K70: 19973.16 | L70: 34657.24 | M70: 43518.55 | N70: 61652.18 | O70: 61652.18 | P70: 67687.57 | Q70: 103809.97 | R70: 272852.83 | S70: 351424.36 | T70: 351424.36 | U70: 462933.66 | V70: 502675.6 | W70: 494604 | X70: 494200 | Y70: =X70 -> 494200 | Z70: 502517 | AA70: 519549 | AB70: 544287 | AC70: 576449 | AD70: 576449 | AE70: 620324 | AF70: 679819 | AG70: 757856 | AH70: 858205 | AI70: 858205 | AJ70: 978771 | AK70: 1119730 | AL70: 1284255 | AM70: 1475974 | AN70: 1475974
B71: Other assets | F71: 0 | G71: 0 | H71: 4500 | I71: 19980 | J71: 19980 | K71: 19980 | L71: 19980 | M71: 0 | N71: 0 | O71: 0 | P71: 55425.5 | Q71: 113024 | R71: 126945.73 | S71: 210676.05 | T71: 210676.05 | U71: 820910.25 | V71: 604325 | W71: 604325 | X71: 604325 | Y71: =X71 -> 604325 | Z71: 604325 | AA71: 604325 | AB71: 604325 | AC71: 604325 | AD71: 604325 | AE71: 604325 | AF71: 604325 | AG71: 604325 | AH71: 604325 | AI71: 604325 | AJ71: 604325 | AK71: 604325 | AL71: 604325 | AM71: 604325 | AN71: 604325
B72: TOTAL ASSETS | F72: =+F69+SUM(F70:F71) -> 117759.84 | G72: =+G69+SUM(G70:G71) -> 99942.24 | H72: =+H69+SUM(H70:H71) -> 4984667.8 | I72: =+I69+SUM(I70:I71) -> 4636254.5 | J72: =+J69+SUM(J70:J71) -> 4636254.5 | K72: =+K69+SUM(K70:K71) -> 4409611.5 | L72: =+L69+SUM(L70:L71) -> 17479313 | M72: =+M69+SUM(M70:M71) -> 17313139 | ... AN72: =+AN69+SUM(AN70:AN71) -> 18449143
B74: LIABILITIES & EQUITY
B75: Liabilities
B76: Accounts payable | F76: 3714.76 | G76: 5574.4 | H76: 19510.43 | I76: 22966.49 | J76: 22966.49 | K76: 13982.59 | L76: 28813.34 | M76: 38676.07 | N76: -11956.41 | O76: -11956.41 | P76: 4508.86 | Q76: 12032.49 | R76: 115463.8 | S76: 435598.69 | T76: 435598.69 | U76: 316278.29 | V76: 842819.5 | W76: 523212 | X76: 554321 | Y76: =X76 -> 554321 | Z76: 778146 | AA76: 792529 | AB76: 806848 | AC76: 821251 | AD76: 821251 | AE76: 1019348 | AF76: 1120345 | AG76: 1352323 | AH76: 1674830 | AI76: 1674830 | AJ76: 1868348 | AK76: 2030519 | AL76: 2168579 | AM76: 2626459 | AN76: 2626459
B77: Deferred revenue | F77: 62763 | G77: 40440 | H77: 25147 | I77: 103556.22 | J77: 103556.22 | K77: 350987.17 | L77: 354506.12 | M77: 761817.5 | N77: 1046151.8 | O77: 1046151.8 | P77: 1623899.1 | Q77: 2025497.8 | R77: 2474197.9 | S77: 3528928.2 | T77: 3528928.2 | U77: 4664649.6 | V77: 5051964 | W77: 6931566 | X77: 8843086 | Y77: =X77 -> 8843086 | Z77: 11255347 | AA77: 13637145 | AB77: 16035600 | AC77: 18427416 | AD77: 18427416 | AE77: 22475264 | AF77: 27391277 | AG77: 33373447 | AH77: 40652646 | AI77: 40652646 | AJ77: 47118934 | AK77: 54608790 | AL77: 63284163 | AM77: 73332746 | AN77: 73332746
B78: Other liabilities | F78: 27498.21 | G78: 22552.28 | H78: 111591.51 | I78: 18626.99 | J78: 18626.99 | K78: 56190.47 | L78: 92091.24 | M78: 166466.34 | N78: 198558.08 | O78: 198558.08 | P78: 229686.47 | Q78: 265477 | R78: 165895.14 | S78: 248080.46 | T78: 248080.46 | U78: 267900.29 | V78: 737545 | W78: 845010 | X78: 1070795 | Y78: =X78 -> 1070795 | Z78: 1159100 | AA78: 1159100 | AB78: 1159100 | AC78: 1159100 | AD78: 1159100 | AE78: 1184608 | AF78: 1197362 | AG78: 1222870 | AH78: 1235624 | AI78: 1235624 | AJ78: 1261132 | AK78: 1273886 | AL78: 1299394 | AM78: 1312148 | AN78: 1312148
B79: Total liabilities | F79: =+SUM(F76:F78) -> 93975.97 | G79: =+SUM(G76:G78) -> 68566.68 | H79: =+SUM(H76:H78) -> 156248.94 | I79: =+SUM(I76:I78) -> 145149.7 | J79: =+SUM(J76:J78) -> 145149.7 | K79: =+SUM(K76:K78) -> 421160.23 | L79: =+SUM(L76:L78) -> 475410.7 | M79: =+SUM(M76:M78) -> 966959.91 | ... AN79: =+SUM(AN76:AN78) -> 77271353
B80: Equity
B81: Preference capital | F81: 0 | G81: 0 | H81: 4891091.3 | I81: 4891091.3 | J81: 4891091.3 | K81: 4891091.3 | L81: 18642335 | M81: 18795270 | N81: 18795270 | O81: 18795270 | P81: 18776306 | Q81: 53698355 | R81: 53696256 | S81: 53696256 | T81: 53696256 | U81: 53696255 | V81: 53696255 | W81: 83696255 | X81: 83696255 | Y81: =X81 -> 83696255 | Z81: 83696255 | AA81: 83696255 | AB81: 83696255 | AC81: 83696255 | AD81: 83696255 | AE81: 83696255 | AF81: 83696255 | AG81: 83696255 | AH81: 83696255 | AI81: 83696255 | AJ81: 83696255 | AK81: 83696255 | AL81: 83696255 | AM81: 83696255 | AN81: 83696255
B82: Common equity | F82: 20000 | G82: 20000 | H82: 20000 | I82: 20000 | J82: 20000 | K82: 20000 | L82: 20000 | M82: 20000 | N82: 80152.06 | O82: 80152.06 | P82: 340006.04 | Q82: 368908.19 | R82: 385295.33 | S82: 412322.24 | T82: 412322.24 | U82: 559312.99 | V82: 577063 | W82: 577063 | X82: 577063 | Y82: =X82 -> 577063 | Z82: 577063 | AA82: 577063 | AB82: 577063 | AC82: 577063 | AD82: 577063 | AE82: 577063 | AF82: 577063 | AG82: 577063 | AH82: 577063 | AI82: 577063 | AJ82: 577063 | AK82: 577063 | AL82: 577063 | AM82: 577063 | AN82: 577063
B83: Retained earnings | F83: 3783.87 | G83: 11375.56 | H83: -82672.41 | I83: -419986.56 | J83: -419986.56 | K83: -922640.07 | L83: -1658432 | M83: -2469090.7 | N83: -3881928.4 | O83: -3881928.4 | P83: -5898301.8 | Q83: -8939314.9 | R83: -13413972 | S83: -19386798 | T83: -19386798 | U83: -26191987 | V83: -35669274 | W83: -44278234 | X83: -52094341 | Y83: =X83 -> -52094341 | Z83: -60184233 | AA83: -67344690 | AB83: -73615616 | AC83: -79578200 | AD83: -79578200 | AE83: -86690014 | AF83: -93870851 | AG83: -101337744 | AH83: -108865311 | AI83: -108865311 | AJ83: -117238993 | AK83: -125822737 | AL83: -134546111 | AM83: -143095530 | AN83: -143095530
B84: Total equity | F84: =+SUM(F81:F83) -> 23783.87 | G84: =+SUM(G81:G83) -> 31375.56 | H84: =+SUM(H81:H83) -> 4828418.9 | I84: =+SUM(I81:I83) -> 4491104.8 | J84: =+SUM(J81:J83) -> 4491104.8 | K84: =+SUM(K81:K83) -> 3988451.2 | L84: =+SUM(L81:L83) -> 17003903 | M84: =+SUM(M81:M83) -> 16346179 | ... AN84: =+SUM(AN81:AN83) -> -58822212
B85: TOTAL LIABILITIES & EQUITY | F85: =+F79+F84 -> 117759.84 | G85: =+G79+G84 -> 99942.24 | H85: =+H79+H84 -> 4984667.8 | I85: =+I79+I84 -> 4636254.5 | J85: =+J79+J84 -> 4636254.5 | K85: =+K79+K84 -> 4409611.5 | L85: =+L79+L84 -> 17479313 | M85: =+M79+M84 -> 17313139 | ... AN85: =+AN79+AN84 -> 18449141
B86: Check | F86: =+FLOOR(ABS(F72-F85),5) -> 0 | G86: =+FLOOR(ABS(G72-G85),5) -> 0 | H86: =+FLOOR(ABS(H72-H85),5) -> 0 | I86: =+FLOOR(ABS(I72-I85),5) -> 0 | J86: =+FLOOR(ABS(J72-J85),5) -> 0 | K86: =+FLOOR(ABS(K72-K85),5) -> 0 | L86: =+FLOOR(ABS(L72-L85),5) -> 0 | M86: =+FLOOR(ABS(M72-M85),5) -> 0 | ... AN86: =+FLOOR(ABS(AN72-AN85),5) -> 0
B88: Statement of Cash Flows ($)
B89: Operating activities
B90: Net income | F90: =+F60 -> 24094.09 | G90: =+G60 -> 7591.69 | H90: =+H60 -> -94047.97 | I90: =+I60 -> -337314.15 | J90: =+J60 -> -399676.34 | K90: =+K60 -> -502653.51 | L90: =+L60 -> -735791.95 | M90: =+M60 -> -810658.69 | ... AN90: =+AN60 -> -34230218
B91: Adjustments to net income
B92: Depreciation & amortization | F92: 0 | G92: 65.31 | H92: 195.93 | I92: 824.05 | J92: 1085.29 | K92: 1056.18 | L92: 1646.51 | M92: 2286.78 | N92: 3104.55 | O92: 8094.02 | P92: 3875.99 | Q92: 5143.69 | R92: 9517.61 | S92: 16874.85 | T92: 35412.14 | U92: 25002.28 | V92: 29438 | W92: 35898 | X92: 36344.4 | Y92: =SUM(U92:X92) -> 126682.68 | Z92: 37302 | AA92: 38827 | AB92: 40901 | AC92: 43523 | AD92: =SUM(Z92:AC92) -> 160553 | AE92: 46834 | AF92: 51122 | AG92: 56581 | AH92: 63452 | AI92: =SUM(AE92:AH92) -> 217989 | AJ92: 71839 | AK92: 81717 | AL92: 93305 | AM92: 106869 | AN92: 353731
B93: Changes in operating assets and liabilities
B94: Net working capital | F94: 14097.3 | G94: 1092.08 | H94: 14703.59 | I94: -42833.48 | J94: -12940.51 | K94: -170843.67 | L94: 90707.12 | M94: 10418.76 | N94: -481274.79 | O94: -550992.58 | P94: -76856.2 | Q94: -144336.05 | R94: -70012.57 | S94: -206006.06 | T94: -497210.88 | U94: -353293.46 | V94: 715230 | W94: -278364 | X94: -368228.5 | Y94: =SUM(U94:X94) -> -284655.96 | Z94: -284984 | AA94: -480913 | AB94: -471852 | AC94: -483764 | AD94: =SUM(Z94:AC94) -> -1721513 | AE94: -677429 | AF94: -941307 | AG94: -1028878 | AH94: -1211768 | AI94: =SUM(AE94:AH94) -> -3859382 | AJ94: -1146266 | AK94: -1408231 | AL94: -1681577 | AM94: -1651708 | AN94: -5887783
B95: Other assets and liabilities | F95: 59588.28 | G95: -27268.93 | H95: 62579.56 | I95: -43623.31 | J95: 51275.6 | K95: 279013.47 | L95: 26171.33 | M95: 439143 | N95: 255620.51 | O95: 999948.31 | P95: 443495.47 | Q95: 346421.05 | R95: 184282.81 | S95: 863611.1 | T95: 1837810.4 | U95: 689970.6 | V95: 1050742 | W95: 1885676 | X95: 2145979.4 | Y95: =SUM(U95:X95) -> 5772368 | Z95: 2444509 | AA95: 2374389 | AB95: 2397473 | AC95: 2307286 | AD95: =SUM(Z95:AC95) -> 9523657 | AE95: 3935807 | AF95: 4808403 | AG95: 5851724 | AH95: 7136508 | AI95: =SUM(AE95:AH95) -> 21732442 | AJ95: 6276320 | AK95: 7314896 | AL95: 8494807 | AM95: 9857981 | AN95: 31944003
B96: Operating cash flow | F96: =+SUM(F90:F95) -> 97779.67 | G96: =+SUM(G90:G95) -> -18519.85 | H96: =+SUM(H90:H95) -> -16568.89 | I96: =+SUM(I90:I95) -> -422946.89 | J96: =+SUM(J90:J95) -> -360255.96 | K96: =+SUM(K90:K95) -> -393427.53 | L96: =+SUM(L90:L95) -> -617266.99 | M96: =+SUM(M90:M95) -> -358810.15 | ... AN96: =+SUM(AN90:AN95) -> -7820267
B97: Investing activities
B98: Capex | F98: 0 | G98: -3918.41 | H98: 0 | I98: -15222.69 | J98: -19141.1 | K98: -2973.53 | L98: -16330.59 | M98: -11148.09 | N98: -21238.18 | O98: -51690.39 | P98: -9911.38 | Q98: -41266.09 | R98: -178560.47 | S98: -95446.38 | T98: -325184.32 | U98: -136511.58 | V98: -69180 | W98: -27826 | X98: -35939.6 | Y98: =SUM(U98:X98) -> -269457.18 | Z98: -45618 | AA98: -55859 | AB98: -65639 | AC98: -75686 | AD98: =SUM(Z98:AC98) -> -242802 | AE98: -90709 | AF98: -110616 | AG98: -134619 | AH98: -163801 | AI98: =SUM(AE98:AH98) -> -499745 | AJ98: -192405 | AK98: -222676 | AL98: -257829 | AM98: -298589 | AN98: -971500
B99: Investing cash flow | F99: =+F98 -> 0 | G99: =+G98 -> -3918.41 | H99: =+H98 -> 0 | I99: =+I98 -> -15222.69 | J99: =+J98 -> -19141.1 | K99: =+K98 -> -2973.53 | L99: =+L98 -> -16330.59 | M99: =+M98 -> -11148.09 | ... AN99: =+AN98 -> -971500
B100: Financing activities
B101: Equity | F101: 0 | G101: 0 | H101: 4891091.3 | I101: 0 | J101: 4891091.3 | K101: 0 | L101: 13751243 | M101: 152935.49 | N101: 60152.06 | O101: 13964331 | P101: 240890.4 | Q101: 34950950 | R101: 14287.99 | S101: 27026.82 | T101: 35233156 | U101: 146990.55 | V101: 17750 | W101: 30000000 | X101: 0 | Y101: =SUM(U101:X101) -> 30164741 | Z101: 0 | AA101: 0 | AB101: 0 | AC101: 0 | AD101: =SUM(Z101:AC101) -> 0 | AE101: 0 | AF101: 0 | AG101: 0 | AH101: 0 | AI101: =SUM(AE101:AH101) -> 0 | AJ101: 0 | AK101: 0 | AL101: 0 | AM101: 0 | AN101: 0
B102: Financing cash flow | F102: =+SUM(F101) -> 0 | G102: =+SUM(G101) -> 0 | H102: =+SUM(H101) -> 4891091.3 | I102: =+SUM(I101) -> 0 | J102: =+SUM(J101) -> 4891091.3 | K102: =+SUM(K101) -> 0 | L102: =+SUM(L101) -> 13751243 | M102: =+SUM(M101) -> 152935.49 | ... AN102: =+SUM(AN101) -> 0
B103: Start cash & equivalents | F103: 19980.17 | G103: =+F105 -> 117759.84 | H103: =+G105 -> 95321.58 | I103: =+H105 -> 4969844 | J103: =+F103 -> 19980.17 | K103: =+J105 -> 4531674.4 | L103: =+K105 -> 4135273.4 | M103: =+L105 -> 17252919 | N103: =+M105 -> 17035896 | O103: =+K103 -> 4531674.4 | P103: =+O105 -> 15439423 | Q103: =+P105 -> 14024544 | R103: =+Q105 -> 46100444 | S103: =+R105 -> 41585302 | T103: =+P103 -> 15439423 | U103: =+T105 -> 36218536 | V103: =+U105 -> 29785506 | W103: =+V105 -> 22052199 | X103: =+W105 -> 45058623 | Y103: =+U103 -> 36218536 | Z103: =+Y105 -> 39020669 | AA103: =+Z105 -> 33081986 | AB103: =+AA105 -> 27797972 | AC103: =+AB105 -> 23427929 | AD103: =+Z103 -> 39020669 | AE103: =+AD105 -> 19256704 | AF103: =+AE105 -> 15359393 | AG103: =+AF105 -> 11986158 | AH103: =+AG105 -> 9264072.4 | AI103: =+AE103 -> 19256704 | AJ103: =+AI105 -> 7560897.4 | AK103: =+AJ105 -> 4196704.4 | AL103: =+AK105 -> 1378666.4 | AM103: =+AL105 -> -696002.61 | AN103: =+AJ103 -> 7560897.4
B104: Net increase/(decrease) in cash | F104: =+F96+F99+F102 -> 97779.67 | G104: =+G96+G99+G102 -> -22438.26 | H104: =+H96+H99+H102 -> 4874522.4 | I104: =+I96+I99+I102 -> -438169.58 | J104: =+J96+J99+J102 -> 4511694.3 | K104: =+K96+K99+K102 -> -396401.06 | L104: =+L96+L99+L102 -> 13117646 | M104: =+M96+M99+M102 -> -217022.75 | ... AN104: =+AN96+AN99+AN102 -> -8791767
B105: End cash & equivalents | F105: =+F103+F104 -> 117759.84 | G105: =+G103+G104 -> 95321.58 | H105: =+H103+H104 -> 4969844 | I105: =+I103+I104 -> 4531674.4 | J105: =+J103+J104 -> 4531674.4 | K105: =+K103+K104 -> 4135273.4 | L105: =+L103+L104 -> 17252919 | M105: =+M103+M104 -> 17035896 | ... AN105: =+AN103+AN104 -> -1230869.6
B107: Headcount (FTEs)
B108: COGS | F108: =+SUM(F109:F111) -> 0 | G108: =+SUM(G109:G111) -> 0 | H108: =+SUM(H109:H111) -> 1 | I108: =+SUM(I109:I111) -> 1 | J108: =+I108 -> 1 | K108: =+SUM(K109:K111) -> 1 | L108: =+SUM(L109:L111) -> 2 | M108: =+SUM(M109:M111) -> 3 | N108: =+SUM(N109:N111) -> 6 | O108: =+N108 -> 6 | P108: =+SUM(P109:P111) -> 9 | Q108: =+SUM(Q109:Q111) -> 19 | R108: =+SUM(R109:R111) -> 24 | S108: =+SUM(S109:S111) -> 41 | T108: =+S108 -> 41 | U108: =+SUM(U109:U111) -> 47 | V108: =+SUM(V109:V111) -> 50 | W108: =+SUM(W109:W111) -> 47 | X108: =+SUM(X109:X111) -> 48 | Y108: =+X108 -> 48 | Z108: =+SUM(Z109:Z111) -> 50 | AA108: =+SUM(AA109:AA111) -> 53 | AB108: =+SUM(AB109:AB111) -> 56 | AC108: =+SUM(AC109:AC111) -> 60 | AD108: =+AC108 -> 60 | AE108: =+SUM(AE109:AE111) -> 66 | AF108: =+SUM(AF109:AF111) -> 73 | AG108: =+SUM(AG109:AG111) -> 81 | AH108: =+SUM(AH109:AH111) -> 91 | AI108: =+AH108 -> 91 | AJ108: =+SUM(AJ109:AJ111) -> 98 | AK108: =+SUM(AK109:AK111) -> 108 | AL108: =+SUM(AL109:AL111) -> 116 | AM108: =+SUM(AM109:AM111) -> 127 | AN108: =+AM108 -> 127
B109: Customer Success | F109: 0 | G109: 0 | H109: 0 | I109: 0 | J109: 0 | K109: 0 | L109: 1 | M109: 1 | N109: 4 | O109: 4 | P109: 4 | Q109: 10 | R109: 11 | S109: 23 | T109: 23 | U109: 23 | V109: 21 | W109: 19 | X109: 20 | Y109: 28 | Z109: 21 | AA109: 23 | AB109: 25 | AC109: 28 | AD109: 28 | AE109: 32 | AF109: 37 | AG109: 42 | AH109: 49 | AI109: 49 | AJ109: 53 | AK109: 60 | AL109: 65 | AM109: 73 | AN109: 73
B110: Professional Services | F110: 0 | G110: 0 | H110: 0 | I110: 0 | J110: 0 | K110: 0 | L110: 0 | M110: 0 | N110: 0 | O110: 0 | P110: 2 | Q110: 4 | R110: 7 | S110: 10 | T110: 10 | U110: 12 | V110: 17 | W110: 17 | X110: 17 | Y110: 14 | Z110: 17 | AA110: 17 | AB110: 17 | AC110: 17 | AD110: 17 | AE110: 17 | AF110: 17 | AG110: 17 | AH110: 17 | AI110: 17 | AJ110: 17 | AK110: 17 | AL110: 17 | AM110: 17 | AN110: 17
B111: Support | F111: 0 | G111: 0 | H111: 1 | I111: 1 | J111: 1 | K111: 1 | L111: 1 | M111: 2 | N111: 2 | O111: 2 | P111: 3 | Q111: 5 | R111: 6 | S111: 8 | T111: 8 | U111: 12 | V111: 12 | W111: 11 | X111: 11 | Y111: 13 | Z111: 12 | AA111: 13 | AB111: 14 | AC111: 15 | AD111: 15 | AE111: 17 | AF111: 19 | AG111: 22 | AH111: 25 | AI111: 25 | AJ111: 28 | AK111: 31 | AL111: 34 | AM111: 37 | AN111: 37
B112: R&D | F112: =+SUM(F113:F115) -> 0 | G112: =+SUM(G113:G115) -> 0 | H112: =+SUM(H113:H115) -> 2 | I112: =+SUM(I113:I115) -> 5 | J112: =+SUM(J113:J115) -> 5 | K112: =+SUM(K113:K115) -> 5 | L112: =+SUM(L113:L115) -> 7 | M112: =+SUM(M113:M115) -> 10 | ... AN112: =+SUM(AN113:AN115) -> 148.75
B113: Engineering | F113: 0 | G113: 0 | H113: 2 | I113: 5 | J113: 5 | K113: 5 | L113: 7 | M113: 10 | N113: 12 | O113: 12 | P113: 13 | Q113: 20 | R113: 30 | S113: 37 | T113: 37 | U113: 47 | V113: 51 | W113: 48 | X113: 49 | Y113: 51 | Z113: 54 | AA113: 57 | AB113: 60 | AC113: 65 | AD113: 65 | AE113: 69 | AF113: 75 | AG113: 79 | AH113: 84 | AI113: 84 | AJ113: 88 | AK113: 93 | AL113: 97 | AM113: 103 | AN113: 103
B114: Product | F114: 0 | G114: 0 | H114: 0 | I114: 0 | J114: 0 | K114: 0 | L114: 0 | M114: 0 | N114: 0 | O114: 0 | P114: 1 | Q114: 2 | R114: 4 | S114: 7 | T114: 7 | U114: 9 | V114: 10 | W114: 10 | X114: 10 | Y114: 13 | Z114: 13 | AA114: 13 | AB114: 13 | AC114: 13 | AD114: 13 | AE114: 13 | AF114: 13 | AG114: 14 | AH114: 14 | AI114: 14 | AJ114: 15 | AK114: 17 | AL114: 17 | AM114: 18 | AN114: 18
...

Sheet Sheet2

Sheet Sheet1
D10: =+#REF! -> #REF! | E10: =+D14 -> #REF! | F10: =+E14 -> #REF! | G10: =+F14 -> #REF!
D11: =+SUM(#REF!) -> #REF! | E11: =+SUMIFS('ARR by customer'!$E6:$AZ6,'ARR by customer'!$E$3:$AZ$3,">="&E$2,'ARR by customer'!$E$3:$AZ$3,"<="&E$3) -> 0 | F11: =+SUMIFS('ARR by customer'!$E6:$AZ6,'ARR by customer'!$E$3:$AZ$3,">="&F$2,'ARR by customer'!$E$3:$AZ$3,"<="&F$3) -> 0 | G11: =+SUMIFS('ARR by customer'!$E6:$AZ6,'ARR by customer'!$E$3:$AZ$3,">="&G$2,'ARR by customer'!$E$3:$AZ$3,"<="&G$3) -> 0
D12: =+SUM(#REF!) -> #REF! | E12: =+SUMIFS('ARR by customer'!$E7:$AZ7,'ARR by customer'!$E$3:$AZ$3,">="&E$2,'ARR by customer'!$E$3:$AZ$3,"<="&E$3) -> 0 | F12: =+SUMIFS('ARR by customer'!$E7:$AZ7,'ARR by customer'!$E$3:$AZ$3,">="&F$2,'ARR by customer'!$E$3:$AZ$3,"<="&F$3) -> 0 | G12: =+SUMIFS('ARR by customer'!$E7:$AZ7,'ARR by customer'!$E$3:$AZ$3,">="&G$2,'ARR by customer'!$E$3:$AZ$3,"<="&G$3) -> 0
D13: =+SUM(#REF!) -> #REF! | E13: =+SUMIFS('ARR by customer'!$E8:$AZ8,'ARR by customer'!$E$3:$AZ$3,">="&E$2,'ARR by customer'!$E$3:$AZ$3,"<="&E$3) -> 0 | F13: =+SUMIFS('ARR by customer'!$E8:$AZ8,'ARR by customer'!$E$3:$AZ$3,">="&F$2,'ARR by customer'!$E$3:$AZ$3,"<="&F$3) -> 0 | G13: =+SUMIFS('ARR by customer'!$E8:$AZ8,'ARR by customer'!$E$3:$AZ$3,">="&G$2,'ARR by customer'!$E$3:$AZ$3,"<="&G$3) -> 0
D14: =+SUM(D10:D13) -> #REF! | E14: =+SUM(E10:E13) -> #REF! | F14: =+SUM(F10:F13) -> #REF! | G14: =+SUM(G10:G13) -> #REF!
D15: =+SUM(D14) -> #REF! | E15: =+SUM(E14) -> #REF! | F15: =+SUM(F14) -> #REF! | G15: =+SUM(G14) -> #REF!

Sheet executive summary
B1: RabbitWise
B2: Executive Summary
B4: Period | C4: Latest Actual | D4: FY23 Forecast | E4: FY24 Forecast
C5: FY23-Q2 | D5: FY23 | E5: FY24
B7: ARR Build
B9: Starting Core ARR | C9: ='is-bs-cfs'!V17 -> 8311746 | D9: ='is-bs-cfs'!Y17 -> 6329297 | E9: ='is-bs-cfs'!AD17 -> 17018704
B10: New | C10: ='is-bs-cfs'!V18 -> 1411543 | D10: ='is-bs-cfs'!Y18 -> 9761335 | E10: ='is-bs-cfs'!AD18 -> 15456919
B11: Expansion | C11: ='is-bs-cfs'!V19 -> 463647 | D11: ='is-bs-cfs'!Y19 -> 2547184 | E11: ='is-bs-cfs'!AD19 -> 5105611
B12: (negative) Churn | C12: ='is-bs-cfs'!V20 -> -453921.7 | D12: ='is-bs-cfs'!Y20 -> -1619111.7 | E12: ='is-bs-cfs'!AD20 -> -2552805
B13: Ending Core ARR | C13: ='is-bs-cfs'!V22 -> 9733014.3 | D13: ='is-bs-cfs'!Y22 -> 17018704 | E13: ='is-bs-cfs'!AD22 -> 35028429
B14: % Growth (y/y) | C14: ='is-bs-cfs'!V23 -> 2.169817 | D14: ='is-bs-cfs'!Y23 -> 1.6888775 | E14: ='is-bs-cfs'!AD23 -> 1.0582313
B16: SaaS Metrics
B18: GRR (LTM) | C18: ='is-bs-cfs'!V31 -> 0.70119398 | D18: ='is-bs-cfs'!Y31 -> 0.74418775 | E18: ='is-bs-cfs'!AD31 -> 0.85000004
B19: NRR (LTM) | C19: ='is-bs-cfs'!V32 -> 1.1136211 | D19: ='is-bs-cfs'!Y32 -> 1.1466312 | E19: ='is-bs-cfs'!AD32 -> 1.15
B20: LTV | C20: ='is-bs-cfs'!V35 -> 21919.564 | D20: n.a. | E20: n.a.
B21: CAC | C21: ='is-bs-cfs'!V36 -> 60873.718 | D21: n.a. | E21: n.a.
B22: LTV/CAC | C22: ='is-bs-cfs'!V37 -> 0.36008256 | D22: n.a. | E22: n.a.
B23: CAC Payback (in Months) | C23: ='is-bs-cfs'!V38 -> 73.418738 | D23: n.a. | E23: n.a.
B24: Magic Number | C24: ='is-bs-cfs'!V39 -> 0.51884033 | D24: n.a. | E24: n.a.
B26: P&L Summary ($)
B28: Total Revenue | C28: ='is-bs-cfs'!V46 -> 2211596 | D28: ='is-bs-cfs'!Y46 -> 10488383 | E28: ='is-bs-cfs'!AD46 -> 24280127
B29: Gross Profit | C29: ='is-bs-cfs'!V51 -> 1013112 | D29: ='is-bs-cfs'!Y51 -> 5813374.7 | E29: ='is-bs-cfs'!AD51 -> 17828205
B30: Gross Margin % | C30: ='is-bs-cfs'!V52 -> 0.47720997 | D30: ='is-bs-cfs'!Y52 -> 0.57191293 | E30: ='is-bs-cfs'!AD52 -> 0.74010312
B31: Operating Profit | C31: ='is-bs-cfs'!V58 -> -9484169 | D31: ='is-bs-cfs'!Y58 -> -32751564 | E31: ='is-bs-cfs'!AD58 -> -27610668
B32: Net Income | C32: ='is-bs-cfs'!V60 -> -9477287 | D32: ='is-bs-cfs'!Y60 -> -32707545 | E32: ='is-bs-cfs'!AD60 -> -27483860

Sheet ARR by customer
B2: Start | E2: 43466 | F2: =+E3+1 -> 43497 | G2: =+F3+1 -> 43525 | H2: =+G3+1 -> 43556 | I2: =+H3+1 -> 43586 | J2: =+I3+1 -> 43617 | K2: =+J3+1 -> 43647 | L2: =+K3+1 -> 43678 | M2: =+L3+1 -> 43709 | ... AU2: =+AT3+1 -> 44743
B3: End | E3: =+EOMONTH(E2,0) -> 43496 | F3: =+EOMONTH(F2,0) -> 43524 | G3: =+EOMONTH(G2,0) -> 43555 | H3: =+EOMONTH(H2,0) -> 43585 | I3: =+EOMONTH(I2,0) -> 43616 | J3: =+EOMONTH(J2,0) -> 43646 | K3: =+EOMONTH(K2,0) -> 43677 | L3: =+EOMONTH(L2,0) -> 43708 | ... AU3: =+EOMONTH(AU2,0) -> 44773
B4: Fiscal Year | E4: =+YEAR(E3)+(MONTH(E3)>=2) -> 2019 | F4: =+YEAR(F3)+(MONTH(F3)>=2) -> 2020 | G4: =+YEAR(G3)+(MONTH(G3)>=2) -> 2020 | H4: =+YEAR(H3)+(MONTH(H3)>=2) -> 2020 | I4: =+YEAR(I3)+(MONTH(I3)>=2) -> 2020 | J4: =+YEAR(J3)+(MONTH(J3)>=2) -> 2020 | K4: =+YEAR(K3)+(MONTH(K3)>=2) -> 2020 | L4: =+YEAR(L3)+(MONTH(L3)>=2) -> 2020 | ... AU4: =+YEAR(AU3)+(MONTH(AU3)>=2) -> 2023
B5: Fiscal Quarter | E5: =+CHOOSE(MONTH(E3),4,1,1,1,2,2,2,3,3,3,4,4) -> 4 | F5: =+CHOOSE(MONTH(F3),4,1,1,1,2,2,2,3,3,3,4,4) -> 1 | G5: =+CHOOSE(MONTH(G3),4,1,1,1,2,2,2,3,3,3,4,4) -> 1 | H5: =+CHOOSE(MONTH(H3),4,1,1,1,2,2,2,3,3,3,4,4) -> 1 | I5: =+CHOOSE(MONTH(I3),4,1,1,1,2,2,2,3,3,3,4,4) -> 2 | J5: =+CHOOSE(MONTH(J3),4,1,1,1,2,2,2,3,3,3,4,4) -> 2 | K5: =+CHOOSE(MONTH(K3),4,1,1,1,2,2,2,3,3,3,4,4) -> 2 | L5: =+CHOOSE(MONTH(L3),4,1,1,1,2,2,2,3,3,3,4,4) -> 3 | ... AU5: =+CHOOSE(MONTH(AU3),4,1,1,1,2,2,2,3,3,3,4,4) -> 2
B6: Fiscal Month | E6: =+CHOOSE(MONTH(E3),12,1,2,3,4,5,6,7,8,9,10,11) -> 12 | F6: =+CHOOSE(MONTH(F3),12,1,2,3,4,5,6,7,8,9,10,11) -> 1 | G6: =+CHOOSE(MONTH(G3),12,1,2,3,4,5,6,7,8,9,10,11) -> 2 | H6: =+CHOOSE(MONTH(H3),12,1,2,3,4,5,6,7,8,9,10,11) -> 3 | I6: =+CHOOSE(MONTH(I3),12,1,2,3,4,5,6,7,8,9,10,11) -> 4 | J6: =+CHOOSE(MONTH(J3),12,1,2,3,4,5,6,7,8,9,10,11) -> 5 | K6: =+CHOOSE(MONTH(K3),12,1,2,3,4,5,6,7,8,9,10,11) -> 6 | L6: =+CHOOSE(MONTH(L3),12,1,2,3,4,5,6,7,8,9,10,11) -> 7 | ... AU6: =+CHOOSE(MONTH(AU3),12,1,2,3,4,5,6,7,8,9,10,11) -> 6
B9: Monthly ARR by Customer
B11: ARR Build
B12: Core Start | E12: 0 | F12: =+E16 -> 88512 | G12: =+F16 -> 89292 | H12: =+G16 -> 90132 | I12: =+H16 -> 90492 | J12: =+I16 -> 90372 | K12: =+J16 -> 91031.88 | L12: =+K16 -> 99732 | M12: =+L16 -> 105972 | ... AU12: =+AT16 -> 9133481.1
B13: New | E13: =+SUMPRODUCT(--(D$32:D$464=0),--(E$32:E$464>0),E$32:E$464) -> 88512 | F13: =+SUMPRODUCT(--(E$32:E$464=0),--(F$32:F$464>0),F$32:F$464) -> 0 | G13: =+SUMPRODUCT(--(F$32:F$464=0),--(G$32:G$464>0),G$32:G$464) -> 0 | H13: =+SUMPRODUCT(--(G$32:G$464=0),--(H$32:H$464>0),H$32:H$464) -> 0 | I13: =+SUMPRODUCT(--(H$32:H$464=0),--(I$32:I$464>0),I$32:I$464) -> 0 | J13: =+SUMPRODUCT(--(I$32:I$464=0),--(J$32:J$464>0),J$32:J$464) -> 0 | K13: =+SUMPRODUCT(--(J$32:J$464=0),--(K$32:K$464>0),K$32:K$464) -> 8520 | L13: =+SUMPRODUCT(--(K$32:K$464=0),--(L$32:L$464>0),L$32:L$464) -> 6420 | ... AU13: =+SUMPRODUCT(--(AT$32:AT$464=0),--(AU$32:AU$464>0),AU$32:AU$464) -> 706568
B14: Expansion | E14: =+SUMPRODUCT(--(D$32:D$464<>0),--(E$32:E$464>D$32:D$464),E$32:E$464)-SUMPRODUCT(--(D$32:D$464<>0),--(E$32:E$464>D$32:D$464),D$32:D$464) -> 0 | F14: =+SUMPRODUCT(--(E$32:E$464<>0),--(F$32:F$464>E$32:E$464),F$32:F$464)-SUMPRODUCT(--(E$32:E$464<>0),--(F$32:F$464>E$32:E$464),E$32:E$464) -> 780 | G14: =+SUMPRODUCT(--(F$32:F$464<>0),--(G$32:G$464>F$32:F$464),G$32:G$464)-SUMPRODUCT(--(F$32:F$464<>0),--(G$32:G$464>F$32:F$464),F$32:F$464) -> 840 | H14: =+SUMPRODUCT(--(G$32:G$464<>0),--(H$32:H$464>G$32:G$464),H$32:H$464)-SUMPRODUCT(--(G$32:G$464<>0),--(H$32:H$464>G$32:G$464),G$32:G$464) -> 360 | I14: =+SUMPRODUCT(--(H$32:H$464<>0),--(I$32:I$464>H$32:H$464),I$32:I$464)-SUMPRODUCT(--(H$32:H$464<>0),--(I$32:I$464>H$32:H$464),H$32:H$464) -> 0 | J14: =+SUMPRODUCT(--(I$32:I$464<>0),--(J$32:J$464>I$32:I$464),J$32:J$464)-SUMPRODUCT(--(I$32:I$464<>0),--(J$32:J$464>I$32:I$464),I$32:I$464) -> 659.88 | K14: =+SUMPRODUCT(--(J$32:J$464<>0),--(K$32:K$464>J$32:J$464),K$32:K$464)-SUMPRODUCT(--(J$32:J$464<>0),--(K$32:K$464>J$32:J$464),J$32:J$464) -> 180.12 | L14: =+SUMPRODUCT(--(K$32:K$464<>0),--(L$32:L$464>K$32:K$464),L$32:L$464)-SUMPRODUCT(--(K$32:K$464<>0),--(L$32:L$464>K$32:K$464),K$32:K$464) -> 120 | ... AU14: =+SUMPRODUCT(--(AT$32:AT$464<>0),--(AU$32:AU$464>AT$32:AT$464),AU$32:AU$464)-SUMPRODUCT(--(AT$32:AT$464<>0),--(AU$32:AU$464>AT$32:AT$464),AT$32:AT$464) -> 87609
B15: Churn | E15: =+-SUMPRODUCT(--(D$32:D$464>0),--(E$32:E$464=0),D$32:D$464)+SUMPRODUCT(--(E$32:E$464<>0),--(E$32:E$464<D$32:D$464),E$32:E$464)-SUMPRODUCT(--(E$32:E$464<>0),--(E$32:E$464<D$32:D$464),D$32:D$464) -> 0 | F15: =+-SUMPRODUCT(--(E$32:E$464>0),--(F$32:F$464=0),E$32:E$464)+SUMPRODUCT(--(F$32:F$464<>0),--(F$32:F$464<E$32:E$464),F$32:F$464)-SUMPRODUCT(--(F$32:F$464<>0),--(F$32:F$464<E$32:E$464),E$32:E$464) -> 0 | G15: =+-SUMPRODUCT(--(F$32:F$464>0),--(G$32:G$464=0),F$32:F$464)+SUMPRODUCT(--(G$32:G$464<>0),--(G$32:G$464<F$32:F$464),G$32:G$464)-SUMPRODUCT(--(G$32:G$464<>0),--(G$32:G$464<F$32:F$464),F$32:F$464) -> 0 | H15: =+-SUMPRODUCT(--(G$32:G$464>0),--(H$32:H$464=0),G$32:G$464)+SUMPRODUCT(--(H$32:H$464<>0),--(H$32:H$464<G$32:G$464),H$32:H$464)-SUMPRODUCT(--(H$32:H$464<>0),--(H$32:H$464<G$32:G$464),G$32:G$464) -> 0 | I15: =+-SUMPRODUCT(--(H$32:H$464>0),--(I$32:I$464=0),H$32:H$464)+SUMPRODUCT(--(I$32:I$464<>0),--(I$32:I$464<H$32:H$464),I$32:I$464)-SUMPRODUCT(--(I$32:I$464<>0),--(I$32:I$464<H$32:H$464),H$32:H$464) -> -120 | J15: =+-SUMPRODUCT(--(I$32:I$464>0),--(J$32:J$464=0),I$32:I$464)+SUMPRODUCT(--(J$32:J$464<>0),--(J$32:J$464<I$32:I$464),J$32:J$464)-SUMPRODUCT(--(J$32:J$464<>0),--(J$32:J$464<I$32:I$464),I$32:I$464) -> 0 | K15: =+-SUMPRODUCT(--(J$32:J$464>0),--(K$32:K$464=0),J$32:J$464)+SUMPRODUCT(--(K$32:K$464<>0),--(K$32:K$464<J$32:J$464),K$32:K$464)-SUMPRODUCT(--(K$32:K$464<>0),--(K$32:K$464<J$32:J$464),J$32:J$464) -> 0 | L15: =+-SUMPRODUCT(--(K$32:K$464>0),--(L$32:L$464=0),K$32:K$464)+SUMPRODUCT(--(L$32:L$464<>0),--(L$32:L$464<K$32:K$464),L$32:L$464)-SUMPRODUCT(--(L$32:L$464<>0),--(L$32:L$464<K$32:K$464),K$32:K$464) -> -300 | ... AU15: =+-SUMPRODUCT(--(AT$32:AT$464>0),--(AU$32:AU$464=0),AT$32:AT$464)+SUMPRODUCT(--(AU$32:AU$464<>0),--(AU$32:AU$464<AT$32:AT$464),AU$32:AU$464)-SUMPRODUCT(--(AU$32:AU$464<>0),--(AU$32:AU$464<AT$32:AT$464),AT$32:AT$464) -> -194643.8
B16: Core End | E16: =+SUM(E12:E15) -> 88512 | F16: =+SUM(F12:F15) -> 89292 | G16: =+SUM(G12:G15) -> 90132 | H16: =+SUM(H12:H15) -> 90492 | I16: =+SUM(I12:I15) -> 90372 | J16: =+SUM(J12:J15) -> 91031.88 | K16: =+SUM(K12:K15) -> 99732 | L16: =+SUM(L12:L15) -> 105972 | ... AU16: =+SUM(AU12:AU15) -> 9733014.3
B17: Non-Core | E17: 0 | F17: 0 | G17: 0 | H17: 0 | I17: 0 | J17: 0 | K17: 0 | L17: 0 | M17: 0 | N17: 0 | O17: 0 | P17: 0 | Q17: 0 | R17: 0 | S17: 0 | T17: 0 | U17: 0 | V17: 0 | W17: 0 | X17: 0 | Y17: 0 | Z17: 0 | AA17: 0 | AB17: 0 | AC17: 0 | AD17: 0 | AE17: 0 | AF17: 0 | AG17: 0 | AH17: 0 | AI17: 0 | AJ17: 0 | AK17: 0 | AL17: 0 | AM17: 0 | AN17: 0 | AO17: 0 | AP17: 0 | AQ17: 181064 | AR17: 167088 | AS17: 155400 | AT17: 150048 | AU17: 141936
B18: Total End | E18: =+E16+E17 -> 88512 | F18: =+F16+F17 -> 89292 | G18: =+G16+G17 -> 90132 | H18: =+H16+H17 -> 90492 | I18: =+I16+I17 -> 90372 | J18: =+J16+J17 -> 91031.88 | K18: =+K16+K17 -> 99732 | L18: =+L16+L17 -> 105972 | ... AU18: =+AU16+AU17 -> 9874950.3
B19: Check | E19: =+ROUND(SUM(E$32:E$998)-E16,2)-E465 -> 0 | F19: =+ROUND(SUM(F$32:F$998)-F16,2)-F465 -> 0 | G19: =+ROUND(SUM(G$32:G$998)-G16,2)-G465 -> 0 | H19: =+ROUND(SUM(H$32:H$998)-H16,2)-H465 -> 0 | I19: =+ROUND(SUM(I$32:I$998)-I16,2)-I465 -> 0 | J19: =+ROUND(SUM(J$32:J$998)-J16,2)-J465 -> 0 | K19: =+ROUND(SUM(K$32:K$998)-K16,2)-K465 -> 0 | L19: =+ROUND(SUM(L$32:L$998)-L16,2)-L465 -> 0 | ... AU19: =+ROUND(SUM(AU$32:AU$998)-AU16,2)-AU465 -> 0
B21: Logo Build
B22: Start | E22: 0 | F22: =+E25 -> 4 | G22: =+F25 -> 4 | H22: =+G25 -> 4 | I22: =+H25 -> 4 | J22: =+I25 -> 4 | K22: =+J25 -> 4 | L22: =+K25 -> 5 | M22: =+L25 -> 6 | ... AU22: =+AT25 -> 359
B23: New | E23: =SUMPRODUCT(--(D$32:D$464=0),--(E$32:E$464>0)) -> 4 | F23: =SUMPRODUCT(--(E$32:E$464=0),--(F$32:F$464>0)) -> 0 | G23: =SUMPRODUCT(--(F$32:F$464=0),--(G$32:G$464>0)) -> 0 | H23: =SUMPRODUCT(--(G$32:G$464=0),--(H$32:H$464>0)) -> 0 | I23: =SUMPRODUCT(--(H$32:H$464=0),--(I$32:I$464>0)) -> 0 | J23: =SUMPRODUCT(--(I$32:I$464=0),--(J$32:J$464>0)) -> 0 | K23: =SUMPRODUCT(--(J$32:J$464=0),--(K$32:K$464>0)) -> 1 | L23: =SUMPRODUCT(--(K$32:K$464=0),--(L$32:L$464>0)) -> 1 | ... AU23: =SUMPRODUCT(--(AT$32:AT$464=0),--(AU$32:AU$464>0)) -> 19
B24: Churn | E24: =-SUMPRODUCT(--(D$32:D$464>0),--(E$32:E$464=0)) -> 0 | F24: =-SUMPRODUCT(--(E$32:E$464>0),--(F$32:F$464=0)) -> 0 | G24: =-SUMPRODUCT(--(F$32:F$464>0),--(G$32:G$464=0)) -> 0 | H24: =-SUMPRODUCT(--(G$32:G$464>0),--(H$32:H$464=0)) -> 0 | I24: =-SUMPRODUCT(--(H$32:H$464>0),--(I$32:I$464=0)) -> 0 | J24: =-SUMPRODUCT(--(I$32:I$464>0),--(J$32:J$464=0)) -> 0 | K24: =-SUMPRODUCT(--(J$32:J$464>0),--(K$32:K$464=0)) -> 0 | L24: =-SUMPRODUCT(--(K$32:K$464>0),--(L$32:L$464=0)) -> 0 | ... AU24: =-SUMPRODUCT(--(AT$32:AT$464>0),--(AU$32:AU$464=0)) -> -9
B25: End | E25: =SUM(E22:E24) -> 4 | F25: =SUM(F22:F24) -> 4 | G25: =SUM(G22:G24) -> 4 | H25: =SUM(H22:H24) -> 4 | I25: =SUM(I22:I24) -> 4 | J25: =SUM(J22:J24) -> 4 | K25: =SUM(K22:K24) -> 5 | L25: =SUM(L22:L24) -> 6 | ... AU25: =SUM(AU22:AU24) -> 369
B26: Check | E26: =+COUNTIFS(E$32:E$998,">"&0)-E25-1 -> 0 | F26: =+COUNTIFS(F$32:F$998,">"&0)-F25-1 -> 0 | G26: =+COUNTIFS(G$32:G$998,">"&0)-G25-1 -> 0 | H26: =+COUNTIFS(H$32:H$998,">"&0)-H25-1 -> 0 | I26: =+COUNTIFS(I$32:I$998,">"&0)-I25-1 -> 0 | J26: =+COUNTIFS(J$32:J$998,">"&0)-J25-1 -> 0 | K26: =+COUNTIFS(K$32:K$998,">"&0)-K25-1 -> 0 | L26: =+COUNTIFS(L$32:L$998,">"&0)-L25-1 -> 0 | ... AU26: =+COUNTIFS(AU$32:AU$998,">"&0)-AU25-1 -> 0
B29: Customer ARR
B31: Customer | C31: Pro Forma | D31: Base | E31: =+E$3 -> 43496 | F31: =+F$3 -> 43524 | G31: =+G$3 -> 43555 | H31: =+H$3 -> 43585 | I31: =+I$3 -> 43616 | J31: =+J$3 -> 43646 | K31: =+K$3 -> 43677 | L31: =+L$3 -> 43708 | ... AU31: =+AU$3 -> 44773
B32: C-00001 | C32: 0 | D32: 0 | E32: 12420 | F32: 12420 | G32: 12420 | H32: 12420 | I32: 12420 | J32: 12420 | K32: 12420 | L32: 12420 | M32: 12420 | N32: 12420 | O32: 12420 | P32: 12420 | Q32: 18720 | R32: 18720 | S32: 18720 | T32: 18720 | U32: 18720 | V32: 18720 | W32: 18720 | X32: 18720 | Y32: 18720 | Z32: 18720 | AA32: 18720 | AB32: 18720 | AC32: 16200 | AD32: 16200 | AE32: 16200 | AF32: 16200 | AG32: 16200 | AH32: 16200 | AI32: 16200 | AJ32: 16200 | AK32: 16200 | AL32: 16200 | AM32: 16200 | AN32: 16200 | AO32: 16200 | AP32: 19560 | AQ32: 19560 | AR32: 19560 | AS32: 19560 | AT32: 19560 | AU32: 19560
B33: C-00002 | C33: 0 | D33: 0 | E33: 5940 | F33: 6720 | G33: 7560 | H33: 7920 | I33: 7800 | J33: 8459.88 | K33: 8640 | L33: 8760 | M33: 9420 | N33: 9600 | O33: 9420 | P33: 9600 | Q33: 9600 | R33: 0 | S33: 0 | T33: 0 | U33: 0 | V33: 0 | W33: 0 | X33: 0 | Y33: 0 | Z33: 0 | AA33: 0 | AB33: 0 | AC33: 0 | AD33: 0 | AE33: 0 | AF33: 0 | AG33: 0 | AH33: 0 | AI33: 0 | AJ33: 0 | AK33: 0 | AL33: 0 | AM33: 0 | AN33: 0 | AO33: 0 | AP33: 0 | AQ33: 0 | AR33: 0 | AS33: 0 | AT33: 0 | AU33: 0
B34: C-00003 | C34: 0 | D34: 0 | E34: 60000 | F34: 60000 | G34: 60000 | H34: 60000 | I34: 60000 | J34: 60000 | K34: 60000 | L34: 60000 | M34: 60000 | N34: 60000 | O34: 60000 | P34: 60000 | Q34: 80640 | R34: 80640 | S34: 80640 | T34: 80640 | U34: 80640 | V34: 80640 | W34: 80640 | X34: 80640 | Y34: 80640 | Z34: 80640 | AA34: 80640 | AB34: 80640 | AC34: 80640 | AD34: 103623 | AE34: 103623 | AF34: 103623 | AG34: 103623 | AH34: 103623 | AI34: 103623 | AJ34: 103623 | AK34: 103623 | AL34: 103623 | AM34: 103623 | AN34: 103623 | AO34: 133110 | AP34: 133110 | AQ34: 133110 | AR34: 133110 | AS34: 133110 | AT34: 133110 | AU34: 133110
B35: C-00004 | C35: 0 | D35: 0 | E35: 10152 | F35: 10152 | G35: 10152 | H35: 10152 | I35: 10152 | J35: 10152 | K35: 10152 | L35: 10152 | M35: 10152 | N35: 10152 | O35: 10152 | P35: 10152 | Q35: 10008 | R35: 10008 | S35: 10008 | T35: 10008 | U35: 10008 | V35: 10008 | W35: 10008 | X35: 10008 | Y35: 10008 | Z35: 10008 | AA35: 10008 | AB35: 10008 | AC35: 15480 | AD35: 15480 | AE35: 15480 | AF35: 15480 | AG35: 15480 | AH35: 15480 | AI35: 15480 | AJ35: 15480 | AK35: 15480 | AL35: 15480 | AM35: 15480 | AN35: 15480 | AO35: 16260 | AP35: 16260 | AQ35: 16260 | AR35: 16260 | AS35: 16260 | AT35: 16260 | AU35: 16260
B36: C-00005 | C36: 0 | D36: 0 | E36: 0 | F36: 0 | G36: 0 | H36: 0 | I36: 0 | J36: 0 | K36: 8520 | L36: 8220 | M36: 8580 | N36: 8880 | O36: 9480 | P36: 9300 | Q36: 10200 | R36: 10320 | S36: 10440 | T36: 9780 | U36: 10320 | V36: 11100 | W36: 11100 | X36: 0 | Y36: 0 | Z36: 0 | AA36: 0 | AB36: 0 | AC36: 0 | AD36: 0 | AE36: 0 | AF36: 0 | AG36: 0 | AH36: 0 | AI36: 0 | AJ36: 0 | AK36: 0 | AL36: 0 | AM36: 0 | AN36: 0 | AO36: 0 | AP36: 0 | AQ36: 0 | AR36: 0 | AS36: 0 | AT36: 0 | AU36: 0
B37: C-00006 | C37: 0 | D37: 0 | E37: 0 | F37: 0 | G37: 0 | H37: 0 | I37: 0 | J37: 0 | K37: 0 | L37: 6420 | M37: 6420 | N37: 6420 | O37: 6420 | P37: 6420 | Q37: 6420 | R37: 6420 | S37: 6420 | T37: 6420 | U37: 6420 | V37: 6420 | W37: 6420 | X37: 6420 | Y37: 0 | Z37: 0 | AA37: 0 | AB37: 0 | AC37: 0 | AD37: 0 | AE37: 0 | AF37: 0 | AG37: 0 | AH37: 0 | AI37: 0 | AJ37: 0 | AK37: 0 | AL37: 0 | AM37: 0 | AN37: 0 | AO37: 0 | AP37: 0 | AQ37: 0 | AR37: 0 | AS37: 0 | AT37: 0 | AU37: 0
B38: C-00007 | C38: 0 | D38: 0 | E38: 0 | F38: 0 | G38: 0 | H38: 0 | I38: 0 | J38: 0 | K38: 0 | L38: 0 | M38: 0 | N38: 6624 | O38: 6576 | P38: 6816 | Q38: 7056 | R38: 7344 | S38: 7728 | T38: 8496 | U38: 9264 | V38: 10176 | W38: 10656 | X38: 10176 | Y38: 12912 | Z38: 18384 | AA38: 18240 | AB38: 18240 | AC38: 18240 | AD38: 18240 | AE38: 18240 | AF38: 18240 | AG38: 18240 | AH38: 18240 | AI38: 18240 | AJ38: 18240 | AK38: 18240 | AL38: 18240 | AM38: 53760 | AN38: 53760 | AO38: 53760 | AP38: 53760 | AQ38: 53760 | AR38: 53760 | AS38: 53760 | AT38: 53760 | AU38: 53760
B39: C-00008 | C39: 0 | D39: 0 | E39: 0 | F39: 0 | G39: 0 | H39: 0 | I39: 0 | J39: 0 | K39: 0 | L39: 0 | M39: 0 | N39: 0 | O39: 15000 | P39: 15000 | Q39: 15000 | R39: 15000 | S39: 15000 | T39: 15000 | U39: 15000 | V39: 15000 | W39: 15000 | X39: 15000 | Y39: 15000 | Z39: 15000 | AA39: 22092 | AB39: 22092 | AC39: 22092 | AD39: 22092 | AE39: 22092 | AF39: 22092 | AG39: 22092 | AH39: 22092 | AI39: 22092 | AJ39: 22092 | AK39: 22092 | AL39: 22092 | AM39: 22092 | AN39: 29700 | AO39: 29700 | AP39: 29700 | AQ39: 29700 | AR39: 29700 | AS39: 29700 | AT39: 29700 | AU39: 29700
B40: C-00009 | C40: 0 | D40: 0 | E40: 0 | F40: 0 | G40: 0 | H40: 0 | I40: 0 | J40: 0 | K40: 0 | L40: 0 | M40: 0 | N40: 0 | O40: 0 | P40: 30288 | Q40: 30288 | R40: 30288 | S40: 30288 | T40: 30288 | U40: 30288 | V40: 30288 | W40: 30288 | X40: 30288 | Y40: 30288 | Z40: 75446 | AA40: 75446 | AB40: 75446 | AC40: 75446 | AD40: 75446 | AE40: 75446 | AF40: 75446 | AG40: 75446 | AH40: 75446 | AI40: 75446 | AJ40: 75446 | AK40: 75446 | AL40: 75446 | AM40: 0 | AN40: 0 | AO40: 0 | AP40: 0 | AQ40: 0 | AR40: 0 | AS40: 0 | AT40: 0 | AU40: 0
B41: C-00010 | C41: 0 | D41: 0 | E41: 0 | F41: 0 | G41: 0 | H41: 0 | I41: 0 | J41: 0 | K41: 0 | L41: 0 | M41: 0 | N41: 0 | O41: 0 | P41: 14400 | Q41: 14400 | R41: 14400 | S41: 14400 | T41: 14400 | U41: 14400 | V41: 14400 | W41: 14400 | X41: 14400 | Y41: 14400 | Z41: 14400 | AA41: 14400 | AB41: 14400 | AC41: 0 | AD41: 0 | AE41: 0 | AF41: 0 | AG41: 0 | AH41: 0 | AI41: 0 | AJ41: 0 | AK41: 0 | AL41: 0 | AM41: 0 | AN41: 0 | AO41: 0 | AP41: 0 | AQ41: 0 | AR41: 0 | AS41: 0 | AT41: 0 | AU41: 0
B42: C-00011 | C42: 0 | D42: 0 | E42: 0 | F42: 0 | G42: 0 | H42: 0 | I42: 0 | J42: 0 | K42: 0 | L42: 0 | M42: 0 | N42: 0 | O42: 0 | P42: 5184 | Q42: 5184 | R42: 5184 | S42: 5184 | T42: 5184 | U42: 5184 | V42: 5184 | W42: 5184 | X42: 5184 | Y42: 5184 | Z42: 5184 | AA42: 5184 | AB42: 13344 | AC42: 13344 | AD42: 13344 | AE42: 13344 | AF42: 13344 | AG42: 13344 | AH42: 13344 | AI42: 13344 | AJ42: 13344 | AK42: 13344 | AL42: 13344 | AM42: 13344 | AN42: 18628 | AO42: 18628 | AP42: 18628 | AQ42: 18628 | AR42: 18628 | AS42: 18628 | AT42: 18628 | AU42: 18628
B43: C-00012 | C43: 0 | D43: 0 | E43: 0 | F43: 0 | G43: 0 | H43: 0 | I43: 0 | J43: 0 | K43: 0 | L43: 0 | M43: 0 | N43: 0 | O43: 0 | P43: 5000 | Q43: 5000 | R43: 5000 | S43: 5000 | T43: 5000 | U43: 5000 | V43: 5000 | W43: 5000 | X43: 5000 | Y43: 5000 | Z43: 5000 | AA43: 5000 | AB43: 5000 | AC43: 5000 | AD43: 5000 | AE43: 5000 | AF43: 5000 | AG43: 5000 | AH43: 5000 | AI43: 5000 | AJ43: 5000 | AK43: 5000 | AL43: 5000 | AM43: 5000 | AN43: 5000 | AO43: 5000 | AP43: 5000 | AQ43: 5000 | AR43: 5000 | AS43: 5000 | AT43: 5000 | AU43: 5000
... B464: C-00432 | C464: 0 | D464: 0 | E464: 0 | F464: 0 | G464: 0 | H464: 0 | I464: 0 | J464: 0 | K464: 0 | L464: 0 | M464: 0 | N464: 0 | O464: 0 | P464: 0 | Q464: 0 | R464: 0 | S464: 0 | T464: 0 | U464: 0 | V464: 0 | W464: 0 | X464: 0 | Y464: 0 | Z464: 0 | AA464: 0 | AB464: 0 | AC464: 0 | AD464: 0 | AE464: 0 | AF464: 0 | AG464: 0 | AH464: 0 | AI464: 0 | AJ464: 0 | AK464: 0 | AL464: 0 | AM464: 0 | AN464: 0 | AO464: 0 | AP464: 0 | AQ464: 0 | AR464: 0 | AS464: 0 | AT464: 0 | AU464: 0
A465: TOTAL | E465: =SUM(E32:E464) -> 88512 | F465: =SUM(F32:F464) -> 89292 | G465: =SUM(G32:G464) -> 90132 | H465: =SUM(H32:H464) -> 90492 | I465: =SUM(I32:I464) -> 90372 | J465: =SUM(J32:J464) -> 91031.88 | K465: =SUM(K32:K464) -> 99732 | L465: =SUM(L32:L464) -> 105972 | ... AU465: =SUM(AU32:AU464) -> 9733014.3

Sheet Comps
B1: RabbitWise
B2: NRR (Net Retention Rate) | C2: ='is-bs-cfs'!V32 -> 1.1136211
B3: YOY Growth | C3: ='is-bs-cfs'!V23 -> 2.169817
B4: Gross Margin | C4: ='is-bs-cfs'!V52 -> 0.47720997
B5: ACV | C5: ='is-bs-cfs'!V28 -> 26376.733
B6: LTM Revenue | C6: =SUM('is-bs-cfs'!V46,'is-bs-cfs'!U46,'is-bs-cfs'!S46,'is-bs-cfs'!R46) -> 6591378.8
B7: Forward Year 1 Rev | C7: =SUM('is-bs-cfs'!W46,'is-bs-cfs'!X46,'is-bs-cfs'!Z46,'is-bs-cfs'!AA46) -> 16524356
B9: Publicly traded SaaS companies | F9: Filtered here
B10: Name | C10: Ticker | D10: Year | E10: EV/Rev | F10: IPO Net Retention | G10: New Rev/S&M | H10: YoY Growth | I10: Gross Margin | J10: Payback Period (years) | K10: ACV | L10: 1Year Prior Net Retention
B11: Gitlab | C11: GTLB | D11: 2020 | E11: 17.68 | F11: 1.79 | G11: 0.46 | H11: 0.66 | I11: 0.882 | J11: 3 | K11: 55438 | L11: 1.48
B12: Snowflake | C12: SNOW | D12: 2019 | E12: 30.48 | F12: 1.69 | G12: 0.57 | H12: 1.06 | I12: 0.648 | J12: 2.1 | K12: 84937 | L12: 1.8
B13: Blend Labs | C13: BLNO | D13: 2020 | E13: 0.92 | F13: 1.62 | G13: 0.88 | H13: 1.442 | I13: 0.421 | J13: 1.7 | K13: 329997 | L13: 1.42
B14: Doximity | C14: DOCS | D14: 2020 | E14: 11.5 | F14: 1.53 | G14: 1.46 | H14: 0.66 | I14: 0.876 | K14: 344828 | L14: 1.3
B15: Datadog | C15: OOOG | D15: 2019 | E15: 17.65 | F15: 1.51 | G15: 1.1 | H15: 0.705 | I15: 0.79 | J15: 0.1 | K15: 22509 | L15: 1.41
B16: Crowdstrike | C16: CRWO | D16: 2019 | E16: 18.58 | F16: 1.47 | G16: 0.76 | H16: 0.66 | I16: 0.737 | J16: 1 | K16: 167555 | L16: 1.19
B17: UiPath | C17: PATH | D17: 2020 | E17: 4.79 | F17: 1.45 | G17: 0.71 | H17: 0.468 | I17: 0.83 | J17: 0.4 | K17: 76260 | L17: 1.53
B18: 2U | C18: TWOU | D18: 2013 | E18: 1.27 | F18: 1.44 | H18: 0.221 | I18: 0.716 | L18: 1.57
B19: Slack | C19: WORK | D19: 2019 | E19: 26.48 | F19: 1.43 | G19: 0.77 | H19: 0.432 | I19: 0.861 | J19: 0.9 | K19: 4552 | L19: 1.52
B20: Jfrog | C20: FROG | D20: 2020 | E20: 7.53 | F20: 1.39 | G20: 0.93 | H20: 0.37 | I20: 0.782 | J20: 0.2 | K20: 18054 | L20: 1.42
B21: Box, Inc. | C21: BOX | D21: 2015 | E21: 4.87 | F21: 1.36 | H21: 0.134 | I21: 0.729 | L21: 1.44
B22: Q2Holdings | C22: QTWO | D22: 2012 | E22: 3.6 | F22: 1.36 | H22: 0.238 | I22: 0.45 | L22: 1.26
B23: Alteryx Inc | C23: AYX | D23: 2017 | E23: 6.19 | F23: 1.35 | H23: 0.082 | I23: 0.865 | L23: 1.22
B24: PagerOuty | C24: PD | D24: 2018 | E24: 5.65 | F24: 1.34 | H24: 0.318 | I24: 0.816 | L24: 1.36
B25: SmartSheet | C25: SMAR | D25: 2018 | E25: 5.71 | F25: 1.3 | G25: 0.61 | H25: 0.429 | I25: 0.787 | J25: 1.1 | K25: 1209 | L25: 1.22
B26: OynaTrace | C26: DT | D26: 2019 | E26: 9.53 | F26: 1.29 | H26: 0.321 | I26: 0.827
B27: Qualtrics | C27: XM | D27: 2019 | E27: 4.44 | F27: 1.25 | G27: 0.43 | H27: 0.409 | I27: 0.717 | J27: 5.3 | K27: 49263 | L27: 1.22
B28: QuaItrics
B29: Confluent | C29: CFLT | D29: 2020 | E29: 11.82 | F29: 1.25 | G29: 0.52 | H29: 0.639 | I29: 0.636 | J29: 2.7 | K29: 112656 | L29: 1.34
B30: DoubleVerify | C30: ov | D30: 2020 | E30: 11.39 | F30: 1.23 | G30: 0.99 | H30: 0.364 | I30: 0.829 | K30: 243917 | L30: 1.56
B31: Braze | C31: BRZE | D31: 2020 | E31: 7.77 | F31: 1.23 | G31: 0.76 | H31: 0.585 | I31: 0.674 | J31: 0.6 | K31: 168754 | L31: 1.26
B32: Hashicorp | C32: HCP | D32: 2020 | E32: 10.82 | F32: 1.23 | G32: 0.64 | H32: 0.514 | I32: 0.803 | J32: 0.9 | K32: 143825 | L32: 1.31
B33: Zeta Global | C33: ZETA | D33: 2020 | E33: 3.12 | F33: 1.22 | G33: 0.8 | H33: 0.245 | I33: 0.639 | K33: 340537 | L33: 1.04
B34: Sumo Logic | C34: SUMO | D34: 2020 | E34: 1.88 | F34: 1.2 | G34: 0.48 | H34: 0.195 | I34: 0.657 | J34: 1.7 | K34: 72558 | L34: 1.2
B35: Asana | C35: ASAN | D35: 2020 | E35: 8.48 | F35: 1.2 | G35: 0.62 | H35: 0.667 | I35: 0.899 | J35: 1.8 | K35: 1901 | L35: 1.1
B36: Okta | C36: OKTA | D36: 2017 | E36: 5.29 | F36: 1.2 | H36: 0.556 | I36: 0.69 | L36: 1.29
B37: Blackline | C37: BL | D37: 2015 | E37: 8.38 | F37: 1.2 | H37: 0.21 | I37: 0.756 | L37: 1.18
B38: Olo | C38: OLO | D38: 2020 | E38: 5.12 | F38: 1.2 | G38: 5.59 | H38: 0.518 | I38: 0.737 | K38: 246060 | L38: 1.2
B39: MeridianLink | C39: MLNK | D39: 2020 | E39: 6.15 | F39: 1.2 | G39: 4.98 | H39: 0.343 | I39: 0.686 | J39: 0.8 | K39: 103553
B40: Enfusion | C40: ENFN | D40: 2020 | E40: 5.83 | F40: 1.2 | G40: 2.07 | H40: 0.404 | I40: 0.695 | K40: 125299 | L40: 1.11
B41: Datto | C41: MSP | D41: 2019 | E41: 8.78 | F41: 1.19 | G41: 0.65 | H41: 0.193 | I41: 0.765 | K41: 26985
B42: Yext | C42: YEXT | D42: 2017 | E42: 1.23 | F42: 1.19 | H42: 0.101 | I42: 0.746 | L42: 1.21
B43: Monday.com | C43: MNOY | D43: 2020 | E43: 8.58 | F43: 1.19 | G43: 0.43 | H43: 0.913 | I43: 0.87 | J43: 1.8 | K43: 1259 | L43: 1.16
B44: UserTesting | C44: USER | D44: 2020 | E44: 2.39 | F44: 1.19 | G44: 0.43 | H44: 0.442 | I44: 0.771 | J44: 1.3 | K44: 48664
B45: Mulesoft | C45: MULE | D45: 2016 | F45: 1.17 | L45: 1.21
B46: Alkami | C46: ALKT | D46: 2020 | E46: 7.02 | F46: 1.17 | G46: 2.3 | H46: 0.357 | I46: 0.55 | J46: 0.9 | K46: 494018 | L46: 1.14
B47: Procore | C47: PCOR | D47: 2019 | E47: 10.87 | F47: 1.17 | G47: 0.59 | H47: 0.286 | I47: 0.8 | J47: 0.8 | K47: 33999 | L47: 12 1%
B48: SentinelOne | C48: s | D48: 2020 | E48: 16.18 | F48: 1.17 | G48: 0.6 | H48: 1.201 | I48: 0.643 | J48: 2.5 | K48: 109478 | L48: 1.19
B49: Pingldentity | C49: PING | D49: 2019 | E49: 8.29 | F49: 1.16 | H49: 0.229 | I49: 0.748 | L49: 1.23
B50: Amplitude | C50: AMPL | D50: 2020 | E50: 6.76 | F50: 1.16 | G50: 0.66 | H50: 0.632 | I50: 0.697 | J50: 0.7 | K50: 98618 | L50: 1.19
B51: Zscaler | C51: ZS | D51: 2017 | E51: 18.88 | F51: 1.15 | G51: 0.57 | H51: 0.621 | I51: 0.779 | J51: 0.8 | K51: 44899 | L51: 1.15
B52: Docusign | C52: DOCU | D52: 2017 | E52: 3.94 | F52: 1.15 | G52: 0.49 | H52: 0.45 | I52: 0.781 | J52: 0.6 | K52: 1481 | L52: 1.15
B53: Couchbase | C53: BASE | D53: 2020 | E53: 2.47 | F53: 1.15 | G53: 0.3 | H53: 0.196 | I53: 0.877 | J53: 1.6 | K53: 188133 | L53: 1.15
B54: Fresh Works | C54: FRSH | D54: 2020 | E54: 5.88 | F54: 1.15 | G54: 0.58 | H54: 0.486 | I54: 0.797 | J54: 0.7 | K54: 5148 | L54: 1.11
B55: Samsara | C55: IOT | D55: 2020 | E55: 9.7 | F55: 1.15 | G55: 0.64 | H55: 0.714 | I55: 0.712 | K55: 9996
B56: Workiva | C56: WK | D56: 2013 | E56: 7.71 | F56: 1.14 | H56: 0.261 | I56: 0.76 | L56: 1.08
B57: Cloudflare | C57: NET | D57: 2019 | E57: 20.71 | F57: 1.14 | G57: 0.61 | H57: 0.523 | I57: 0.775 | J57: 1.5 | K57: 2838 | L57: 1.16
B58: Marin Software,Inc. | C58: MRIN | D58: 2012 | E58: -0.6 | F58: 1.14 | H58: -0.186 | I58: 0.408 | L58: 1.09
B59: SEMrush | C59: SEMR | D59: 2020 | E59: 6.23 | F59: 1.14 | G59: 0.6 | H59: 0.506 | I59: 0.789 | J59: 0.2 | K59: 1864 | L59: 1.2
B60: Sprinklr | C60: CXM | D60: 2020 | E60: 3.24 | F60: 1.14 | G60: 0.33 | H60: 0.273 | I60: 0.709 | J60: 0.5 | K60: 378972 | L60: 1.18
B61: Informatica | C61: INFA | D61: 2020 | E61: 4.51 | F61: 1.14 | G61: 0.04 | H61: 0.091 | I61: 0.806 | K61: 232122 | L61: 1.13
B62: BackBlaze | C62: BlZE | D62: 2020 | E62: 1.31 | F62: 1.14 | G62: 1.09 | H62: 0.255 | I62: 0.519 | J62: 0.3 | K62: 115 | L62: 1.13
B63: Livongo | C63: LVGO | D63: 2019 | E63: 43.01 | F63: 1.14 | G63: 1.03 | H63: 1.487 | I63: 0.753 | J63: 1 | K63: ---
B64: ForgeRock | C64: FORG | D64: 2020 | E64: 8.65 | F64: 1.13 | G64: 0.31 | H64: 0.386 | I64: 0.806 | J64: 1.4 | K64: 98180 | L64: 1.05
B65: Everbridge Inc | C65: EVBG | D65: 2015 | E65: 3.89 | F65: 1.12 | H65: 0.359 | I65: 0.687 | L65: 1.11
B66: Appian Corporation | C66: APPN | D66: 2016 | E66: 6.76 | F66: 1.12 | H66: 0.212 | I66: 0.718 | L66: 1.28
B67: Sendgrid | C67: SEND | D67: 2016 | F67: 1.11 | G67: 1.13 | J67: 0.2 | K67: 1776 | L67: 1.12
B68: PubMatic | C68: PUBM | D68: 2020 | E68: 3.02 | F68: 1.1 | G68: 0.4 | H68: 0.525 | I68: 0.722 | K68: 103519 | L68: 1.09
B69: Bill.com | C69: BILL | D69: 2019 | E69: 19.33 | F69: 1.1 | G69: 1.44 | H69: 1.694 | I69: 0.836 | J69: 0.2 | K69: 1338 | L69: 1.06
B70: zuora | C70: zuo | D70: 2018 | E70: 1.89 | F70: 1.1 | G70: 0.75 | H70: 0.135 | I70: 0.607 | J70: 0.8 | K70: 176764 | L70: 1.04
B71: Castlight Health,Inc. | C71: CSLT | D71: 2013 | E71: 1.96 | F71: 1.09 | H71: 0.024 | I71: 0.65
B72: ZoomInfo | C72: ZM | D72: 2020 | E72: 20.26 | F72: 1.09 | G72: 1.65 | H72: 0.569 | I72: 0.868 | K72: 19553 | L72: 1.02
B73: ON24 | C73: ONTF | D73: 2019 | E73: 0.39 | F73: 1.08 | G73: 0.14 | H73: 0.297 | I73: 0.742 | J73: 2.5 | K73: 63621 | L73: 1.07
B74: PowerschoolHoldings | C74: PWSC | D74: 2020 | E74: 6.87 | F74: 1.08 | H74: 0.284 | I74: 0.657 | L74: 1.04
B75: Definitive Healthcare | C75: DH | D75: 2020 | E75: 10.16 | F75: 1.08 | G75: 0.96 | H75: 0.404 | I75: 0.883 | K75: 45507 | L75: 1.06
B76: HealthCatalyst | C76: HCAT | D76: 2019 | E76: 1.33 | F76: 1.07 | H76: 0.281 | I76: 0.492 | L76: 1.08
B77: Bandwidth | C77: BAND | D77: 2017 | E77: 1.18 | F77: 1.07 | H77: 0.431 | I77: 0.429 | L77: 1.11
B78: Kaltura | C78: KLTR | D78: 2020 | E78: 1.22 | F78: 1.07 | G78: 0.78 | H78: 0.37 | I78: 0.635 | J78: 0.4 | K78: 120440 | L78: 1.05
B79: SproutSocial | C79: SPT | D79: 2019 | E79: 13.65 | F79: 1.06 | H79: 0.413 | I79: 0.752 | L79: 1.08
B80: Certara | C80: CERT | D80: 2019 | E80: 6.22 | F80: 1.06 | G80: 4.17 | H80: 0.175 | I80: 0.598 | K80: 126370
B81: avidxchange | C81: AVDX | D81: 2020 | E81: 4.73 | F81: 1.05 | G81: 0.76 | H81: 0.336 | I81: 0.606 | J81: 1.3 | K81: 26561 | L81: 1.02
B82: Xactly | C82: XTLY | D82: 2015 | F82: 1.04 | L82: 1.02
B83: DigitalOcean | C83: DOCN | D83: 2020 | E83: 7.76 | F83: 1.03 | G83: 1.9 | H83: 0.346 | I83: 0.63 | J83: 0.2 | K83: 556 | L83: 1
B84: Secureworks | C84: scwx | D84: 2016 | E84: 1.05 | F84: 1.02 | H84: -0.046 | I84: 0.594 | L84: 0.97
B85: Amber Road | C85: AMBR | D85: 2013 | F85: 1.02 | L85: 1.02
B86: Weave | C86: WEAV | D86: 2020 | E86: 2.68 | F86: 1.02 | G86: 0.87 | H86: 0.45 | I86: 0.585 | J86: 1.2 | K86: 3995 | L86: 0.97
B87: Shopify | C87: SHOP | D87: 2014 | E87: 6.05 | F87: 1.01 | H87: 0.574 | I87: 0.519 | L87: 1.01 | AI87: Median | AK87: 167926 | AL87: 104900 | AM87: 51414 | AN87: -33523 | AO87: 0.96 | AP87: 1.0 years
B88: SimilarWeb | C88: SMWB | D88: 2020 | E88: 2.55 | F88: 1.01 | G88: 0.43 | H88: 0.473 | I88: 0.728 | J88: 0.3 | K88: 34400 | L88: 1.03
B89: Instructure | C89: INST | D89: 2015 | F89: 1 | L89: 1
B90: Five9, Inc. | C90: FIVN | D90: 2013 | E90: 5.89 | F90: 1 | H90: 0.402 | I90: 0.538 | L90: 1.07
B91: Channel Advisors | C91: ECOM | D91: 2012 | F91: 1 | L91: 1
B92: RingCentral,Inc. | C92: RNG | D92: 2013 | E92: 2.53 | F92: 0.99 | H92: 0.347 | I92: 0.692 | L92: 0.99
B93: Tabula Healthcare Services | C93: TRHC | D93: 2015 | E93: 1.33 | F93: 0.99 | H93: 0.115 | I93: 0.278 | L93: 0.95
B94: EverCommerce | C94: EVCM | D94: 2020 | E94: 3.47 | F94: 0.99 | G94: 1.9 | H94: 0.452 | I94: 0.661 | K94: 675 | L94: 0.99
B95: Fastly | C95: FSLY | D95: 2019 | E95: 2.62 | F95: 0.99 | G95: 0.79 | H95: 0.218 | I95: 0.487 | J95: 0.7 | K95: 91380 | L95: 0.99
B96: Expensify | C96: EXFY | D96: 2020 | E96: 6.83 | F96: 0.98 | G96: 0.77 | H96: 0.622 | I96: 0.578 | K96: 1662 | L96: 1.19
B97: McAfee | C97: MCFE | D97: 2019 | E97: 7.13 | F97: 0.97 | G97: 0.29 | H97: 0.232 | I97: 0.755 | K97: --- | L97: 0.93
B98: Cornerstone OnDemand, I | C98: nCSOD | D98: 2010 | E98: 5.83 | F98: 0.96 | H98: 0.285 | I98: 0.701 | L98: 0.95
B99: Benefitfocus,Inc. | C99: BNFT | D99: 2013 | E99: 1.7 | F99: 0.95 | H99: -0.019 | I99: 0.509 | L99: 0.95
B100: SurveyMonkey | C100: SVMK | D100: 2018 | F100: 0.95
B101: Paycor | C101: PYCR | D101: 2020 | E101: 11.42 | F101: 0.94 | H101: 0.217 | I101: 0.608 | L101: 0.96
...

Sheet Primer
E2: Revenue, month-over-month | S2: Months since the cohort initiation
B3: Cohort | C3: Customer ID | D3: Base | E3: 44592 | F3: =EOMONTH(E3,1) -> 44620 | G3: =EOMONTH(F3,1) -> 44651 | H3: =EOMONTH(G3,1) -> 44681 | I3: =EOMONTH(H3,1) -> 44712 | J3: =EOMONTH(I3,1) -> 44742 | K3: =EOMONTH(J3,1) -> 44773 | L3: =EOMONTH(K3,1) -> 44804 | M3: =EOMONTH(L3,1) -> 44834 | ... P3: =EOMONTH(O3,1) -> 44926 | R3: Cohorts - Revenue | S3: 1 | T3: =S3+1 -> 2 | U3: =T3+1 -> 3 | V3: =U3+1 -> 4 | W3: =V3+1 -> 5 | X3: =W3+1 -> 6 | Y3: =X3+1 -> 7 | Z3: =Y3+1 -> 8 | AA3: =Z3+1 -> 9 | ... AD3: =AC3+1 -> 12
B4: {=INDEX($E$3:$P$3,MATCH(TRUE,INDEX(E4:P4<>0,),0))} -> 44592 | C4: 1 | E4: 18720 | F4: 18720 | G4: 18720 | H4: 18720 | I4: 18720 | J4: 18720 | K4: 18720 | L4: 18720 | M4: 18720 | N4: 18720 | O4: 18720 | P4: 18720 | R4: 44592 | S4: {=SUMPRODUCT($D$57:$O$68*($D$91:$O$102=S$3)*($C$57:$C$68=$R4))} -> 108960 | T4: {=SUMPRODUCT($D$57:$O$68*($D$91:$O$102=T$3)*($C$57:$C$68=$R4))} -> 99360 | U4: {=SUMPRODUCT($D$57:$O$68*($D$91:$O$102=U$3)*($C$57:$C$68=$R4))} -> 99360 | V4: {=SUMPRODUCT($D$57:$O$68*($D$91:$O$102=V$3)*($C$57:$C$68=$R4))} -> 99360 | W4: {=SUMPRODUCT($D$57:$O$68*($D$91:$O$102=W$3)*($C$57:$C$68=$R4))} -> 99360 | X4: {=SUMPRODUCT($D$57:$O$68*($D$91:$O$102=X$3)*($C$57:$C$68=$R4))} -> 99360 | Y4: {=SUMPRODUCT($D$57:$O$68*($D$91:$O$102=Y$3)*($C$57:$C$68=$R4))} -> 99360 | Z4: {=SUMPRODUCT($D$57:$O$68*($D$91:$O$102=Z$3)*($C$57:$C$68=$R4))} -> 99360 | ... AD4: {=SUMPRODUCT($D$57:$O$68*($D$91:$O$102=AD$3)*($C$57:$C$68=$R4))} -> 99360
B5: {=INDEX($E$3:$P$3,MATCH(TRUE,INDEX(E5:P5<>0,),0))} -> 44592 | C5: 2 | E5: 9600 | R5: =EOMONTH(R4,1) -> 44620 | S5: {=SUMPRODUCT($D$57:$O$68*($D$91:$O$102=S$3)*($C$57:$C$68=$R5))} -> 26748 | T5: {=SUMPRODUCT($D$57:$O$68*($D$91:$O$102=T$3)*($C$57:$C$68=$R5))} -> 26868 | U5: {=SUMPRODUCT($D$57:$O$68*($D$91:$O$102=U$3)*($C$57:$C$68=$R5))} -> 26208 | V5: {=SUMPRODUCT($D$57:$O$68*($D$91:$O$102=V$3)*($C$57:$C$68=$R5))} -> 26748 | W5: {=SUMPRODUCT($D$57:$O$68*($D$91:$O$102=W$3)*($C$57:$C$68=$R5))} -> 27528 | X5: {=SUMPRODUCT($D$57:$O$68*($D$91:$O$102=X$3)*($C$57:$C$68=$R5))} -> 27528 | Y5: {=SUMPRODUCT($D$57:$O$68*($D$91:$O$102=Y$3)*($C$57:$C$68=$R5))} -> 16428 | Z5: {=SUMPRODUCT($D$57:$O$68*($D$91:$O$102=Z$3)*($C$57:$C$68=$R5))} -> 10008 | ... AD5: {=SUMPRODUCT($D$57:$O$68*($D$91:$O$102=AD$3)*($C$57:$C$68=$R5))} -> 0
B6: {=INDEX($E$3:$P$3,MATCH(TRUE,INDEX(E6:P6<>0,),0))} -> 44592 | C6: 3 | E6: 80640 | F6: 80640 | G6: 80640 | H6: 80640 | I6: 80640 | J6: 80640 | K6: 80640 | L6: 80640 | M6: 80640 | N6: 80640 | O6: 80640 | P6: 80640 | R6: =EOMONTH(R5,1) -> 44651 | S6: {=SUMPRODUCT($D$57:$O$68*($D$91:$O$102=S$3)*($C$57:$C$68=$R6))} -> 67416 | T6: {=SUMPRODUCT($D$57:$O$68*($D$91:$O$102=T$3)*($C$57:$C$68=$R6))} -> 68184 | U6: {=SUMPRODUCT($D$57:$O$68*($D$91:$O$102=U$3)*($C$57:$C$68=$R6))} -> 68952 | V6: {=SUMPRODUCT($D$57:$O$68*($D$91:$O$102=V$3)*($C$57:$C$68=$R6))} -> 69864 | W6: {=SUMPRODUCT($D$57:$O$68*($D$91:$O$102=W$3)*($C$57:$C$68=$R6))} -> 70344 | X6: {=SUMPRODUCT($D$57:$O$68*($D$91:$O$102=X$3)*($C$57:$C$68=$R6))} -> 69864 | Y6: {=SUMPRODUCT($D$57:$O$68*($D$91:$O$102=Y$3)*($C$57:$C$68=$R6))} -> 72600 | Z6: {=SUMPRODUCT($D$57:$O$68*($D$91:$O$102=Z$3)*($C$57:$C$68=$R6))} -> 78072 | ... AD6: {=SUMPRODUCT($D$57:$O$68*($D$91:$O$102=AD$3)*($C$57:$C$68=$R6))} -> 0
B7: {=INDEX($E$3:$P$3,MATCH(TRUE,INDEX(E7:P7<>0,),0))} -> 44620 | C7: 4 | F7: 10008 | G7: 10008 | H7: 10008 | I7: 10008 | J7: 10008 | K7: 10008 | L7: 10008 | M7: 10008 | N7: 10008 | O7: 10008 | P7: 10008 | R7: =EOMONTH(R6,1) -> 44681 | S7: {=SUMPRODUCT($D$57:$O$68*($D$91:$O$102=S$3)*($C$57:$C$68=$R7))} -> 10184 | T7: {=SUMPRODUCT($D$57:$O$68*($D$91:$O$102=T$3)*($C$57:$C$68=$R7))} -> 10184 | U7: {=SUMPRODUCT($D$57:$O$68*($D$91:$O$102=U$3)*($C$57:$C$68=$R7))} -> 10184 | V7: {=SUMPRODUCT($D$57:$O$68*($D$91:$O$102=V$3)*($C$57:$C$68=$R7))} -> 10184 | W7: {=SUMPRODUCT($D$57:$O$68*($D$91:$O$102=W$3)*($C$57:$C$68=$R7))} -> 10184 | X7: {=SUMPRODUCT($D$57:$O$68*($D$91:$O$102=X$3)*($C$57:$C$68=$R7))} -> 5000 | Y7: {=SUMPRODUCT($D$57:$O$68*($D$91:$O$102=Y$3)*($C$57:$C$68=$R7))} -> 5000 | Z7: {=SUMPRODUCT($D$57:$O$68*($D$91:$O$102=Z$3)*($C$57:$C$68=$R7))} -> 5000 | ... AD7: {=SUMPRODUCT($D$57:$O$68*($D$91:$O$102=AD$3)*($C$57:$C$68=$R7))} -> 0
B8: {=INDEX($E$3:$P$3,MATCH(TRUE,INDEX(E8:P8<>0,),0))} -> 44620 | C8: 5 | F8: 10320 | G8: 10440 | H8: 9780 | I8: 10320 | J8: 11100 | K8: 11100 | R8: =EOMONTH(R7,1) -> 44712 | S8: {=SUMPRODUCT($D$57:$O$68*($D$91:$O$102=S$3)*($C$57:$C$68=$R8))} -> 29988 | T8: {=SUMPRODUCT($D$57:$O$68*($D$91:$O$102=T$3)*($C$57:$C$68=$R8))} -> 29988 | U8: {=SUMPRODUCT($D$57:$O$68*($D$91:$O$102=U$3)*($C$57:$C$68=$R8))} -> 29988 | V8: {=SUMPRODUCT($D$57:$O$68*($D$91:$O$102=V$3)*($C$57:$C$68=$R8))} -> 29988 | W8: {=SUMPRODUCT($D$57:$O$68*($D$91:$O$102=W$3)*($C$57:$C$68=$R8))} -> 29988 | X8: {=SUMPRODUCT($D$57:$O$68*($D$91:$O$102=X$3)*($C$57:$C$68=$R8))} -> 29988 | Y8: {=SUMPRODUCT($D$57:$O$68*($D$91:$O$102=Y$3)*($C$57:$C$68=$R8))} -> 29988 | Z8: {=SUMPRODUCT($D$57:$O$68*($D$91:$O$102=Z$3)*($C$57:$C$68=$R8))} -> 24900 | ... AD8: {=SUMPRODUCT($D$57:$O$68*($D$91:$O$102=AD$3)*($C$57:$C$68=$R8))} -> 0
B9: {=INDEX($E$3:$P$3,MATCH(TRUE,INDEX(E9:P9<>0,),0))} -> 44620 | C9: 6 | F9: 6420 | G9: 6420 | H9: 6420 | I9: 6420 | J9: 6420 | K9: 6420 | L9: 6420 | R9: =EOMONTH(R8,1) -> 44742 | S9: {=SUMPRODUCT($D$57:$O$68*($D$91:$O$102=S$3)*($C$57:$C$68=$R9))} -> 5000 | T9: {=SUMPRODUCT($D$57:$O$68*($D$91:$O$102=T$3)*($C$57:$C$68=$R9))} -> 5000 | U9: {=SUMPRODUCT($D$57:$O$68*($D$91:$O$102=U$3)*($C$57:$C$68=$R9))} -> 5000 | V9: {=SUMPRODUCT($D$57:$O$68*($D$91:$O$102=V$3)*($C$57:$C$68=$R9))} -> 5000 | W9: {=SUMPRODUCT($D$57:$O$68*($D$91:$O$102=W$3)*($C$57:$C$68=$R9))} -> 5000 | X9: {=SUMPRODUCT($D$57:$O$68*($D$91:$O$102=X$3)*($C$57:$C$68=$R9))} -> 5000 | Y9: {=SUMPRODUCT($D$57:$O$68*($D$91:$O$102=Y$3)*($C$57:$C$68=$R9))} -> 0 | Z9: {=SUMPRODUCT($D$57:$O$68*($D$91:$O$102=Z$3)*($C$57:$C$68=$R9))} -> 0 | ... AD9: {=SUMPRODUCT($D$57:$O$68*($D$91:$O$102=AD$3)*($C$57:$C$68=$R9))} -> 0
B10: {=INDEX($E$3:$P$3,MATCH(TRUE,INDEX(E10:P10<>0,),0))} -> 44651 | C10: 7 | G10: 7728 | H10: 8496 | I10: 9264 | J10: 10176 | K10: 10656 | L10: 10176 | M10: 12912 | N10: 18384 | O10: 18240 | P10: 18240 | R10: =EOMONTH(R9,1) -> 44773 | S10: {=SUMPRODUCT($D$57:$O$68*($D$91:$O$102=S$3)*($C$57:$C$68=$R10))} -> 14040 | T10: {=SUMPRODUCT($D$57:$O$68*($D$91:$O$102=T$3)*($C$57:$C$68=$R10))} -> 14040 | U10: {=SUMPRODUCT($D$57:$O$68*($D$91:$O$102=U$3)*($C$57:$C$68=$R10))} -> 14040 | V10: {=SUMPRODUCT($D$57:$O$68*($D$91:$O$102=V$3)*($C$57:$C$68=$R10))} -> 14040 | W10: {=SUMPRODUCT($D$57:$O$68*($D$91:$O$102=W$3)*($C$57:$C$68=$R10))} -> 14040 | X10: {=SUMPRODUCT($D$57:$O$68*($D$91:$O$102=X$3)*($C$57:$C$68=$R10))} -> 14040 | Y10: {=SUMPRODUCT($D$57:$O$68*($D$91:$O$102=Y$3)*($C$57:$C$68=$R10))} -> 0 | Z10: {=SUMPRODUCT($D$57:$O$68*($D$91:$O$102=Z$3)*($C$57:$C$68=$R10))} -> 0 | ... AD10: {=SUMPRODUCT($D$57:$O$68*($D$91:$O$102=AD$3)*($C$57:$C$68=$R10))} -> 0
B11: {=INDEX($E$3:$P$3,MATCH(TRUE,INDEX(E11:P11<>0,),0))} -> 44651 | C11: 8 | G11: 15000 | H11: 15000 | I11: 15000 | J11: 15000 | K11: 15000 | L11: 15000 | M11: 15000 | N11: 15000 | O11: 22092 | P11: 22092 | R11: =EOMONTH(R10,1) -> 44804 | S11: {=SUMPRODUCT($D$57:$O$68*($D$91:$O$102=S$3)*($C$57:$C$68=$R11))} -> 33060 | T11: {=SUMPRODUCT($D$57:$O$68*($D$91:$O$102=T$3)*($C$57:$C$68=$R11))} -> 33060 | U11: {=SUMPRODUCT($D$57:$O$68*($D$91:$O$102=U$3)*($C$57:$C$68=$R11))} -> 33060 | V11: {=SUMPRODUCT($D$57:$O$68*($D$91:$O$102=V$3)*($C$57:$C$68=$R11))} -> 33060 | W11: {=SUMPRODUCT($D$57:$O$68*($D$91:$O$102=W$3)*($C$57:$C$68=$R11))} -> 24480 | X11: {=SUMPRODUCT($D$57:$O$68*($D$91:$O$102=X$3)*($C$57:$C$68=$R11))} -> 0 | Y11: {=SUMPRODUCT($D$57:$O$68*($D$91:$O$102=Y$3)*($C$57:$C$68=$R11))} -> 0 | Z11: {=SUMPRODUCT($D$57:$O$68*($D$91:$O$102=Z$3)*($C$57:$C$68=$R11))} -> 0 | ... AD11: {=SUMPRODUCT($D$57:$O$68*($D$91:$O$102=AD$3)*($C$57:$C$68=$R11))} -> 0
B12: {=INDEX($E$3:$P$3,MATCH(TRUE,INDEX(E12:P12<>0,),0))} -> 44651 | C12: 9 | G12: 30288 | H12: 30288 | I12: 30288 | J12: 30288 | K12: 30288 | L12: 30288 | M12: 30288 | N12: 30288 | O12: 30288 | P12: 30288 | R12: =EOMONTH(R11,1) -> 44834 | S12: {=SUMPRODUCT($D$57:$O$68*($D$91:$O$102=S$3)*($C$57:$C$68=$R12))} -> 20600 | T12: {=SUMPRODUCT($D$57:$O$68*($D$91:$O$102=T$3)*($C$57:$C$68=$R12))} -> 20600 | U12: {=SUMPRODUCT($D$57:$O$68*($D$91:$O$102=U$3)*($C$57:$C$68=$R12))} -> 20600 | V12: {=SUMPRODUCT($D$57:$O$68*($D$91:$O$102=V$3)*($C$57:$C$68=$R12))} -> 20600 | W12: {=SUMPRODUCT($D$57:$O$68*($D$91:$O$102=W$3)*($C$57:$C$68=$R12))} -> 0 | X12: {=SUMPRODUCT($D$57:$O$68*($D$91:$O$102=X$3)*($C$57:$C$68=$R12))} -> 0 | Y12: {=SUMPRODUCT($D$57:$O$68*($D$91:$O$102=Y$3)*($C$57:$C$68=$R12))} -> 0 | Z12: {=SUMPRODUCT($D$57:$O$68*($D$91:$O$102=Z$3)*($C$57:$C$68=$R12))} -> 0 | ... AD12: {=SUMPRODUCT($D$57:$O$68*($D$91:$O$102=AD$3)*($C$57:$C$68=$R12))} -> 0
B13: {=INDEX($E$3:$P$3,MATCH(TRUE,INDEX(E13:P13<>0,),0))} -> 44651 | C13: 10 | G13: 14400 | H13: 14400 | I13: 14400 | J13: 14400 | K13: 14400 | L13: 14400 | M13: 14400 | N13: 14400 | O13: 14400 | P13: 14400 | R13: =EOMONTH(R12,1) -> 44865 | S13: {=SUMPRODUCT($D$57:$O$68*($D$91:$O$102=S$3)*($C$57:$C$68=$R13))} -> 29970 | T13: {=SUMPRODUCT($D$57:$O$68*($D$91:$O$102=T$3)*($C$57:$C$68=$R13))} -> 29970 | U13: {=SUMPRODUCT($D$57:$O$68*($D$91:$O$102=U$3)*($C$57:$C$68=$R13))} -> 17820 | V13: {=SUMPRODUCT($D$57:$O$68*($D$91:$O$102=V$3)*($C$57:$C$68=$R13))} -> 0 | W13: {=SUMPRODUCT($D$57:$O$68*($D$91:$O$102=W$3)*($C$57:$C$68=$R13))} -> 0 | X13: {=SUMPRODUCT($D$57:$O$68*($D$91:$O$102=X$3)*($C$57:$C$68=$R13))} -> 0 | Y13: {=SUMPRODUCT($D$57:$O$68*($D$91:$O$102=Y$3)*($C$57:$C$68=$R13))} -> 0 | Z13: {=SUMPRODUCT($D$57:$O$68*($D$91:$O$102=Z$3)*($C$57:$C$68=$R13))} -> 0 | ... AD13: {=SUMPRODUCT($D$57:$O$68*($D$91:$O$102=AD$3)*($C$57:$C$68=$R13))} -> 0
B14: {=INDEX($E$3:$P$3,MATCH(TRUE,INDEX(E14:P14<>0,),0))} -> 44681 | C14: 11 | H14: 5184 | I14: 5184 | J14: 5184 | K14: 5184 | L14: 5184 | R14: =EOMONTH(R13,1) -> 44895 | S14: {=SUMPRODUCT($D$57:$O$68*($D$91:$O$102=S$3)*($C$57:$C$68=$R14))} -> 39228 | T14: {=SUMPRODUCT($D$57:$O$68*($D$91:$O$102=T$3)*($C$57:$C$68=$R14))} -> 39228 | U14: {=SUMPRODUCT($D$57:$O$68*($D$91:$O$102=U$3)*($C$57:$C$68=$R14))} -> 0 | V14: {=SUMPRODUCT($D$57:$O$68*($D$91:$O$102=V$3)*($C$57:$C$68=$R14))} -> 0 | W14: {=SUMPRODUCT($D$57:$O$68*($D$91:$O$102=W$3)*($C$57:$C$68=$R14))} -> 0 | X14: {=SUMPRODUCT($D$57:$O$68*($D$91:$O$102=X$3)*($C$57:$C$68=$R14))} -> 0 | Y14: {=SUMPRODUCT($D$57:$O$68*($D$91:$O$102=Y$3)*($C$57:$C$68=$R14))} -> 0 | Z14: {=SUMPRODUCT($D$57:$O$68*($D$91:$O$102=Z$3)*($C$57:$C$68=$R14))} -> 0 | ... AD14: {=SUMPRODUCT($D$57:$O$68*($D$91:$O$102=AD$3)*($C$57:$C$68=$R14))} -> 0
B15: {=INDEX($E$3:$P$3,MATCH(TRUE,INDEX(E15:P15<>0,),0))} -> 44681 | C15: 12 | H15: 5000 | I15: 5000 | J15: 5000 | K15: 5000 | L15: 5000 | M15: 5000 | N15: 5000 | O15: 5000 | P15: 5000 | R15: =EOMONTH(R14,1) -> 44926 | S15: {=SUMPRODUCT($D$57:$O$68*($D$91:$O$102=S$3)*($C$57:$C$68=$R15))} -> 45144 | T15: {=SUMPRODUCT($D$57:$O$68*($D$91:$O$102=T$3)*($C$57:$C$68=$R15))} -> 0 | U15: {=SUMPRODUCT($D$57:$O$68*($D$91:$O$102=U$3)*($C$57:$C$68=$R15))} -> 0 | V15: {=SUMPRODUCT($D$57:$O$68*($D$91:$O$102=V$3)*($C$57:$C$68=$R15))} -> 0 | W15: {=SUMPRODUCT($D$57:$O$68*($D$91:$O$102=W$3)*($C$57:$C$68=$R15))} -> 0 | X15: {=SUMPRODUCT($D$57:$O$68*($D$91:$O$102=X$3)*($C$57:$C$68=$R15))} -> 0 | Y15: {=SUMPRODUCT($D$57:$O$68*($D$91:$O$102=Y$3)*($C$57:$C$68=$R15))} -> 0 | Z15: {=SUMPRODUCT($D$57:$O$68*($D$91:$O$102=Z$3)*($C$57:$C$68=$R15))} -> 0 | ... AD15: {=SUMPRODUCT($D$57:$O$68*($D$91:$O$102=AD$3)*($C$57:$C$68=$R15))} -> 0
B16: {=INDEX($E$3:$P$3,MATCH(TRUE,INDEX(E16:P16<>0,),0))} -> 44712 | C16: 13 | I16: 8208 | J16: 8208 | K16: 8208 | L16: 8208 | M16: 8208 | N16: 8208 | O16: 8208
B17: {=INDEX($E$3:$P$3,MATCH(TRUE,INDEX(E17:P17<>0,),0))} -> 44712 | C17: 14 | I17: 21780 | J17: 21780 | K17: 21780 | L17: 21780 | M17: 21780 | N17: 21780 | O17: 21780 | P17: 24900
B18: {=INDEX($E$3:$P$3,MATCH(TRUE,INDEX(E18:P18<>0,),0))} -> 44742 | C18: 15 | J18: 5000 | K18: 5000 | L18: 5000 | M18: 5000 | N18: 5000 | O18: 5000
B19: {=INDEX($E$3:$P$3,MATCH(TRUE,INDEX(E19:P19<>0,),0))} -> 44773 | C19: 16 | K19: 7500 | L19: 7500 | M19: 7500 | N19: 7500 | O19: 7500 | P19: 7500
B20: {=INDEX($E$3:$P$3,MATCH(TRUE,INDEX(E20:P20<>0,),0))} -> 44773 | C20: 17 | K20: 6540 | L20: 6540 | M20: 6540 | N20: 6540 | O20: 6540 | P20: 6540
B21: {=INDEX($E$3:$P$3,MATCH(TRUE,INDEX(E21:P21<>0,),0))} -> 44804 | C21: 18 | L21: 7440 | M21: 7440 | N21: 7440 | O21: 7440 | P21: 7440 | S21: Months since the cohort initiation
B22: {=INDEX($E$3:$P$3,MATCH(TRUE,INDEX(E22:P22<>0,),0))} -> 44804 | C22: 19 | L22: 17040 | M22: 17040 | N22: 17040 | O22: 17040 | P22: 17040 | R22: Cohorts - Customers | S22: 1 | T22: =S22+1 -> 2 | U22: =T22+1 -> 3 | V22: =U22+1 -> 4 | W22: =V22+1 -> 5 | X22: =W22+1 -> 6 | Y22: =X22+1 -> 7 | Z22: =Y22+1 -> 8 | AA22: =Z22+1 -> 9 | ... AD22: =AC22+1 -> 12
B23: {=INDEX($E$3:$P$3,MATCH(TRUE,INDEX(E23:P23<>0,),0))} -> 44804 | C23: 20 | L23: 8580 | M23: 8580 | N23: 8580 | O23: 8580 | R23: 44592 | S23: {=SUMPRODUCT($D$74:$O$85*($D$91:$O$102=S$3)*($C$57:$C$68=$R4))} -> 3 | T23: {=SUMPRODUCT($D$74:$O$85*($D$91:$O$102=T$3)*($C$57:$C$68=$R4))} -> 2 | U23: {=SUMPRODUCT($D$74:$O$85*($D$91:$O$102=U$3)*($C$57:$C$68=$R4))} -> 2 | V23: {=SUMPRODUCT($D$74:$O$85*($D$91:$O$102=V$3)*($C$57:$C$68=$R4))} -> 2 | W23: {=SUMPRODUCT($D$74:$O$85*($D$91:$O$102=W$3)*($C$57:$C$68=$R4))} -> 2 | X23: {=SUMPRODUCT($D$74:$O$85*($D$91:$O$102=X$3)*($C$57:$C$68=$R4))} -> 2 | Y23: {=SUMPRODUCT($D$74:$O$85*($D$91:$O$102=Y$3)*($C$57:$C$68=$R4))} -> 2 | Z23: {=SUMPRODUCT($D$74:$O$85*($D$91:$O$102=Z$3)*($C$57:$C$68=$R4))} -> 2 | ... AD23: {=SUMPRODUCT($D$74:$O$85*($D$91:$O$102=AD$3)*($C$57:$C$68=$R4))} -> 2
B24: {=INDEX($E$3:$P$3,MATCH(TRUE,INDEX(E24:P24<>0,),0))} -> 44834 | C24: =C23+1 -> 21 | M24: 12600 | N24: 12600 | O24: 12600 | P24: 12600 | R24: =EOMONTH(R23,1) -> 44620 | S24: {=SUMPRODUCT($D$74:$O$85*($D$91:$O$102=S$3)*($C$57:$C$68=$R5))} -> 3 | T24: {=SUMPRODUCT($D$74:$O$85*($D$91:$O$102=T$3)*($C$57:$C$68=$R5))} -> 3 | U24: {=SUMPRODUCT($D$74:$O$85*($D$91:$O$102=U$3)*($C$57:$C$68=$R5))} -> 3 | V24: {=SUMPRODUCT($D$74:$O$85*($D$91:$O$102=V$3)*($C$57:$C$68=$R5))} -> 3 | W24: {=SUMPRODUCT($D$74:$O$85*($D$91:$O$102=W$3)*($C$57:$C$68=$R5))} -> 3 | X24: {=SUMPRODUCT($D$74:$O$85*($D$91:$O$102=X$3)*($C$57:$C$68=$R5))} -> 3 | Y24: {=SUMPRODUCT($D$74:$O$85*($D$91:$O$102=Y$3)*($C$57:$C$68=$R5))} -> 2 | Z24: {=SUMPRODUCT($D$74:$O$85*($D$91:$O$102=Z$3)*($C$57:$C$68=$R5))} -> 1 | ... AD24: {=SUMPRODUCT($D$74:$O$85*($D$91:$O$102=AD$3)*($C$57:$C$68=$R5))} -> 0
B25: {=INDEX($E$3:$P$3,MATCH(TRUE,INDEX(E25:P25<>0,),0))} -> 44834 | C25: =C24+1 -> 22 | M25: 8000 | N25: 8000 | O25: 8000 | P25: 8000 | R25: =EOMONTH(R24,1) -> 44651 | S25: {=SUMPRODUCT($D$74:$O$85*($D$91:$O$102=S$3)*($C$57:$C$68=$R6))} -> 4 | T25: {=SUMPRODUCT($D$74:$O$85*($D$91:$O$102=T$3)*($C$57:$C$68=$R6))} -> 4 | U25: {=SUMPRODUCT($D$74:$O$85*($D$91:$O$102=U$3)*($C$57:$C$68=$R6))} -> 4 | V25: {=SUMPRODUCT($D$74:$O$85*($D$91:$O$102=V$3)*($C$57:$C$68=$R6))} -> 4 | W25: {=SUMPRODUCT($D$74:$O$85*($D$91:$O$102=W$3)*($C$57:$C$68=$R6))} -> 4 | X25: {=SUMPRODUCT($D$74:$O$85*($D$91:$O$102=X$3)*($C$57:$C$68=$R6))} -> 4 | Y25: {=SUMPRODUCT($D$74:$O$85*($D$91:$O$102=Y$3)*($C$57:$C$68=$R6))} -> 4 | Z25: {=SUMPRODUCT($D$74:$O$85*($D$91:$O$102=Z$3)*($C$57:$C$68=$R6))} -> 4 | ... AD25: {=SUMPRODUCT($D$74:$O$85*($D$91:$O$102=AD$3)*($C$57:$C$68=$R6))} -> 0
B26: {=INDEX($E$3:$P$3,MATCH(TRUE,INDEX(E26:P26<>0,),0))} -> 44865 | C26: =C25+1 -> 23 | N26: 17820 | O26: 17820 | P26: 17820 | R26: =EOMONTH(R25,1) -> 44681 | S26: {=SUMPRODUCT($D$74:$O$85*($D$91:$O$102=S$3)*($C$57:$C$68=$R7))} -> 2 | T26: {=SUMPRODUCT($D$74:$O$85*($D$91:$O$102=T$3)*($C$57:$C$68=$R7))} -> 2 | U26: {=SUMPRODUCT($D$74:$O$85*($D$91:$O$102=U$3)*($C$57:$C$68=$R7))} -> 2 | V26: {=SUMPRODUCT($D$74:$O$85*($D$91:$O$102=V$3)*($C$57:$C$68=$R7))} -> 2 | W26: {=SUMPRODUCT($D$74:$O$85*($D$91:$O$102=W$3)*($C$57:$C$68=$R7))} -> 2 | X26: {=SUMPRODUCT($D$74:$O$85*($D$91:$O$102=X$3)*($C$57:$C$68=$R7))} -> 1 | Y26: {=SUMPRODUCT($D$74:$O$85*($D$91:$O$102=Y$3)*($C$57:$C$68=$R7))} -> 1 | Z26: {=SUMPRODUCT($D$74:$O$85*($D$91:$O$102=Z$3)*($C$57:$C$68=$R7))} -> 1 | ... AD26: {=SUMPRODUCT($D$74:$O$85*($D$91:$O$102=AD$3)*($C$57:$C$68=$R7))} -> 0
B27: {=INDEX($E$3:$P$3,MATCH(TRUE,INDEX(E27:P27<>0,),0))} -> 44865 | C27: =C26+1 -> 24 | N27: 12150 | O27: 12150 | R27: =EOMONTH(R26,1) -> 44712 | S27: {=SUMPRODUCT($D$74:$O$85*($D$91:$O$102=S$3)*($C$57:$C$68=$R8))} -> 2 | T27: {=SUMPRODUCT($D$74:$O$85*($D$91:$O$102=T$3)*($C$57:$C$68=$R8))} -> 2 | U27: {=SUMPRODUCT($D$74:$O$85*($D$91:$O$102=U$3)*($C$57:$C$68=$R8))} -> 2 | V27: {=SUMPRODUCT($D$74:$O$85*($D$91:$O$102=V$3)*($C$57:$C$68=$R8))} -> 2 | W27: {=SUMPRODUCT($D$74:$O$85*($D$91:$O$102=W$3)*($C$57:$C$68=$R8))} -> 2 | X27: {=SUMPRODUCT($D$74:$O$85*($D$91:$O$102=X$3)*($C$57:$C$68=$R8))} -> 2 | Y27: {=SUMPRODUCT($D$74:$O$85*($D$91:$O$102=Y$3)*($C$57:$C$68=$R8))} -> 2 | Z27: {=SUMPRODUCT($D$74:$O$85*($D$91:$O$102=Z$3)*($C$57:$C$68=$R8))} -> 1 | ... AD27: {=SUMPRODUCT($D$74:$O$85*($D$91:$O$102=AD$3)*($C$57:$C$68=$R8))} -> 0
B28: {=INDEX($E$3:$P$3,MATCH(TRUE,INDEX(E28:P28<>0,),0))} -> 44895 | C28: =C27+1 -> 25 | O28: 7980 | P28: 7980 | R28: =EOMONTH(R27,1) -> 44742 | S28: {=SUMPRODUCT($D$74:$O$85*($D$91:$O$102=S$3)*($C$57:$C$68=$R9))} -> 1 | T28: {=SUMPRODUCT($D$74:$O$85*($D$91:$O$102=T$3)*($C$57:$C$68=$R9))} -> 1 | U28: {=SUMPRODUCT($D$74:$O$85*($D$91:$O$102=U$3)*($C$57:$C$68=$R9))} -> 1 | V28: {=SUMPRODUCT($D$74:$O$85*($D$91:$O$102=V$3)*($C$57:$C$68=$R9))} -> 1 | W28: {=SUMPRODUCT($D$74:$O$85*($D$91:$O$102=W$3)*($C$57:$C$68=$R9))} -> 1 | X28: {=SUMPRODUCT($D$74:$O$85*($D$91:$O$102=X$3)*($C$57:$C$68=$R9))} -> 1 | Y28: {=SUMPRODUCT($D$74:$O$85*($D$91:$O$102=Y$3)*($C$57:$C$68=$R9))} -> 0 | Z28: {=SUMPRODUCT($D$74:$O$85*($D$91:$O$102=Z$3)*($C$57:$C$68=$R9))} -> 0 | ... AD28: {=SUMPRODUCT($D$74:$O$85*($D$91:$O$102=AD$3)*($C$57:$C$68=$R9))} -> 0
B29: {=INDEX($E$3:$P$3,MATCH(TRUE,INDEX(E29:P29<>0,),0))} -> 44895 | C29: =C28+1 -> 26 | O29: 10368 | P29: 10368 | R29: =EOMONTH(R28,1) -> 44773 | S29: {=SUMPRODUCT($D$74:$O$85*($D$91:$O$102=S$3)*($C$57:$C$68=$R10))} -> 2 | T29: {=SUMPRODUCT($D$74:$O$85*($D$91:$O$102=T$3)*($C$57:$C$68=$R10))} -> 2 | U29: {=SUMPRODUCT($D$74:$O$85*($D$91:$O$102=U$3)*($C$57:$C$68=$R10))} -> 2 | V29: {=SUMPRODUCT($D$74:$O$85*($D$91:$O$102=V$3)*($C$57:$C$68=$R10))} -> 2 | W29: {=SUMPRODUCT($D$74:$O$85*($D$91:$O$102=W$3)*($C$57:$C$68=$R10))} -> 2 | X29: {=SUMPRODUCT($D$74:$O$85*($D$91:$O$102=X$3)*($C$57:$C$68=$R10))} -> 2 | Y29: {=SUMPRODUCT($D$74:$O$85*($D$91:$O$102=Y$3)*($C$57:$C$68=$R10))} -> 0 | Z29: {=SUMPRODUCT($D$74:$O$85*($D$91:$O$102=Z$3)*($C$57:$C$68=$R10))} -> 0 | ... AD29: {=SUMPRODUCT($D$74:$O$85*($D$91:$O$102=AD$3)*($C$57:$C$68=$R10))} -> 0
B30: {=INDEX($E$3:$P$3,MATCH(TRUE,INDEX(E30:P30<>0,),0))} -> 44895 | C30: =C29+1 -> 27 | O30: 20880 | P30: 20880 | R30: =EOMONTH(R29,1) -> 44804 | S30: {=SUMPRODUCT($D$74:$O$85*($D$91:$O$102=S$3)*($C$57:$C$68=$R11))} -> 3 | T30: {=SUMPRODUCT($D$74:$O$85*($D$91:$O$102=T$3)*($C$57:$C$68=$R11))} -> 3 | U30: {=SUMPRODUCT($D$74:$O$85*($D$91:$O$102=U$3)*($C$57:$C$68=$R11))} -> 3 | V30: {=SUMPRODUCT($D$74:$O$85*($D$91:$O$102=V$3)*($C$57:$C$68=$R11))} -> 3 | W30: {=SUMPRODUCT($D$74:$O$85*($D$91:$O$102=W$3)*($C$57:$C$68=$R11))} -> 2 | X30: {=SUMPRODUCT($D$74:$O$85*($D$91:$O$102=X$3)*($C$57:$C$68=$R11))} -> 0 | Y30: {=SUMPRODUCT($D$74:$O$85*($D$91:$O$102=Y$3)*($C$57:$C$68=$R11))} -> 0 | Z30: {=SUMPRODUCT($D$74:$O$85*($D$91:$O$102=Z$3)*($C$57:$C$68=$R11))} -> 0 | ... AD30: {=SUMPRODUCT($D$74:$O$85*($D$91:$O$102=AD$3)*($C$57:$C$68=$R11))} -> 0
B31: {=INDEX($E$3:$P$3,MATCH(TRUE,INDEX(E31:P31<>0,),0))} -> 44926 | C31: =C30+1 -> 28 | P31: 10020 | R31: =EOMONTH(R30,1) -> 44834 | S31: {=SUMPRODUCT($D$74:$O$85*($D$91:$O$102=S$3)*($C$57:$C$68=$R12))} -> 2 | T31: {=SUMPRODUCT($D$74:$O$85*($D$91:$O$102=T$3)*($C$57:$C$68=$R12))} -> 2 | U31: {=SUMPRODUCT($D$74:$O$85*($D$91:$O$102=U$3)*($C$57:$C$68=$R12))} -> 2 | V31: {=SUMPRODUCT($D$74:$O$85*($D$91:$O$102=V$3)*($C$57:$C$68=$R12))} -> 2 | W31: {=SUMPRODUCT($D$74:$O$85*($D$91:$O$102=W$3)*($C$57:$C$68=$R12))} -> 0 | X31: {=SUMPRODUCT($D$74:$O$85*($D$91:$O$102=X$3)*($C$57:$C$68=$R12))} -> 0 | Y31: {=SUMPRODUCT($D$74:$O$85*($D$91:$O$102=Y$3)*($C$57:$C$68=$R12))} -> 0 | Z31: {=SUMPRODUCT($D$74:$O$85*($D$91:$O$102=Z$3)*($C$57:$C$68=$R12))} -> 0 | ... AD31: {=SUMPRODUCT($D$74:$O$85*($D$91:$O$102=AD$3)*($C$57:$C$68=$R12))} -> 0
B32: {=INDEX($E$3:$P$3,MATCH(TRUE,INDEX(E32:P32<>0,),0))} -> 44926 | C32: =C31+1 -> 29 | P32: 7500 | R32: =EOMONTH(R31,1) -> 44865 | S32: {=SUMPRODUCT($D$74:$O$85*($D$91:$O$102=S$3)*($C$57:$C$68=$R13))} -> 2 | T32: {=SUMPRODUCT($D$74:$O$85*($D$91:$O$102=T$3)*($C$57:$C$68=$R13))} -> 2 | U32: {=SUMPRODUCT($D$74:$O$85*($D$91:$O$102=U$3)*($C$57:$C$68=$R13))} -> 1 | V32: {=SUMPRODUCT($D$74:$O$85*($D$91:$O$102=V$3)*($C$57:$C$68=$R13))} -> 0 | W32: {=SUMPRODUCT($D$74:$O$85*($D$91:$O$102=W$3)*($C$57:$C$68=$R13))} -> 0 | X32: {=SUMPRODUCT($D$74:$O$85*($D$91:$O$102=X$3)*($C$57:$C$68=$R13))} -> 0 | Y32: {=SUMPRODUCT($D$74:$O$85*($D$91:$O$102=Y$3)*($C$57:$C$68=$R13))} -> 0 | Z32: {=SUMPRODUCT($D$74:$O$85*($D$91:$O$102=Z$3)*($C$57:$C$68=$R13))} -> 0 | ... AD32: {=SUMPRODUCT($D$74:$O$85*($D$91:$O$102=AD$3)*($C$57:$C$68=$R13))} -> 0
B33: {=INDEX($E$3:$P$3,MATCH(TRUE,INDEX(E33:P33<>0,),0))} -> 44926 | C33: =C32+1 -> 30 | P33: 20124 | R33: =EOMONTH(R32,1) -> 44895 | S33: {=SUMPRODUCT($D$74:$O$85*($D$91:$O$102=S$3)*($C$57:$C$68=$R14))} -> 3 | T33: {=SUMPRODUCT($D$74:$O$85*($D$91:$O$102=T$3)*($C$57:$C$68=$R14))} -> 3 | U33: {=SUMPRODUCT($D$74:$O$85*($D$91:$O$102=U$3)*($C$57:$C$68=$R14))} -> 0 | V33: {=SUMPRODUCT($D$74:$O$85*($D$91:$O$102=V$3)*($C$57:$C$68=$R14))} -> 0 | W33: {=SUMPRODUCT($D$74:$O$85*($D$91:$O$102=W$3)*($C$57:$C$68=$R14))} -> 0 | X33: {=SUMPRODUCT($D$74:$O$85*($D$91:$O$102=X$3)*($C$57:$C$68=$R14))} -> 0 | Y33: {=SUMPRODUCT($D$74:$O$85*($D$91:$O$102=Y$3)*($C$57:$C$68=$R14))} -> 0 | Z33: {=SUMPRODUCT($D$74:$O$85*($D$91:$O$102=Z$3)*($C$57:$C$68=$R14))} -> 0 | ... AD33: {=SUMPRODUCT($D$74:$O$85*($D$91:$O$102=AD$3)*($C$57:$C$68=$R14))} -> 0
B34: {=INDEX($E$3:$P$3,MATCH(TRUE,INDEX(E34:P34<>0,),0))} -> 44926 | C34: =C33+1 -> 31 | P34: 7500 | R34: =EOMONTH(R33,1) -> 44926 | S34: {=SUMPRODUCT($D$74:$O$85*($D$91:$O$102=S$3)*($C$57:$C$68=$R15))} -> 4 | T34: {=SUMPRODUCT($D$74:$O$85*($D$91:$O$102=T$3)*($C$57:$C$68=$R15))} -> 0 | U34: {=SUMPRODUCT($D$74:$O$85*($D$91:$O$102=U$3)*($C$57:$C$68=$R15))} -> 0 | V34: {=SUMPRODUCT($D$74:$O$85*($D$91:$O$102=V$3)*($C$57:$C$68=$R15))} -> 0 | W34: {=SUMPRODUCT($D$74:$O$85*($D$91:$O$102=W$3)*($C$57:$C$68=$R15))} -> 0 | X34: {=SUMPRODUCT($D$74:$O$85*($D$91:$O$102=X$3)*($C$57:$C$68=$R15))} -> 0 | Y34: {=SUMPRODUCT($D$74:$O$85*($D$91:$O$102=Y$3)*($C$57:$C$68=$R15))} -> 0 | Z34: {=SUMPRODUCT($D$74:$O$85*($D$91:$O$102=Z$3)*($C$57:$C$68=$R15))} -> 0 | ... AD34: {=SUMPRODUCT($D$74:$O$85*($D$91:$O$102=AD$3)*($C$57:$C$68=$R15))} -> 0
AE35: {=SUM(D57:O68=-SUM(S4:AD15))} -> 0
C38: Annual Recurring Revenue Build (USD)
C39: Beginning of period | E39: =SUM(D4:D34) -> 0 | F39: =E43 -> 108960 | G39: =F43 -> 126108 | H39: =G43 -> 193644 | I39: =H43 -> 203936 | J39: =I43 -> 235232 | K39: =J43 -> 241924 | L39: =K43 -> 256444 | M39: =L43 -> 277924 | ... P39: =O43 -> 371274 | S39: Months since the cohort initiation
C40: New | E40: {=+SUMPRODUCT(--(D$4:D$34=0),--(E$4:E$34>0),E$4:E$34)} -> 108960 | F40: {=+SUMPRODUCT(--(E$4:E$34=0),--(F$4:F$34>0),F$4:F$34)} -> 26748 | G40: {=+SUMPRODUCT(--(F$4:F$34=0),--(G$4:G$34>0),G$4:G$34)} -> 67416 | H40: {=+SUMPRODUCT(--(G$4:G$34=0),--(H$4:H$34>0),H$4:H$34)} -> 10184 | I40: {=+SUMPRODUCT(--(H$4:H$34=0),--(I$4:I$34>0),I$4:I$34)} -> 29988 | J40: {=+SUMPRODUCT(--(I$4:I$34=0),--(J$4:J$34>0),J$4:J$34)} -> 5000 | K40: {=+SUMPRODUCT(--(J$4:J$34=0),--(K$4:K$34>0),K$4:K$34)} -> 14040 | L40: {=+SUMPRODUCT(--(K$4:K$34=0),--(L$4:L$34>0),L$4:L$34)} -> 33060 | ... P40: {=+SUMPRODUCT(--(O$4:O$34=0),--(P$4:P$34>0),P$4:P$34)} -> 45144 | R40: Cohort Retention | S40: 1 | T40: =S40+1 -> 2 | U40: =T40+1 -> 3 | V40: =U40+1 -> 4 | W40: =V40+1 -> 5 | X40: =W40+1 -> 6 | Y40: =X40+1 -> 7 | Z40: =Y40+1 -> 8 | AA40: =Z40+1 -> 9 | ... AD40: =AC40+1 -> 12
C41: Expansion | E41: {=+SUMPRODUCT(--(D$4:D$34<>0),--(E$4:E$34>D$4:D$34),E$4:E$34)-SUMPRODUCT(--(D$4:D$34<>0),--(E$4:E$34>D$4:D$34),D$4:D$34)} -> 0 | F41: {=+SUMPRODUCT(--(E$4:E$34<>0),--(F$4:F$34>E$4:E$34),F$4:F$34)-SUMPRODUCT(--(E$4:E$34<>0),--(F$4:F$34>E$4:E$34),E$4:E$34)} -> 0 | G41: {=+SUMPRODUCT(--(F$4:F$34<>0),--(G$4:G$34>F$4:F$34),G$4:G$34)-SUMPRODUCT(--(F$4:F$34<>0),--(G$4:G$34>F$4:F$34),F$4:F$34)} -> 120 | H41: {=+SUMPRODUCT(--(G$4:G$34<>0),--(H$4:H$34>G$4:G$34),H$4:H$34)-SUMPRODUCT(--(G$4:G$34<>0),--(H$4:H$34>G$4:G$34),G$4:G$34)} -> 768 | I41: {=+SUMPRODUCT(--(H$4:H$34<>0),--(I$4:I$34>H$4:H$34),I$4:I$34)-SUMPRODUCT(--(H$4:H$34<>0),--(I$4:I$34>H$4:H$34),H$4:H$34)} -> 1308 | J41: {=+SUMPRODUCT(--(I$4:I$34<>0),--(J$4:J$34>I$4:I$34),J$4:J$34)-SUMPRODUCT(--(I$4:I$34<>0),--(J$4:J$34>I$4:I$34),I$4:I$34)} -> 1692 | K41: {=+SUMPRODUCT(--(J$4:J$34<>0),--(K$4:K$34>J$4:J$34),K$4:K$34)-SUMPRODUCT(--(J$4:J$34<>0),--(K$4:K$34>J$4:J$34),J$4:J$34)} -> 480 | L41: {=+SUMPRODUCT(--(K$4:K$34<>0),--(L$4:L$34>K$4:K$34),L$4:L$34)-SUMPRODUCT(--(K$4:K$34<>0),--(L$4:L$34>K$4:K$34),K$4:K$34)} -> 0 | ... P41: {=+SUMPRODUCT(--(O$4:O$34<>0),--(P$4:P$34>O$4:O$34),P$4:P$34)-SUMPRODUCT(--(O$4:O$34<>0),--(P$4:P$34>O$4:O$34),O$4:O$34)} -> 3120 | R41: 44592 | T41: =IFERROR(T4/$S4,"") -> 0.91189427 | U41: =IFERROR(U4/$S4,"") -> 0.91189427 | V41: =IFERROR(V4/$S4,"") -> 0.91189427 | W41: =IFERROR(W4/$S4,"") -> 0.91189427 | X41: =IFERROR(X4/$S4,"") -> 0.91189427 | Y41: =IFERROR(Y4/$S4,"") -> 0.91189427 | Z41: =IFERROR(Z4/$S4,"") -> 0.91189427 | AA41: =IFERROR(AA4/$S4,"") -> 0.91189427 | ... AD41: =IFERROR(AD4/$S4,"") -> 0.91189427
C42: Churn | E42: {=+-SUMPRODUCT(--(D$4:D$34>0),--(E$4:E$34=0),D$4:D$34)+SUMPRODUCT(--(E$4:E$34<>0),--(E$4:E$34<D$4:D$34),E$4:E$34)-SUMPRODUCT(--(E$4:E$34<>0),--(E$4:E$34<D$4:D$34),D$4:D$34)} -> 0 | F42: {=+-SUMPRODUCT(--(E$4:E$34>0),--(F$4:F$34=0),E$4:E$34)+SUMPRODUCT(--(F$4:F$34<>0),--(F$4:F$34<E$4:E$34),F$4:F$34)-SUMPRODUCT(--(F$4:F$34<>0),--(F$4:F$34<E$4:E$34),E$4:E$34)} -> -9600 | G42: {=+-SUMPRODUCT(--(F$4:F$34>0),--(G$4:G$34=0),F$4:F$34)+SUMPRODUCT(--(G$4:G$34<>0),--(G$4:G$34<F$4:F$34),G$4:G$34)-SUMPRODUCT(--(G$4:G$34<>0),--(G$4:G$34<F$4:F$34),F$4:F$34)} -> 0 | H42: {=+-SUMPRODUCT(--(G$4:G$34>0),--(H$4:H$34=0),G$4:G$34)+SUMPRODUCT(--(H$4:H$34<>0),--(H$4:H$34<G$4:G$34),H$4:H$34)-SUMPRODUCT(--(H$4:H$34<>0),--(H$4:H$34<G$4:G$34),G$4:G$34)} -> -660 | I42: {=+-SUMPRODUCT(--(H$4:H$34>0),--(I$4:I$34=0),H$4:H$34)+SUMPRODUCT(--(I$4:I$34<>0),--(I$4:I$34<H$4:H$34),I$4:I$34)-SUMPRODUCT(--(I$4:I$34<>0),--(I$4:I$34<H$4:H$34),H$4:H$34)} -> 0 | J42: {=+-SUMPRODUCT(--(I$4:I$34>0),--(J$4:J$34=0),I$4:I$34)+SUMPRODUCT(--(J$4:J$34<>0),--(J$4:J$34<I$4:I$34),J$4:J$34)-SUMPRODUCT(--(J$4:J$34<>0),--(J$4:J$34<I$4:I$34),I$4:I$34)} -> 0 | K42: {=+-SUMPRODUCT(--(J$4:J$34>0),--(K$4:K$34=0),J$4:J$34)+SUMPRODUCT(--(K$4:K$34<>0),--(K$4:K$34<J$4:J$34),K$4:K$34)-SUMPRODUCT(--(K$4:K$34<>0),--(K$4:K$34<J$4:J$34),J$4:J$34)} -> 0 | L42: {=+-SUMPRODUCT(--(K$4:K$34>0),--(L$4:L$34=0),K$4:K$34)+SUMPRODUCT(--(L$4:L$34<>0),--(L$4:L$34<K$4:K$34),L$4:L$34)-SUMPRODUCT(--(L$4:L$34<>0),--(L$4:L$34<K$4:K$34),K$4:K$34)} -> -11580 | ... P42: {=+-SUMPRODUCT(--(O$4:O$34>0),--(P$4:P$34=0),O$4:O$34)+SUMPRODUCT(--(P$4:P$34<>0),--(P$4:P$34<O$4:O$34),P$4:P$34)-SUMPRODUCT(--(P$4:P$34<>0),--(P$4:P$34<O$4:O$34),O$4:O$34)} -> -33938 | R42: =EOMONTH(R41,1) -> 44620 | T42: =IFERROR(T5/$S5,"") -> 1.0044863 | U42: =IFERROR(U5/$S5,"") -> 0.97981157 | V42: =IFERROR(V5/$S5,"") -> 1 | W42: =IFERROR(W5/$S5,"") -> 1.0291611 | X42: =IFERROR(X5/$S5,"") -> 1.0291611 | Y42: =IFERROR(Y5/$S5,"") -> 0.61417676 | Z42: =IFERROR(Z5/$S5,"") -> 0.37415882 | AA42: =IFERROR(AA5/$S5,"") -> 0.37415882 | ... AC42: =IFERROR(AC5/$S5,"") -> 0.37415882
C43: End of period | E43: =SUM(E39:E42) -> 108960 | F43: =SUM(F39:F42) -> 126108 | G43: =SUM(G39:G42) -> 193644 | H43: =SUM(H39:H42) -> 203936 | I43: =SUM(I39:I42) -> 235232 | J43: =SUM(J39:J42) -> 241924 | K43: =SUM(K39:K42) -> 256444 | L43: =SUM(L39:L42) -> 277924 | ... P43: =SUM(P39:P42) -> 385600 | R43: =EOMONTH(R42,1) -> 44651 | T43: =IFERROR(T6/$S6,"") -> 1.011392 | U43: =IFERROR(U6/$S6,"") -> 1.0227839 | V43: =IFERROR(V6/$S6,"") -> 1.0363119 | W43: =IFERROR(W6/$S6,"") -> 1.0434318 | X43: =IFERROR(X6/$S6,"") -> 1.0363119 | Y43: =IFERROR(Y6/$S6,"") -> 1.0768957 | Z43: =IFERROR(Z6/$S6,"") -> 1.1580634 | AA43: =IFERROR(AA6/$S6,"") -> 1.261125 | AB43: =IFERROR(AB6/$S6,"") -> 1.261125
R44: =EOMONTH(R43,1) -> 44681 | T44: =IFERROR(T7/$S7,"") -> 1 | U44: =IFERROR(U7/$S7,"") -> 1 | V44: =IFERROR(V7/$S7,"") -> 1 | W44: =IFERROR(W7/$S7,"") -> 1 | X44: =IFERROR(X7/$S7,"") -> 0.49096622 | Y44: =IFERROR(Y7/$S7,"") -> 0.49096622 | Z44: =IFERROR(Z7/$S7,"") -> 0.49096622 | AA44: =IFERROR(AA7/$S7,"") -> 0.49096622
R45: =EOMONTH(R44,1) -> 44712 | T45: =IFERROR(T8/$S8,"") -> 1 | U45: =IFERROR(U8/$S8,"") -> 1 | V45: =IFERROR(V8/$S8,"") -> 1 | W45: =IFERROR(W8/$S8,"") -> 1 | X45: =IFERROR(X8/$S8,"") -> 1 | Y45: =IFERROR(Y8/$S8,"") -> 1 | Z45: =IFERROR(Z8/$S8,"") -> 0.83033213
R46: =EOMONTH(R45,1) -> 44742 | W46: =IFERROR(W9/$S9,"") -> 1
C47: Logo Build (number of customers) | R47: =EOMONTH(R46,1) -> 44773 | U47: =IFERROR(U10/$S10,"") -> 1 | V47: =IFERROR(V10/$S10,"") -> 1 | W47: =IFERROR(W10/$S10,"") -> 1 | X47: =IFERROR(X10/$S10,"") -> 1
C48: Beginning of period | E48: =COUNT(D4:D34) -> 0 | F48: =E51 -> 3 | G48: =F51 -> 5 | H48: =G51 -> 9 | I48: =H51 -> 11 | J48: =I51 -> 13 | K48: =J51 -> 14 | L48: =K51 -> 16 | M48: =L51 -> 18 | ... P48: =O51 -> 23 | R48: =EOMONTH(R47,1) -> 44804 | T48: =IFERROR(T11/$S11,"") -> 1 | U48: =IFERROR(U11/$S11,"") -> 1 | V48: =IFERROR(V11/$S11,"") -> 1 | W48: =IFERROR(W11/$S11,"") -> 0.74047187
C49: New | E49: {=SUMPRODUCT(--(D$4:D$34=0),--(E$4:E$34>0))} -> 3 | F49: {=SUMPRODUCT(--(E$4:E$34=0),--(F$4:F$34>0))} -> 3 | G49: {=SUMPRODUCT(--(F$4:F$34=0),--(G$4:G$34>0))} -> 4 | H49: {=SUMPRODUCT(--(G$4:G$34=0),--(H$4:H$34>0))} -> 2 | I49: {=SUMPRODUCT(--(H$4:H$34=0),--(I$4:I$34>0))} -> 2 | J49: {=SUMPRODUCT(--(I$4:I$34=0),--(J$4:J$34>0))} -> 1 | K49: {=SUMPRODUCT(--(J$4:J$34=0),--(K$4:K$34>0))} -> 2 | L49: {=SUMPRODUCT(--(K$4:K$34=0),--(L$4:L$34>0))} -> 3 | ... P49: {=SUMPRODUCT(--(O$4:O$34=0),--(P$4:P$34>0))} -> 4 | R49: =EOMONTH(R48,1) -> 44834 | T49: =IFERROR(T12/$S12,"") -> 1 | U49: =IFERROR(U12/$S12,"") -> 1 | V49: =IFERROR(V12/$S12,"") -> 1 | W49: =IFERROR(W12/$S12,"") -> 0
C50: Churn | E50: {=-SUMPRODUCT(--(D$4:D$34>0),--(E$4:E$34=0))} -> 0 | F50: {=-SUMPRODUCT(--(E$4:E$34>0),--(F$4:F$34=0))} -> -1 | G50: {=-SUMPRODUCT(--(F$4:F$34>0),--(G$4:G$34=0))} -> 0 | H50: {=-SUMPRODUCT(--(G$4:G$34>0),--(H$4:H$34=0))} -> 0 | I50: {=-SUMPRODUCT(--(H$4:H$34>0),--(I$4:I$34=0))} -> 0 | J50: {=-SUMPRODUCT(--(I$4:I$34>0),--(J$4:J$34=0))} -> 0 | K50: {=-SUMPRODUCT(--(J$4:J$34>0),--(K$4:K$34=0))} -> 0 | L50: {=-SUMPRODUCT(--(K$4:K$34>0),--(L$4:L$34=0))} -> -1 | ... P50: {=-SUMPRODUCT(--(O$4:O$34>0),--(P$4:P$34=0))} -> -4 | R50: =EOMONTH(R49,1) -> 44865 | T50: =IFERROR(T13/$S13,"") -> 1 | U50: =IFERROR(U13/$S13,"") -> 0.59459459 | V50: =IFERROR(V13/$S13,"") -> 0
C51: End of period | E51: =SUM(E48:E50) -> 3 | F51: =SUM(F48:F50) -> 5 | G51: =SUM(G48:G50) -> 9 | H51: =SUM(H48:H50) -> 11 | I51: =SUM(I48:I50) -> 13 | J51: =SUM(J48:J50) -> 14 | K51: =SUM(K48:K50) -> 16 | L51: =SUM(L48:L50) -> 18 | ... P51: =SUM(P48:P50) -> 23 | R51: =EOMONTH(R50,1) -> 44895 | T51: =IFERROR(T14/$S14,"") -> 1
R52: =EOMONTH(R51,1) -> 44926
R53: average value | T53: =AVERAGE(T41:T52) -> 0.99197473 | U53: =AVERAGE(U41:U52) -> 0.94545382 | V53: =AVERAGE(V41:V52) -> 0.88313401 | W53: =AVERAGE(W41:W52) -> 0.85832878 | X53: =AVERAGE(X41:X52) -> 0.9113889 | Y53: =AVERAGE(Y41:Y52) -> 0.81878659 | Z53: =AVERAGE(Z41:Z52) -> 0.75308296 | AA53: =AVERAGE(AA41:AA52) -> 0.75953607 | ... AD53: =AVERAGE(AD41:AD52) -> 0.91189427
R54: mediam value | T54: =MEDIAN(T41:T52) -> 1 | U54: =MEDIAN(U41:U52) -> 1 | V54: =MEDIAN(V41:V52) -> 1 | W54: =MEDIAN(W41:W52) -> 1 | X54: =MEDIAN(X41:X52) -> 1 | Y54: =MEDIAN(Y41:Y52) -> 0.91189427 | Z54: =MEDIAN(Z41:Z52) -> 0.83033213 | AA54: =MEDIAN(AA41:AA52) -> 0.70143025 | ... AD54: =MEDIAN(AD41:AD52) -> 0.91189427
C55: ARR Cohorts - Revenue aggregated
D56: {=TRANSPOSE(C57:C68)} -> 44592 | E56: 44620 | F56: 44651 | G56: 44681 | H56: 44712 | I56: 44742 | J56: 44773 | K56: 44804 | L56: 44834 | M56: 44865 | N56: 44895 | O56: 44926 | S56: Months since the cohort initiation
C57: 44592 | D57: =SUMIF($B$4:$B$34,$C57,E$4:E$34) -> 108960 | E57: =SUMIF($B$4:$B$34,$C57,F$4:F$34) -> 99360 | F57: =SUMIF($B$4:$B$34,$C57,G$4:G$34) -> 99360 | G57: =SUMIF($B$4:$B$34,$C57,H$4:H$34) -> 99360 | H57: =SUMIF($B$4:$B$34,$C57,I$4:I$34) -> 99360 | I57: =SUMIF($B$4:$B$34,$C57,J$4:J$34) -> 99360 | J57: =SUMIF($B$4:$B$34,$C57,K$4:K$34) -> 99360 | K57: =SUMIF($B$4:$B$34,$C57,L$4:L$34) -> 99360 | ... O57: =SUMIF($B$4:$B$34,$C57,P$4:P$34) -> 99360 | R57: Customer retention | S57: 1 | T57: =S57+1 -> 2 | U57: =T57+1 -> 3 | V57: =U57+1 -> 4 | W57: =V57+1 -> 5 | X57: =W57+1 -> 6 | Y57: =X57+1 -> 7 | Z57: =Y57+1 -> 8 | AA57: =Z57+1 -> 9 | ... AD57: =AC57+1 -> 12
C58: =EOMONTH(C57,1) -> 44620 | D58: =SUMIF($B$4:$B$34,$C58,E$4:E$34) -> 0 | E58: =SUMIF($B$4:$B$34,$C58,F$4:F$34) -> 26748 | F58: =SUMIF($B$4:$B$34,$C58,G$4:G$34) -> 26868 | G58: =SUMIF($B$4:$B$34,$C58,H$4:H$34) -> 26208 | H58: =SUMIF($B$4:$B$34,$C58,I$4:I$34) -> 26748 | I58: =SUMIF($B$4:$B$34,$C58,J$4:J$34) -> 27528 | J58: =SUMIF($B$4:$B$34,$C58,K$4:K$34) -> 27528 | K58: =SUMIF($B$4:$B$34,$C58,L$4:L$34) -> 16428 | ... O58: =SUMIF($B$4:$B$34,$C58,P$4:P$34) -> 10008 | R58: 44592 | T58: =IFERROR(T23/$S23,"") -> 0.66666667 | U58: =IFERROR(U23/$S23,"") -> 0.66666667 | V58: =IFERROR(V23/$S23,"") -> 0.66666667 | W58: =IFERROR(W23/$S23,"") -> 0.66666667 | X58: =IFERROR(X23/$S23,"") -> 0.66666667 | Y58: =IFERROR(Y23/$S23,"") -> 0.66666667 | Z58: =IFERROR(Z23/$S23,"") -> 0.66666667 | AA58: =IFERROR(AA23/$S23,"") -> 0.66666667 | ... AD58: =IFERROR(AD23/$S23,"") -> 0.66666667
C59: =EOMONTH(C58,1) -> 44651 | D59: =SUMIF($B$4:$B$34,$C59,E$4:E$34) -> 0 | E59: =SUMIF($B$4:$B$34,$C59,F$4:F$34) -> 0 | F59: =SUMIF($B$4:$B$34,$C59,G$4:G$34) -> 67416 | G59: =SUMIF($B$4:$B$34,$C59,H$4:H$34) -> 68184 | H59: =SUMIF($B$4:$B$34,$C59,I$4:I$34) -> 68952 | I59: =SUMIF($B$4:$B$34,$C59,J$4:J$34) -> 69864 | J59: =SUMIF($B$4:$B$34,$C59,K$4:K$34) -> 70344 | K59: =SUMIF($B$4:$B$34,$C59,L$4:L$34) -> 69864 | ... O59: =SUMIF($B$4:$B$34,$C59,P$4:P$34) -> 85020 | R59: =EOMONTH(R58,1) -> 44620 | T59: =IFERROR(T24/$S24,"") -> 1 | U59: =IFERROR(U24/$S24,"") -> 1 | V59: =IFERROR(V24/$S24,"") -> 1 | W59: =IFERROR(W24/$S24,"") -> 1 | X59: =IFERROR(X24/$S24,"") -> 1 | Y59: =IFERROR(Y24/$S24,"") -> 0.66666667 | Z59: =IFERROR(Z24/$S24,"") -> 0.33333333 | AA59: =IFERROR(AA24/$S24,"") -> 0.33333333 | ... AC59: =IFERROR(AC24/$S24,"") -> 0.33333333
C60: =EOMONTH(C59,1) -> 44681 | D60: =SUMIF($B$4:$B$34,$C60,E$4:E$34) -> 0 | E60: =SUMIF($B$4:$B$34,$C60,F$4:F$34) -> 0 | F60: =SUMIF($B$4:$B$34,$C60,G$4:G$34) -> 0 | G60: =SUMIF($B$4:$B$34,$C60,H$4:H$34) -> 10184 | H60: =SUMIF($B$4:$B$34,$C60,I$4:I$34) -> 10184 | I60: =SUMIF($B$4:$B$34,$C60,J$4:J$34) -> 10184 | J60: =SUMIF($B$4:$B$34,$C60,K$4:K$34) -> 10184 | K60: =SUMIF($B$4:$B$34,$C60,L$4:L$34) -> 10184 | ... O60: =SUMIF($B$4:$B$34,$C60,P$4:P$34) -> 5000 | R60: =EOMONTH(R59,1) -> 44651 | T60: =IFERROR(T25/$S25,"") -> 1 | U60: =IFERROR(U25/$S25,"") -> 1 | V60: =IFERROR(V25/$S25,"") -> 1 | W60: =IFERROR(W25/$S25,"") -> 1 | X60: =IFERROR(X25/$S25,"") -> 1 | Y60: =IFERROR(Y25/$S25,"") -> 1 | Z60: =IFERROR(Z25/$S25,"") -> 1 | AA60: =IFERROR(AA25/$S25,"") -> 1 | AB60: =IFERROR(AB25/$S25,"") -> 1
C61: =EOMONTH(C60,1) -> 44712 | D61: =SUMIF($B$4:$B$34,$C61,E$4:E$34) -> 0 | E61: =SUMIF($B$4:$B$34,$C61,F$4:F$34) -> 0 | F61: =SUMIF($B$4:$B$34,$C61,G$4:G$34) -> 0 | G61: =SUMIF($B$4:$B$34,$C61,H$4:H$34) -> 0 | H61: =SUMIF($B$4:$B$34,$C61,I$4:I$34) -> 29988 | I61: =SUMIF($B$4:$B$34,$C61,J$4:J$34) -> 29988 | J61: =SUMIF($B$4:$B$34,$C61,K$4:K$34) -> 29988 | K61: =SUMIF($B$4:$B$34,$C61,L$4:L$34) -> 29988 | ... O61: =SUMIF($B$4:$B$34,$C61,P$4:P$34) -> 24900 | R61: =EOMONTH(R60,1) -> 44681 | T61: =IFERROR(T26/$S26,"") -> 1 | U61: =IFERROR(U26/$S26,"") -> 1 | V61: =IFERROR(V26/$S26,"") -> 1 | W61: =IFERROR(W26/$S26,"") -> 1 | X61: =IFERROR(X26/$S26,"") -> 0.5 | Y61: =IFERROR(Y26/$S26,"") -> 0.5 | Z61: =IFERROR(Z26/$S26,"") -> 0.5 | AA61: =IFERROR(AA26/$S26,"") -> 0.5
C62: =EOMONTH(C61,1) -> 44742 | D62: =SUMIF($B$4:$B$34,$C62,E$4:E$34) -> 0 | E62: =SUMIF($B$4:$B$34,$C62,F$4:F$34) -> 0 | F62: =SUMIF($B$4:$B$34,$C62,G$4:G$34) -> 0 | G62: =SUMIF($B$4:$B$34,$C62,H$4:H$34) -> 0 | H62: =SUMIF($B$4:$B$34,$C62,I$4:I$34) -> 0 | I62: =SUMIF($B$4:$B$34,$C62,J$4:J$34) -> 5000 | J62: =SUMIF($B$4:$B$34,$C62,K$4:K$34) -> 5000 | K62: =SUMIF($B$4:$B$34,$C62,L$4:L$34) -> 5000 | ... O62: =SUMIF($B$4:$B$34,$C62,P$4:P$34) -> 0 | R62: =EOMONTH(R61,1) -> 44712 | T62: =IFERROR(T27/$S27,"") -> 1 | U62: =IFERROR(U27/$S27,"") -> 1 | V62: =IFERROR(V27/$S27,"") -> 1 | W62: =IFERROR(W27/$S27,"") -> 1 | X62: =IFERROR(X27/$S27,"") -> 1 | Y62: =IFERROR(Y27/$S27,"") -> 1 | Z62: =IFERROR(Z27/$S27,"") -> 0.5
C63: =EOMONTH(C62,1) -> 44773 | D63: =SUMIF($B$4:$B$34,$C63,E$4:E$34) -> 0 | E63: =SUMIF($B$4:$B$34,$C63,F$4:F$34) -> 0 | F63: =SUMIF($B$4:$B$34,$C63,G$4:G$34) -> 0 | G63: =SUMIF($B$4:$B$34,$C63,H$4:H$34) -> 0 | H63: =SUMIF($B$4:$B$34,$C63,I$4:I$34) -> 0 | I63: =SUMIF($B$4:$B$34,$C63,J$4:J$34) -> 0 | J63: =SUMIF($B$4:$B$34,$C63,K$4:K$34) -> 14040 | K63: =SUMIF($B$4:$B$34,$C63,L$4:L$34) -> 14040 | ... O63: =SUMIF($B$4:$B$34,$C63,P$4:P$34) -> 14040 | R63: =EOMONTH(R62,1) -> 44742
C64: =EOMONTH(C63,1) -> 44804 | D64: =SUMIF($B$4:$B$34,$C64,E$4:E$34) -> 0 | E64: =SUMIF($B$4:$B$34,$C64,F$4:F$34) -> 0 | F64: =SUMIF($B$4:$B$34,$C64,G$4:G$34) -> 0 | G64: =SUMIF($B$4:$B$34,$C64,H$4:H$34) -> 0 | H64: =SUMIF($B$4:$B$34,$C64,I$4:I$34) -> 0 | I64: =SUMIF($B$4:$B$34,$C64,J$4:J$34) -> 0 | J64: =SUMIF($B$4:$B$34,$C64,K$4:K$34) -> 0 | K64: =SUMIF($B$4:$B$34,$C64,L$4:L$34) -> 33060 | ... O64: =SUMIF($B$4:$B$34,$C64,P$4:P$34) -> 24480 | R64: =EOMONTH(R63,1) -> 44773
C65: =EOMONTH(C64,1) -> 44834 | D65: =SUMIF($B$4:$B$34,$C65,E$4:E$34) -> 0 | E65: =SUMIF($B$4:$B$34,$C65,F$4:F$34) -> 0 | F65: =SUMIF($B$4:$B$34,$C65,G$4:G$34) -> 0 | G65: =SUMIF($B$4:$B$34,$C65,H$4:H$34) -> 0 | H65: =SUMIF($B$4:$B$34,$C65,I$4:I$34) -> 0 | I65: =SUMIF($B$4:$B$34,$C65,J$4:J$34) -> 0 | J65: =SUMIF($B$4:$B$34,$C65,K$4:K$34) -> 0 | K65: =SUMIF($B$4:$B$34,$C65,L$4:L$34) -> 0 | ... O65: =SUMIF($B$4:$B$34,$C65,P$4:P$34) -> 20600 | R65: =EOMONTH(R64,1) -> 44804 | T65: =IFERROR(T30/$S30,"") -> 1 | U65: =IFERROR(U30/$S30,"") -> 1 | V65: =IFERROR(V30/$S30,"") -> 1 | W65: =IFERROR(W30/$S30,"") -> 0.66666667
C66: =EOMONTH(C65,1) -> 44865 | D66: =SUMIF($B$4:$B$34,$C66,E$4:E$34) -> 0 | E66: =SUMIF($B$4:$B$34,$C66,F$4:F$34) -> 0 | F66: =SUMIF($B$4:$B$34,$C66,G$4:G$34) -> 0 | G66: =SUMIF($B$4:$B$34,$C66,H$4:H$34) -> 0 | H66: =SUMIF($B$4:$B$34,$C66,I$4:I$34) -> 0 | I66: =SUMIF($B$4:$B$34,$C66,J$4:J$34) -> 0 | J66: =SUMIF($B$4:$B$34,$C66,K$4:K$34) -> 0 | K66: =SUMIF($B$4:$B$34,$C66,L$4:L$34) -> 0 | ... O66: =SUMIF($B$4:$B$34,$C66,P$4:P$34) -> 17820 | R66: =EOMONTH(R65,1) -> 44834
C67: =EOMONTH(C66,1) -> 44895 | D67: =SUMIF($B$4:$B$34,$C67,E$4:E$34) -> 0 | E67: =SUMIF($B$4:$B$34,$C67,F$4:F$34) -> 0 | F67: =SUMIF($B$4:$B$34,$C67,G$4:G$34) -> 0 | G67: =SUMIF($B$4:$B$34,$C67,H$4:H$34) -> 0 | H67: =SUMIF($B$4:$B$34,$C67,I$4:I$34) -> 0 | I67: =SUMIF($B$4:$B$34,$C67,J$4:J$34) -> 0 | J67: =SUMIF($B$4:$B$34,$C67,K$4:K$34) -> 0 | K67: =SUMIF($B$4:$B$34,$C67,L$4:L$34) -> 0 | ... O67: =SUMIF($B$4:$B$34,$C67,P$4:P$34) -> 39228 | R67: =EOMONTH(R66,1) -> 44865 | T67: =IFERROR(T32/$S32,"") -> 1 | U67: =IFERROR(U32/$S32,"") -> 0.5
C68: =EOMONTH(C67,1) -> 44926 | D68: =SUMIF($B$4:$B$34,$C68,E$4:E$34) -> 0 | E68: =SUMIF($B$4:$B$34,$C68,F$4:F$34) -> 0 | F68: =SUMIF($B$4:$B$34,$C68,G$4:G$34) -> 0 | G68: =SUMIF($B$4:$B$34,$C68,H$4:H$34) -> 0 | H68: =SUMIF($B$4:$B$34,$C68,I$4:I$34) -> 0 | I68: =SUMIF($B$4:$B$34,$C68,J$4:J$34) -> 0 | J68: =SUMIF($B$4:$B$34,$C68,K$4:K$34) -> 0 | K68: =SUMIF($B$4:$B$34,$C68,L$4:L$34) -> 0 | ... O68: =SUMIF($B$4:$B$34,$C68,P$4:P$34) -> 45144 | R68: =EOMONTH(R67,1) -> 44895 | T68: =IFERROR(T33/$S33,"") -> 1
C69: Total | D69: =SUM(D57:D68) -> 108960 | E69: =SUM(E57:E68) -> 126108 | F69: =SUM(F57:F68) -> 193644 | G69: =SUM(G57:G68) -> 203936 | H69: =SUM(H57:H68) -> 235232 | I69: =SUM(I57:I68) -> 241924 | J69: =SUM(J57:J68) -> 256444 | K69: =SUM(K57:K68) -> 277924 | ... O69: =SUM(O57:O68) -> 385600 | R69: =EOMONTH(R68,1) -> 44926
R70: average value | T70: =AVERAGE(T58:T69) -> 0.95833333 | U70: =AVERAGE(U58:U69) -> 0.88095238 | V70: =AVERAGE(V58:V69) -> 0.94444444 | W70: =AVERAGE(W58:W69) -> 0.88888889 | X70: =AVERAGE(X58:X69) -> 0.83333333 | Y70: =AVERAGE(Y58:Y69) -> 0.76666667 | Z70: =AVERAGE(Z58:Z69) -> 0.6 | AA70: =AVERAGE(AA58:AA69) -> 0.625 | ... AD70: =AVERAGE(AD58:AD69) -> 0.66666667
R71: median value | T71: =MEDIAN(T58:T69) -> 1 | U71: =MEDIAN(U58:U69) -> 1 | V71: =MEDIAN(V58:V69) -> 1 | W71: =MEDIAN(W58:W69) -> 1 | X71: =MEDIAN(X58:X69) -> 1 | Y71: =MEDIAN(Y58:Y69) -> 0.66666667 | Z71: =MEDIAN(Z58:Z69) -> 0.5 | AA71: =MEDIAN(AA58:AA69) -> 0.58333333 | ... AD71: =MEDIAN(AD58:AD69) -> 0.66666667
C72: ARR Cohorts - Aggregated
D73: {=TRANSPOSE(C74:C85)} -> 44592 | E73: 44620 | F73: 44651 | G73: 44681 | H73: 44712 | I73: 44742 | J73: 44773 | K73: 44804 | L73: 44834 | M73: 44865 | N73: 44895 | O73: 44926
C74: 44592 | D74: =COUNTIFS($B$4:$B$34,$C74,E$4:E$34,"<>"&"") -> 3 | E74: =COUNTIFS($B$4:$B$34,$C74,F$4:F$34,"<>"&"") -> 2 | F74: =COUNTIFS($B$4:$B$34,$C74,G$4:G$34,"<>"&"") -> 2 | G74: =COUNTIFS($B$4:$B$34,$C74,H$4:H$34,"<>"&"") -> 2 | H74: =COUNTIFS($B$4:$B$34,$C74,I$4:I$34,"<>"&"") -> 2 | I74: =COUNTIFS($B$4:$B$34,$C74,J$4:J$34,"<>"&"") -> 2 | J74: =COUNTIFS($B$4:$B$34,$C74,K$4:K$34,"<>"&"") -> 2 | K74: =COUNTIFS($B$4:$B$34,$C74,L$4:L$34,"<>"&"") -> 2 | ... O74: =COUNTIFS($B$4:$B$34,$C74,P$4:P$34,"<>"&"") -> 2 | S74: Months since the cohort initiation
C75: =EOMONTH(C74,1) -> 44620 | D75: =COUNTIFS($B$4:$B$34,$C75,E$4:E$34,"<>"&"") -> 0 | E75: =COUNTIFS($B$4:$B$34,$C75,F$4:F$34,"<>"&"") -> 3 | F75: =COUNTIFS($B$4:$B$34,$C75,G$4:G$34,"<>"&"") -> 3 | G75: =COUNTIFS($B$4:$B$34,$C75,H$4:H$34,"<>"&"") -> 3 | H75: =COUNTIFS($B$4:$B$34,$C75,I$4:I$34,"<>"&"") -> 3 | I75: =COUNTIFS($B$4:$B$34,$C75,J$4:J$34,"<>"&"") -> 3 | J75: =COUNTIFS($B$4:$B$34,$C75,K$4:K$34,"<>"&"") -> 3 | K75: =COUNTIFS($B$4:$B$34,$C75,L$4:L$34,"<>"&"") -> 2 | ... O75: =COUNTIFS($B$4:$B$34,$C75,P$4:P$34,"<>"&"") -> 1 | R75: Accumulated Revenue | S75: 1 | T75: =S75+1 -> 2 | U75: =T75+1 -> 3 | V75: =U75+1 -> 4 | W75: =V75+1 -> 5 | X75: =W75+1 -> 6 | Y75: =X75+1 -> 7 | Z75: =Y75+1 -> 8 | AA75: =Z75+1 -> 9 | ... AD75: =AC75+1 -> 12
C76: =EOMONTH(C75,1) -> 44651 | D76: =COUNTIFS($B$4:$B$34,$C76,E$4:E$34,"<>"&"") -> 0 | E76: =COUNTIFS($B$4:$B$34,$C76,F$4:F$34,"<>"&"") -> 0 | F76: =COUNTIFS($B$4:$B$34,$C76,G$4:G$34,"<>"&"") -> 4 | G76: =COUNTIFS($B$4:$B$34,$C76,H$4:H$34,"<>"&"") -> 4 | H76: =COUNTIFS($B$4:$B$34,$C76,I$4:I$34,"<>"&"") -> 4 | I76: =COUNTIFS($B$4:$B$34,$C76,J$4:J$34,"<>"&"") -> 4 | J76: =COUNTIFS($B$4:$B$34,$C76,K$4:K$34,"<>"&"") -> 4 | K76: =COUNTIFS($B$4:$B$34,$C76,L$4:L$34,"<>"&"") -> 4 | ... O76: =COUNTIFS($B$4:$B$34,$C76,P$4:P$34,"<>"&"") -> 4 | R76: 44592 | S76: =S4 -> 108960 | T76: =IF(T4>0,S76+T4,0) -> 208320 | U76: =IF(U4>0,T76+U4,0) -> 307680 | V76: =IF(V4>0,U76+V4,0) -> 407040 | W76: =IF(W4>0,V76+W4,0) -> 506400 | X76: =IF(X4>0,W76+X4,0) -> 605760 | Y76: =IF(Y4>0,X76+Y4,0) -> 705120 | Z76: =IF(Z4>0,Y76+Z4,0) -> 804480 | AA76: =IF(AA4>0,Z76+AA4,0) -> 903840 | ... AD76: =IF(AD4>0,AC76+AD4,0) -> 1201920
C77: =EOMONTH(C76,1) -> 44681 | D77: =COUNTIFS($B$4:$B$34,$C77,E$4:E$34,"<>"&"") -> 0 | E77: =COUNTIFS($B$4:$B$34,$C77,F$4:F$34,"<>"&"") -> 0 | F77: =COUNTIFS($B$4:$B$34,$C77,G$4:G$34,"<>"&"") -> 0 | G77: =COUNTIFS($B$4:$B$34,$C77,H$4:H$34,"<>"&"") -> 2 | H77: =COUNTIFS($B$4:$B$34,$C77,I$4:I$34,"<>"&"") -> 2 | I77: =COUNTIFS($B$4:$B$34,$C77,J$4:J$34,"<>"&"") -> 2 | J77: =COUNTIFS($B$4:$B$34,$C77,K$4:K$34,"<>"&"") -> 2 | K77: =COUNTIFS($B$4:$B$34,$C77,L$4:L$34,"<>"&"") -> 2 | ... O77: =COUNTIFS($B$4:$B$34,$C77,P$4:P$34,"<>"&"") -> 1 | R77: =EOMONTH(R76,1) -> 44620 | S77: =S5 -> 26748 | T77: =IF(T5>0,S77+T5,0) -> 53616 | U77: =IF(U5>0,T77+U5,0) -> 79824 | V77: =IF(V5>0,U77+V5,0) -> 106572 | W77: =IF(W5>0,V77+W5,0) -> 134100 | X77: =IF(X5>0,W77+X5,0) -> 161628 | Y77: =IF(Y5>0,X77+Y5,0) -> 178056 | Z77: =IF(Z5>0,Y77+Z5,0) -> 188064 | AA77: =IF(AA5>0,Z77+AA5,0) -> 198072 | ... AD77: =IF(AD5>0,AC77+AD5,0) -> 0
C78: =EOMONTH(C77,1) -> 44712 | D78: =COUNTIFS($B$4:$B$34,$C78,E$4:E$34,"<>"&"") -> 0 | E78: =COUNTIFS($B$4:$B$34,$C78,F$4:F$34,"<>"&"") -> 0 | F78: =COUNTIFS($B$4:$B$34,$C78,G$4:G$34,"<>"&"") -> 0 | G78: =COUNTIFS($B$4:$B$34,$C78,H$4:H$34,"<>"&"") -> 0 | H78: =COUNTIFS($B$4:$B$34,$C78,I$4:I$34,"<>"&"") -> 2 | I78: =COUNTIFS($B$4:$B$34,$C78,J$4:J$34,"<>"&"") -> 2 | J78: =COUNTIFS($B$4:$B$34,$C78,K$4:K$34,"<>"&"") -> 2 | K78: =COUNTIFS($B$4:$B$34,$C78,L$4:L$34,"<>"&"") -> 2 | ... O78: =COUNTIFS($B$4:$B$34,$C78,P$4:P$34,"<>"&"") -> 1 | R78: =EOMONTH(R77,1) -> 44651 | S78: =S6 -> 67416 | T78: =IF(T6>0,S78+T6,0) -> 135600 | U78: =IF(U6>0,T78+U6,0) -> 204552 | V78: =IF(V6>0,U78+V6,0) -> 274416 | W78: =IF(W6>0,V78+W6,0) -> 344760 | X78: =IF(X6>0,W78+X6,0) -> 414624 | Y78: =IF(Y6>0,X78+Y6,0) -> 487224 | Z78: =IF(Z6>0,Y78+Z6,0) -> 565296 | AA78: =IF(AA6>0,Z78+AA6,0) -> 650316 | ... AD78: =IF(AD6>0,AC78+AD6,0) -> 0
C79: =EOMONTH(C78,1) -> 44742 | D79: =COUNTIFS($B$4:$B$34,$C79,E$4:E$34,"<>"&"") -> 0 | E79: =COUNTIFS($B$4:$B$34,$C79,F$4:F$34,"<>"&"") -> 0 | F79: =COUNTIFS($B$4:$B$34,$C79,G$4:G$34,"<>"&"") -> 0 | G79: =COUNTIFS($B$4:$B$34,$C79,H$4:H$34,"<>"&"") -> 0 | H79: =COUNTIFS($B$4:$B$34,$C79,I$4:I$34,"<>"&"") -> 0 | I79: =COUNTIFS($B$4:$B$34,$C79,J$4:J$34,"<>"&"") -> 1 | J79: =COUNTIFS($B$4:$B$34,$C79,K$4:K$34,"<>"&"") -> 1 | K79: =COUNTIFS($B$4:$B$34,$C79,L$4:L$34,"<>"&"") -> 1 | ... O79: =COUNTIFS($B$4:$B$34,$C79,P$4:P$34,"<>"&"") -> 0 | R79: =EOMONTH(R78,1) -> 44681 | S79: =S7 -> 10184 | T79: =IF(T7>0,S79+T7,0) -> 20368 | U79: =IF(U7>0,T79+U7,0) -> 30552 | V79: =IF(V7>0,U79+V7,0) -> 40736 | W79: =IF(W7>0,V79+W7,0) -> 50920 | X79: =IF(X7>0,W79+X7,0) -> 55920 | Y79: =IF(Y7>0,X79+Y7,0) -> 60920 | Z79: =IF(Z7>0,Y79+Z7,0) -> 65920 | AA79: =IF(AA7>0,Z79+AA7,0) -> 70920 | ... AD79: =IF(AD7>0,AC79+AD7,0) -> 0
C80: =EOMONTH(C79,1) -> 44773 | D80: =COUNTIFS($B$4:$B$34,$C80,E$4:E$34,"<>"&"") -> 0 | E80: =COUNTIFS($B$4:$B$34,$C80,F$4:F$34,"<>"&"") -> 0 | F80: =COUNTIFS($B$4:$B$34,$C80,G$4:G$34,"<>"&"") -> 0 | G80: =COUNTIFS($B$4:$B$34,$C80,H$4:H$34,"<>"&"") -> 0 | H80: =COUNTIFS($B$4:$B$34,$C80,I$4:I$34,"<>"&"") -> 0 | I80: =COUNTIFS($B$4:$B$34,$C80,J$4:J$34,"<>"&"") -> 0 | J80: =COUNTIFS($B$4:$B$34,$C80,K$4:K$34,"<>"&"") -> 2 | K80: =COUNTIFS($B$4:$B$34,$C80,L$4:L$34,"<>"&"") -> 2 | ... O80: =COUNTIFS($B$4:$B$34,$C80,P$4:P$34,"<>"&"") -> 2 | R80: =EOMONTH(R79,1) -> 44712 | S80: =S8 -> 29988 | T80: =IF(T8>0,S80+T8,0) -> 59976 | U80: =IF(U8>0,T80+U8,0) -> 89964 | V80: =IF(V8>0,U80+V8,0) -> 119952 | W80: =IF(W8>0,V80+W8,0) -> 149940 | X80: =IF(X8>0,W80+X8,0) -> 179928 | Y80: =IF(Y8>0,X80+Y8,0) -> 209916 | Z80: =IF(Z8>0,Y80+Z8,0) -> 234816 | AA80: =IF(AA8>0,Z80+AA8,0) -> 0 | ... AD80: =IF(AD8>0,AC80+AD8,0) -> 0
C81: =EOMONTH(C80,1) -> 44804 | D81: =COUNTIFS($B$4:$B$34,$C81,E$4:E$34,"<>"&"") -> 0 | E81: =COUNTIFS($B$4:$B$34,$C81,F$4:F$34,"<>"&"") -> 0 | F81: =COUNTIFS($B$4:$B$34,$C81,G$4:G$34,"<>"&"") -> 0 | G81: =COUNTIFS($B$4:$B$34,$C81,H$4:H$34,"<>"&"") -> 0 | H81: =COUNTIFS($B$4:$B$34,$C81,I$4:I$34,"<>"&"") -> 0 | I81: =COUNTIFS($B$4:$B$34,$C81,J$4:J$34,"<>"&"") -> 0 | J81: =COUNTIFS($B$4:$B$34,$C81,K$4:K$34,"<>"&"") -> 0 | K81: =COUNTIFS($B$4:$B$34,$C81,L$4:L$34,"<>"&"") -> 3 | ... O81: =COUNTIFS($B$4:$B$34,$C81,P$4:P$34,"<>"&"") -> 2 | R81: =EOMONTH(R80,1) -> 44742 | S81: =S9 -> 5000 | T81: =IF(T9>0,S81+T9,0) -> 10000 | U81: =IF(U9>0,T81+U9,0) -> 15000 | V81: =IF(V9>0,U81+V9,0) -> 20000 | W81: =IF(W9>0,V81+W9,0) -> 25000 | X81: =IF(X9>0,W81+X9,0) -> 30000 | Y81: =IF(Y9>0,X81+Y9,0) -> 0 | Z81: =IF(Z9>0,Y81+Z9,0) -> 0 | AA81: =IF(AA9>0,Z81+AA9,0) -> 0 | ... AD81: =IF(AD9>0,AC81+AD9,0) -> 0
C82: =EOMONTH(C81,1) -> 44834 | D82: =COUNTIFS($B$4:$B$34,$C82,E$4:E$34,"<>"&"") -> 0 | E82: =COUNTIFS($B$4:$B$34,$C82,F$4:F$34,"<>"&"") -> 0 | F82: =COUNTIFS($B$4:$B$34,$C82,G$4:G$34,"<>"&"") -> 0 | G82: =COUNTIFS($B$4:$B$34,$C82,H$4:H$34,"<>"&"") -> 0 | H82: =COUNTIFS($B$4:$B$34,$C82,I$4:I$34,"<>"&"") -> 0 | I82: =COUNTIFS($B$4:$B$34,$C82,J$4:J$34,"<>"&"") -> 0 | J82: =COUNTIFS($B$4:$B$34,$C82,K$4:K$34,"<>"&"") -> 0 | K82: =COUNTIFS($B$4:$B$34,$C82,L$4:L$34,"<>"&"") -> 0 | ... O82: =COUNTIFS($B$4:$B$34,$C82,P$4:P$34,"<>"&"") -> 2 | R82: =EOMONTH(R81,1) -> 44773 | S82: =S10 -> 14040 | T82: =IF(T10>0,S82+T10,0) -> 28080 | U82: =IF(U10>0,T82+U10,0) -> 42120 | V82: =IF(V10>0,U82+V10,0) -> 56160 | W82: =IF(W10>0,V82+W10,0) -> 70200 | X82: =IF(X10>0,W82+X10,0) -> 84240 | Y82: =IF(Y10>0,X82+Y10,0) -> 0 | Z82: =IF(Z10>0,Y82+Z10,0) -> 0 | AA82: =IF(AA10>0,Z82+AA10,0) -> 0 | ... AD82: =IF(AD10>0,AC82+AD10,0) -> 0
C83: =EOMONTH(C82,1) -> 44865 | D83: =COUNTIFS($B$4:$B$34,$C83,E$4:E$34,"<>"&"") -> 0 | E83: =COUNTIFS($B$4:$B$34,$C83,F$4:F$34,"<>"&"") -> 0 | F83: =COUNTIFS($B$4:$B$34,$C83,G$4:G$34,"<>"&"") -> 0 | G83: =COUNTIFS($B$4:$B$34,$C83,H$4:H$34,"<>"&"") -> 0 | H83: =COUNTIFS($B$4:$B$34,$C83,I$4:I$34,"<>"&"") -> 0 | I83: =COUNTIFS($B$4:$B$34,$C83,J$4:J$34,"<>"&"") -> 0 | J83: =COUNTIFS($B$4:$B$34,$C83,K$4:K$34,"<>"&"") -> 0 | K83: =COUNTIFS($B$4:$B$34,$C83,L$4:L$34,"<>"&"") -> 0 | ... O83: =COUNTIFS($B$4:$B$34,$C83,P$4:P$34,"<>"&"") -> 1 | R83: =EOMONTH(R82,1) -> 44804 | S83: =S11 -> 33060 | T83: =IF(T11>0,S83+T11,0) -> 66120 | U83: =IF(U11>0,T83+U11,0) -> 99180 | V83: =IF(V11>0,U83+V11,0) -> 132240 | W83: =IF(W11>0,V83+W11,0) -> 156720 | X83: =IF(X11>0,W83+X11,0) -> 0 | Y83: =IF(Y11>0,X83+Y11,0) -> 0 | Z83: =IF(Z11>0,Y83+Z11,0) -> 0 | AA83: =IF(AA11>0,Z83+AA11,0) -> 0 | ... AD83: =IF(AD11>0,AC83+AD11,0) -> 0
C84: =EOMONTH(C83,1) -> 44895 | D84: =COUNTIFS($B$4:$B$34,$C84,E$4:E$34,"<>"&"") -> 0 | E84: =COUNTIFS($B$4:$B$34,$C84,F$4:F$34,"<>"&"") -> 0 | F84: =COUNTIFS($B$4:$B$34,$C84,G$4:G$34,"<>"&"") -> 0 | G84: =COUNTIFS($B$4:$B$34,$C84,H$4:H$34,"<>"&"") -> 0 | H84: =COUNTIFS($B$4:$B$34,$C84,I$4:I$34,"<>"&"") -> 0 | I84: =COUNTIFS($B$4:$B$34,$C84,J$4:J$34,"<>"&"") -> 0 | J84: =COUNTIFS($B$4:$B$34,$C84,K$4:K$34,"<>"&"") -> 0 | K84: =COUNTIFS($B$4:$B$34,$C84,L$4:L$34,"<>"&"") -> 0 | ... O84: =COUNTIFS($B$4:$B$34,$C84,P$4:P$34,"<>"&"") -> 3 | R84: =EOMONTH(R83,1) -> 44834 | S84: =S12 -> 20600 | T84: =IF(T12>0,S84+T12,0) -> 41200 | U84: =IF(U12>0,T84+U12,0) -> 61800 | V84: =IF(V12>0,U84+V12,0) -> 82400 | W84: =IF(W12>0,V84+W12,0) -> 0 | X84: =IF(X12>0,W84+X12,0) -> 0 | Y84: =IF(Y12>0,X84+Y12,0) -> 0 | Z84: =IF(Z12>0,Y84+Z12,0) -> 0 | AA84: =IF(AA12>0,Z84+AA12,0) -> 0 | ... AD84: =IF(AD12>0,AC84+AD12,0) -> 0
C85: =EOMONTH(C84,1) -> 44926 | D85: =COUNTIFS($B$4:$B$34,$C85,E$4:E$34,"<>"&"") -> 0 | E85: =COUNTIFS($B$4:$B$34,$C85,F$4:F$34,"<>"&"") -> 0 | F85: =COUNTIFS($B$4:$B$34,$C85,G$4:G$34,"<>"&"") -> 0 | G85: =COUNTIFS($B$4:$B$34,$C85,H$4:H$34,"<>"&"") -> 0 | H85: =COUNTIFS($B$4:$B$34,$C85,I$4:I$34,"<>"&"") -> 0 | I85: =COUNTIFS($B$4:$B$34,$C85,J$4:J$34,"<>"&"") -> 0 | J85: =COUNTIFS($B$4:$B$34,$C85,K$4:K$34,"<>"&"") -> 0 | K85: =COUNTIFS($B$4:$B$34,$C85,L$4:L$34,"<>"&"") -> 0 | ... O85: =COUNTIFS($B$4:$B$34,$C85,P$4:P$34,"<>"&"") -> 4 | R85: =EOMONTH(R84,1) -> 44865 | S85: =S13 -> 29970 | T85: =IF(T13>0,S85+T13,0) -> 59940 | U85: =IF(U13>0,T85+U13,0) -> 77760 | V85: =IF(V13>0,U85+V13,0) -> 0 | W85: =IF(W13>0,V85+W13,0) -> 0 | X85: =IF(X13>0,W85+X13,0) -> 0 | Y85: =IF(Y13>0,X85+Y13,0) -> 0 | Z85: =IF(Z13>0,Y85+Z13,0) -> 0 | AA85: =IF(AA13>0,Z85+AA13,0) -> 0 | ... AD85: =IF(AD13>0,AC85+AD13,0) -> 0
C86: Total | D86: =SUM(D74:D85) -> 3 | E86: =SUM(E74:E85) -> 5 | F86: =SUM(F74:F85) -> 9 | G86: =SUM(G74:G85) -> 11 | H86: =SUM(H74:H85) -> 13 | I86: =SUM(I74:I85) -> 14 | J86: =SUM(J74:J85) -> 16 | K86: =SUM(K74:K85) -> 18 | ... O86: =SUM(O74:O85) -> 23 | R86: =EOMONTH(R85,1) -> 44895 | S86: =S14 -> 39228 | T86: =IF(T14>0,S86+T14,0) -> 78456 | U86: =IF(U14>0,T86+U14,0) -> 0 | V86: =IF(V14>0,U86+V14,0) -> 0 | W86: =IF(W14>0,V86+W14,0) -> 0 | X86: =IF(X14>0,W86+X14,0) -> 0 | Y86: =IF(Y14>0,X86+Y14,0) -> 0 | Z86: =IF(Z14>0,Y86+Z14,0) -> 0 | AA86: =IF(AA14>0,Z86+AA14,0) -> 0 | ... AD86: =IF(AD14>0,AC86+AD14,0) -> 0
R87: =EOMONTH(R86,1) -> 44926 | S87: =S15 -> 45144 | T87: =IF(T15>0,S87+T15,0) -> 0 | U87: =IF(U15>0,T87+U15,0) -> 0 | V87: =IF(V15>0,U87+V15,0) -> 0 | W87: =IF(W15>0,V87+W15,0) -> 0 | X87: =IF(X15>0,W87+X15,0) -> 0 | Y87: =IF(Y15>0,X87+Y15,0) -> 0 | Z87: =IF(Z15>0,Y87+Z15,0) -> 0 | AA87: =IF(AA15>0,Z87+AA15,0) -> 0 | ... AD87: =IF(AD15>0,AC87+AD15,0) -> 0
D90: {=TRANSPOSE(C91:C102)} -> 44592 | E90: 44620 | F90: 44651 | G90: 44681 | H90: 44712 | I90: 44742 | J90: 44773 | K90: 44804 | L90: 44834 | M90: 44865 | N90: 44895 | O90: 44926 | R90: Gross margin | S90: 0.75
C91: 44592 | D91: =IF(ROUND((D$56-$C57)/30,0)+1<=0," ",ROUND((D$56-$C57)/30,0)+1) -> 1 | E91: =IF(ROUND((E$56-$C57)/30,0)+1<=0," ",ROUND((E$56-$C57)/30,0)+1) -> 2 | F91: =IF(ROUND((F$56-$C57)/30,0)+1<=0," ",ROUND((F$56-$C57)/30,0)+1) -> 3 | G91: =IF(ROUND((G$56-$C57)/30,0)+1<=0," ",ROUND((G$56-$C57)/30,0)+1) -> 4 | H91: =IF(ROUND((H$56-$C57)/30,0)+1<=0," ",ROUND((H$56-$C57)/30,0)+1) -> 5 | I91: =IF(ROUND((I$56-$C57)/30,0)+1<=0," ",ROUND((I$56-$C57)/30,0)+1) -> 6 | J91: =IF(ROUND((J$56-$C57)/30,0)+1<=0," ",ROUND((J$56-$C57)/30,0)+1) -> 7 | K91: =IF(ROUND((K$56-$C57)/30,0)+1<=0," ",ROUND((K$56-$C57)/30,0)+1) -> 8 | ... O91: =IF(ROUND((O$56-$C57)/30,0)+1<=0," ",ROUND((O$56-$C57)/30,0)+1) -> 12 | S91: Months since the cohort initiation
C92: =EOMONTH(C91,1) -> 44620 | D92: =IF(ROUND((D$56-$C58)/30,0)+1<=0," ",ROUND((D$56-$C58)/30,0)+1) | E92: =IF(ROUND((E$56-$C58)/30,0)+1<=0," ",ROUND((E$56-$C58)/30,0)+1) -> 1 | F92: =IF(ROUND((F$56-$C58)/30,0)+1<=0," ",ROUND((F$56-$C58)/30,0)+1) -> 2 | G92: =IF(ROUND((G$56-$C58)/30,0)+1<=0," ",ROUND((G$56-$C58)/30,0)+1) -> 3 | H92: =IF(ROUND((H$56-$C58)/30,0)+1<=0," ",ROUND((H$56-$C58)/30,0)+1) -> 4 | I92: =IF(ROUND((I$56-$C58)/30,0)+1<=0," ",ROUND((I$56-$C58)/30,0)+1) -> 5 | J92: =IF(ROUND((J$56-$C58)/30,0)+1<=0," ",ROUND((J$56-$C58)/30,0)+1) -> 6 | K92: =IF(ROUND((K$56-$C58)/30,0)+1<=0," ",ROUND((K$56-$C58)/30,0)+1) -> 7 | ... O92: =IF(ROUND((O$56-$C58)/30,0)+1<=0," ",ROUND((O$56-$C58)/30,0)+1) -> 11 | R92: Accum. gross profit/customer | S92: 1 | T92: =S92+1 -> 2 | U92: =T92+1 -> 3 | V92: =U92+1 -> 4 | W92: =V92+1 -> 5 | X92: =W92+1 -> 6 | Y92: =X92+1 -> 7 | Z92: =Y92+1 -> 8 | AA92: =Z92+1 -> 9 | ... AD92: =AC92+1 -> 12
C93: =EOMONTH(C92,1) -> 44651 | D93: =IF(ROUND((D$56-$C59)/30,0)+1<=0," ",ROUND((D$56-$C59)/30,0)+1) | E93: =IF(ROUND((E$56-$C59)/30,0)+1<=0," ",ROUND((E$56-$C59)/30,0)+1) | F93: =IF(ROUND((F$56-$C59)/30,0)+1<=0," ",ROUND((F$56-$C59)/30,0)+1) -> 1 | G93: =IF(ROUND((G$56-$C59)/30,0)+1<=0," ",ROUND((G$56-$C59)/30,0)+1) -> 2 | H93: =IF(ROUND((H$56-$C59)/30,0)+1<=0," ",ROUND((H$56-$C59)/30,0)+1) -> 3 | I93: =IF(ROUND((I$56-$C59)/30,0)+1<=0," ",ROUND((I$56-$C59)/30,0)+1) -> 4 | J93: =IF(ROUND((J$56-$C59)/30,0)+1<=0," ",ROUND((J$56-$C59)/30,0)+1) -> 5 | K93: =IF(ROUND((K$56-$C59)/30,0)+1<=0," ",ROUND((K$56-$C59)/30,0)+1) -> 6 | ... O93: =IF(ROUND((O$56-$C59)/30,0)+1<=0," ",ROUND((O$56-$C59)/30,0)+1) -> 10 | R93: 44592 | S93: =IFERROR(($S$90*S76)/S23,"") -> 27240 | T93: =IFERROR(($S$90*T76)/T23,"") -> 78120 | U93: =IFERROR(($S$90*U76)/U23,"") -> 115380 | V93: =IFERROR(($S$90*V76)/V23,"") -> 152640 | W93: =IFERROR(($S$90*W76)/W23,"") -> 189900 | X93: =IFERROR(($S$90*X76)/X23,"") -> 227160 | Y93: =IFERROR(($S$90*Y76)/Y23,"") -> 264420 | Z93: =IFERROR(($S$90*Z76)/Z23,"") -> 301680 | ... AD93: =IFERROR(($S$90*AD76)/AD23,"") -> 450720
C94: =EOMONTH(C93,1) -> 44681 | D94: =IF(ROUND((D$56-$C60)/30,0)+1<=0," ",ROUND((D$56-$C60)/30,0)+1) | E94: =IF(ROUND((E$56-$C60)/30,0)+1<=0," ",ROUND((E$56-$C60)/30,0)+1) | F94: =IF(ROUND((F$56-$C60)/30,0)+1<=0," ",ROUND((F$56-$C60)/30,0)+1) | G94: =IF(ROUND((G$56-$C60)/30,0)+1<=0," ",ROUND((G$56-$C60)/30,0)+1) -> 1 | H94: =IF(ROUND((H$56-$C60)/30,0)+1<=0," ",ROUND((H$56-$C60)/30,0)+1) -> 2 | I94: =IF(ROUND((I$56-$C60)/30,0)+1<=0," ",ROUND((I$56-$C60)/30,0)+1) -> 3 | J94: =IF(ROUND((J$56-$C60)/30,0)+1<=0," ",ROUND((J$56-$C60)/30,0)+1) -> 4 | K94: =IF(ROUND((K$56-$C60)/30,0)+1<=0," ",ROUND((K$56-$C60)/30,0)+1) -> 5 | ... O94: =IF(ROUND((O$56-$C60)/30,0)+1<=0," ",ROUND((O$56-$C60)/30,0)+1) -> 9 | R94: =EOMONTH(R93,1) -> 44620 | S94: =IFERROR(($S$90*S77)/S24,"") -> 6687 | T94: =IFERROR(($S$90*T77)/T24,"") -> 13404 | U94: =IFERROR(($S$90*U77)/U24,"") -> 19956 | V94: =IFERROR(($S$90*V77)/V24,"") -> 26643 | W94: =IFERROR(($S$90*W77)/W24,"") -> 33525 | X94: =IFERROR(($S$90*X77)/X24,"") -> 40407 | Y94: =IFERROR(($S$90*Y77)/Y24,"") -> 66771 | Z94: =IFERROR(($S$90*Z77)/Z24,"") -> 141048 | ... AD94: =IFERROR(($S$90*AD77)/AD24,"")
C95: =EOMONTH(C94,1) -> 44712 | D95: =IF(ROUND((D$56-$C61)/30,0)+1<=0," ",ROUND((D$56-$C61)/30,0)+1) | E95: =IF(ROUND((E$56-$C61)/30,0)+1<=0," ",ROUND((E$56-$C61)/30,0)+1) | F95: =IF(ROUND((F$56-$C61)/30,0)+1<=0," ",ROUND((F$56-$C61)/30,0)+1) | G95: =IF(ROUND((G$56-$C61)/30,0)+1<=0," ",ROUND((G$56-$C61)/30,0)+1) | H95: =IF(ROUND((H$56-$C61)/30,0)+1<=0," ",ROUND((H$56-$C61)/30,0)+1) -> 1 | I95: =IF(ROUND((I$56-$C61)/30,0)+1<=0," ",ROUND((I$56-$C61)/30,0)+1) -> 2 | J95: =IF(ROUND((J$56-$C61)/30,0)+1<=0," ",ROUND((J$56-$C61)/30,0)+1) -> 3 | K95: =IF(ROUND((K$56-$C61)/30,0)+1<=0," ",ROUND((K$56-$C61)/30,0)+1) -> 4 | ... O95: =IF(ROUND((O$56-$C61)/30,0)+1<=0," ",ROUND((O$56-$C61)/30,0)+1) -> 8 | R95: =EOMONTH(R94,1) -> 44651 | S95: =IFERROR(($S$90*S78)/S25,"") -> 12640.5 | T95: =IFERROR(($S$90*T78)/T25,"") -> 25425 | U95: =IFERROR(($S$90*U78)/U25,"") -> 38353.5 | V95: =IFERROR(($S$90*V78)/V25,"") -> 51453 | W95: =IFERROR(($S$90*W78)/W25,"") -> 64642.5 | X95: =IFERROR(($S$90*X78)/X25,"") -> 77742 | Y95: =IFERROR(($S$90*Y78)/Y25,"") -> 91354.5 | Z95: =IFERROR(($S$90*Z78)/Z25,"") -> 105993 | ... AD95: =IFERROR(($S$90*AD78)/AD25,"")
C96: =EOMONTH(C95,1) -> 44742 | D96: =IF(ROUND((D$56-$C62)/30,0)+1<=0," ",ROUND((D$56-$C62)/30,0)+1) | E96: =IF(ROUND((E$56-$C62)/30,0)+1<=0," ",ROUND((E$56-$C62)/30,0)+1) | F96: =IF(ROUND((F$56-$C62)/30,0)+1<=0," ",ROUND((F$56-$C62)/30,0)+1) | G96: =IF(ROUND((G$56-$C62)/30,0)+1<=0," ",ROUND((G$56-$C62)/30,0)+1) | H96: =IF(ROUND((H$56-$C62)/30,0)+1<=0," ",ROUND((H$56-$C62)/30,0)+1) | I96: =IF(ROUND((I$56-$C62)/30,0)+1<=0," ",ROUND((I$56-$C62)/30,0)+1) -> 1 | J96: =IF(ROUND((J$56-$C62)/30,0)+1<=0," ",ROUND((J$56-$C62)/30,0)+1) -> 2 | K96: =IF(ROUND((K$56-$C62)/30,0)+1<=0," ",ROUND((K$56-$C62)/30,0)+1) -> 3 | ... O96: =IF(ROUND((O$56-$C62)/30,0)+1<=0," ",ROUND((O$56-$C62)/30,0)+1) -> 7 | R96: =EOMONTH(R95,1) -> 44681 | S96: =IFERROR(($S$90*S79)/S26,"") -> 3819 | T96: =IFERROR(($S$90*T79)/T26,"") -> 7638 | U96: =IFERROR(($S$90*U79)/U26,"") -> 11457 | V96: =IFERROR(($S$90*V79)/V26,"") -> 15276 | W96: =IFERROR(($S$90*W79)/W26,"") -> 19095 | X96: =IFERROR(($S$90*X79)/X26,"") -> 41940 | Y96: =IFERROR(($S$90*Y79)/Y26,"") -> 45690 | Z96: =IFERROR(($S$90*Z79)/Z26,"") -> 49440 | ... AD96: =IFERROR(($S$90*AD79)/AD26,"")
C97: =EOMONTH(C96,1) -> 44773 | D97: =IF(ROUND((D$56-$C63)/30,0)+1<=0," ",ROUND((D$56-$C63)/30,0)+1) | E97: =IF(ROUND((E$56-$C63)/30,0)+1<=0," ",ROUND((E$56-$C63)/30,0)+1) | F97: =IF(ROUND((F$56-$C63)/30,0)+1<=0," ",ROUND((F$56-$C63)/30,0)+1) | G97: =IF(ROUND((G$56-$C63)/30,0)+1<=0," ",ROUND((G$56-$C63)/30,0)+1) | H97: =IF(ROUND((H$56-$C63)/30,0)+1<=0," ",ROUND((H$56-$C63)/30,0)+1) | I97: =IF(ROUND((I$56-$C63)/30,0)+1<=0," ",ROUND((I$56-$C63)/30,0)+1) | J97: =IF(ROUND((J$56-$C63)/30,0)+1<=0," ",ROUND((J$56-$C63)/30,0)+1) -> 1 | K97: =IF(ROUND((K$56-$C63)/30,0)+1<=0," ",ROUND((K$56-$C63)/30,0)+1) -> 2 | ... O97: =IF(ROUND((O$56-$C63)/30,0)+1<=0," ",ROUND((O$56-$C63)/30,0)+1) -> 6 | R97: =EOMONTH(R96,1) -> 44712 | S97: =IFERROR(($S$90*S80)/S27,"") -> 11245.5 | T97: =IFERROR(($S$90*T80)/T27,"") -> 22491 | U97: =IFERROR(($S$90*U80)/U27,"") -> 33736.5 | V97: =IFERROR(($S$90*V80)/V27,"") -> 44982 | W97: =IFERROR(($S$90*W80)/W27,"") -> 56227.5 | X97: =IFERROR(($S$90*X80)/X27,"") -> 67473 | Y97: =IFERROR(($S$90*Y80)/Y27,"") -> 78718.5 | Z97: =IFERROR(($S$90*Z80)/Z27,"") -> 176112 | ... AD97: =IFERROR(($S$90*AD80)/AD27,"")
C98: =EOMONTH(C97,1) -> 44804 | D98: =IF(ROUND((D$56-$C64)/30,0)+1<=0," ",ROUND((D$56-$C64)/30,0)+1) | E98: =IF(ROUND((E$56-$C64)/30,0)+1<=0," ",ROUND((E$56-$C64)/30,0)+1) | F98: =IF(ROUND((F$56-$C64)/30,0)+1<=0," ",ROUND((F$56-$C64)/30,0)+1) | G98: =IF(ROUND((G$56-$C64)/30,0)+1<=0," ",ROUND((G$56-$C64)/30,0)+1) | H98: =IF(ROUND((H$56-$C64)/30,0)+1<=0," ",ROUND((H$56-$C64)/30,0)+1) | I98: =IF(ROUND((I$56-$C64)/30,0)+1<=0," ",ROUND((I$56-$C64)/30,0)+1) | J98: =IF(ROUND((J$56-$C64)/30,0)+1<=0," ",ROUND((J$56-$C64)/30,0)+1) | K98: =IF(ROUND((K$56-$C64)/30,0)+1<=0," ",ROUND((K$56-$C64)/30,0)+1) -> 1 | ... O98: =IF(ROUND((O$56-$C64)/30,0)+1<=0," ",ROUND((O$56-$C64)/30,0)+1) -> 5 | R98: =EOMONTH(R97,1) -> 44742 | S98: =IFERROR(($S$90*S81)/S28,"") -> 3750 | T98: =IFERROR(($S$90*T81)/T28,"") -> 7500 | U98: =IFERROR(($S$90*U81)/U28,"") -> 11250 | V98: =IFERROR(($S$90*V81)/V28,"") -> 15000 | W98: =IFERROR(($S$90*W81)/W28,"") -> 18750 | X98: =IFERROR(($S$90*X81)/X28,"") -> 22500 | Y98: =IFERROR(($S$90*Y81)/Y28,"") | Z98: =IFERROR(($S$90*Z81)/Z28,"") | ... AD98: =IFERROR(($S$90*AD81)/AD28,"")
C99: =EOMONTH(C98,1) -> 44834 | D99: =IF(ROUND((D$56-$C65)/30,0)+1<=0," ",ROUND((D$56-$C65)/30,0)+1) | E99: =IF(ROUND((E$56-$C65)/30,0)+1<=0," ",ROUND((E$56-$C65)/30,0)+1) | F99: =IF(ROUND((F$56-$C65)/30,0)+1<=0," ",ROUND((F$56-$C65)/30,0)+1) | G99: =IF(ROUND((G$56-$C65)/30,0)+1<=0," ",ROUND((G$56-$C65)/30,0)+1) | H99: =IF(ROUND((H$56-$C65)/30,0)+1<=0," ",ROUND((H$56-$C65)/30,0)+1) | I99: =IF(ROUND((I$56-$C65)/30,0)+1<=0," ",ROUND((I$56-$C65)/30,0)+1) | J99: =IF(ROUND((J$56-$C65)/30,0)+1<=0," ",ROUND((J$56-$C65)/30,0)+1) | K99: =IF(ROUND((K$56-$C65)/30,0)+1<=0," ",ROUND((K$56-$C65)/30,0)+1) | ... O99: =IF(ROUND((O$56-$C65)/30,0)+1<=0," ",ROUND((O$56-$C65)/30,0)+1) -> 4 | R99: =EOMONTH(R98,1) -> 44773 | S99: =IFERROR(($S$90*S82)/S29,"") -> 5265 | T99: =IFERROR(($S$90*T82)/T29,"") -> 10530 | U99: =IFERROR(($S$90*U82)/U29,"") -> 15795 | V99: =IFERROR(($S$90*V82)/V29,"") -> 21060 | W99: =IFERROR(($S$90*W82)/W29,"") -> 26325 | X99: =IFERROR(($S$90*X82)/X29,"") -> 31590 | Y99: =IFERROR(($S$90*Y82)/Y29,"") | Z99: =IFERROR(($S$90*Z82)/Z29,"") | ... AD99: =IFERROR(($S$90*AD82)/AD29,"")
C100: =EOMONTH(C99,1) -> 44865 | D100: =IF(ROUND((D$56-$C66)/30,0)+1<=0," ",ROUND((D$56-$C66)/30,0)+1) | E100: =IF(ROUND((E$56-$C66)/30,0)+1<=0," ",ROUND((E$56-$C66)/30,0)+1) | F100: =IF(ROUND((F$56-$C66)/30,0)+1<=0," ",ROUND((F$56-$C66)/30,0)+1) | G100: =IF(ROUND((G$56-$C66)/30,0)+1<=0," ",ROUND((G$56-$C66)/30,0)+1) | H100: =IF(ROUND((H$56-$C66)/30,0)+1<=0," ",ROUND((H$56-$C66)/30,0)+1) | I100: =IF(ROUND((I$56-$C66)/30,0)+1<=0," ",ROUND((I$56-$C66)/30,0)+1) | J100: =IF(ROUND((J$56-$C66)/30,0)+1<=0," ",ROUND((J$56-$C66)/30,0)+1) | K100: =IF(ROUND((K$56-$C66)/30,0)+1<=0," ",ROUND((K$56-$C66)/30,0)+1) | ... O100: =IF(ROUND((O$56-$C66)/30,0)+1<=0," ",ROUND((O$56-$C66)/30,0)+1) -> 3 | R100: =EOMONTH(R99,1) -> 44804 | S100: =IFERROR(($S$90*S83)/S30,"") -> 8265 | T100: =IFERROR(($S$90*T83)/T30,"") -> 16530 | U100: =IFERROR(($S$90*U83)/U30,"") -> 24795 | V100: =IFERROR(($S$90*V83)/V30,"") -> 33060 | W100: =IFERROR(($S$90*W83)/W30,"") -> 58770 | X100: =IFERROR(($S$90*X83)/X30,"") | Y100: =IFERROR(($S$90*Y83)/Y30,"") | Z100: =IFERROR(($S$90*Z83)/Z30,"") | ... AD100: =IFERROR(($S$90*AD83)/AD30,"")
C101: =EOMONTH(C100,1) -> 44895 | D101: =IF(ROUND((D$56-$C67)/30,0)+1<=0," ",ROUND((D$56-$C67)/30,0)+1) | E101: =IF(ROUND((E$56-$C67)/30,0)+1<=0," ",ROUND((E$56-$C67)/30,0)+1) | F101: =IF(ROUND((F$56-$C67)/30,0)+1<=0," ",ROUND((F$56-$C67)/30,0)+1) | G101: =IF(ROUND((G$56-$C67)/30,0)+1<=0," ",ROUND((G$56-$C67)/30,0)+1) | H101: =IF(ROUND((H$56-$C67)/30,0)+1<=0," ",ROUND((H$56-$C67)/30,0)+1) | I101: =IF(ROUND((I$56-$C67)/30,0)+1<=0," ",ROUND((I$56-$C67)/30,0)+1) | J101: =IF(ROUND((J$56-$C67)/30,0)+1<=0," ",ROUND((J$56-$C67)/30,0)+1) | K101: =IF(ROUND((K$56-$C67)/30,0)+1<=0," ",ROUND((K$56-$C67)/30,0)+1) | ... O101: =IF(ROUND((O$56-$C67)/30,0)+1<=0," ",ROUND((O$56-$C67)/30,0)+1) -> 2 | R101: =EOMONTH(R100,1) -> 44834 | S101: =IFERROR(($S$90*S84)/S31,"") -> 7725 | T101: =IFERROR(($S$90*T84)/T31,"") -> 15450 | U101: =IFERROR(($S$90*U84)/U31,"") -> 23175 | V101: =IFERROR(($S$90*V84)/V31,"") -> 30900 | W101: =IFERROR(($S$90*W84)/W31,"") | X101: =IFERROR(($S$90*X84)/X31,"") | Y101: =IFERROR(($S$90*Y84)/Y31,"") | Z101: =IFERROR(($S$90*Z84)/Z31,"") | ... AD101: =IFERROR(($S$90*AD84)/AD31,"")
C102: =EOMONTH(C101,1) -> 44926 | D102: =IF(ROUND((D$56-$C68)/30,0)+1<=0," ",ROUND((D$56-$C68)/30,0)+1) | E102: =IF(ROUND((E$56-$C68)/30,0)+1<=0," ",ROUND((E$56-$C68)/30,0)+1) | F102: =IF(ROUND((F$56-$C68)/30,0)+1<=0," ",ROUND((F$56-$C68)/30,0)+1) | G102: =IF(ROUND((G$56-$C68)/30,0)+1<=0," ",ROUND((G$56-$C68)/30,0)+1) | H102: =IF(ROUND((H$56-$C68)/30,0)+1<=0," ",ROUND((H$56-$C68)/30,0)+1) | I102: =IF(ROUND((I$56-$C68)/30,0)+1<=0," ",ROUND((I$56-$C68)/30,0)+1) | J102: =IF(ROUND((J$56-$C68)/30,0)+1<=0," ",ROUND((J$56-$C68)/30,0)+1) | K102: =IF(ROUND((K$56-$C68)/30,0)+1<=0," ",ROUND((K$56-$C68)/30,0)+1) | ... O102: =IF(ROUND((O$56-$C68)/30,0)+1<=0," ",ROUND((O$56-$C68)/30,0)+1) -> 1 | R102: =EOMONTH(R101,1) -> 44865 | S102: =IFERROR(($S$90*S85)/S32,"") -> 11238.75 | T102: =IFERROR(($S$90*T85)/T32,"") -> 22477.5 | U102: =IFERROR(($S$90*U85)/U32,"") -> 58320 | V102: =IFERROR(($S$90*V85)/V32,"") | W102: =IFERROR(($S$90*W85)/W32,"") | X102: =IFERROR(($S$90*X85)/X32,"") | Y102: =IFERROR(($S$90*Y85)/Y32,"") | Z102: =IFERROR(($S$90*Z85)/Z32,"") | ... AD102: =IFERROR(($S$90*AD85)/AD32,"")
R103: =EOMONTH(R102,1) -> 44895 | S103: =IFERROR(($S$90*S86)/S33,"") -> 9807 | T103: =IFERROR(($S$90*T86)/T33,"") -> 19614 | U103: =IFERROR(($S$90*U86)/U33,"") | V103: =IFERROR(($S$90*V86)/V33,"") | W103: =IFERROR(($S$90*W86)/W33,"") | X103: =IFERROR(($S$90*X86)/X33,"") | Y103: =IFERROR(($S$90*Y86)/Y33,"") | Z103: =IFERROR(($S$90*Z86)/Z33,"") | ... AD103: =IFERROR(($S$90*AD86)/AD33,"")
D104: Q1 | E104: Q2 | F104: Q3 | G104: Q4 | R104: =EOMONTH(R103,1) -> 44926 | S104: =IFERROR(($S$90*S87)/S34,"") -> 8464.5 | T104: =IFERROR(($S$90*T87)/T34,"") | U104: =IFERROR(($S$90*U87)/U34,"") | V104: =IFERROR(($S$90*V87)/V34,"") | W104: =IFERROR(($S$90*W87)/W34,"") | X104: =IFERROR(($S$90*X87)/X34,"") | Y104: =IFERROR(($S$90*Y87)/Y34,"") | Z104: =IFERROR(($S$90*Z87)/Z34,"") | ... AD104: =IFERROR(($S$90*AD87)/AD34,"")
C105: Starting Core ARR | D105: =E39 -> 0 | E105: =D109 -> 193644 | F105: =E109 -> 241924 | G105: =F109 -> 289656
...

Sheet Sheet3
F2: =RAND() -> 0.36340756 | G2: =RAND() -> 0.25081379 | H2: =RAND() -> 0.72981551
F3: =RAND() -> 0.36943056 | G3: =RAND() -> 0.65297524 | H3: =RAND() -> 0.94608347
F4: =RAND() -> 0.47424247 | G4: =RAND() -> 0.92843599 | H4: =RAND() -> 0.58919587
F5: =RAND() -> 0.42732555 | G5: =RAND() -> 0.034948492 | H5: =RAND() -> 0.15641409
F6: =RAND() -> 0.83928644 | G6: =RAND() -> 0.33136108 | H6: =RAND() -> 0.028553503
F7: =RAND() -> 0.68060815 | G7: =RAND() -> 0.024271833 | H7: =RAND() -> 0.90243707
F8: =RAND() -> 0.72664392 | G8: =RAND() -> 0.82395785 | H8: =RAND() -> 0.56005356
F9: =RAND() -> 0.24619636 | G9: =RAND() -> 0.23842904 | H9: =RAND() -> 0.88031715
F10: =RAND() -> 0.41252285 | G10: =RAND() -> 0.46488228 | H10: =RAND() -> 0.96027222
F11: =RAND() -> 0.68588723 | G11: =RAND() -> 0.37128504 | H11: =RAND() -> 0.99881806
F12: =RAND() -> 0.1617585 | G12: =RAND() -> 0.90847579 | H12: =RAND() -> 0.86370764
F13: =RAND() -> 0.50525534 | G13: =RAND() -> 0.3852025 | H13: =RAND() -> 0.0010635103
... F16: =RAND() -> 0.97905231 | G16: =RAND() -> 0.15439397 | H16: =RAND() -> 0.58612118
F17: =SUM(F2:F16) -> 7.9110003 | G17: =SUM(G2:G16) -> 6.367081 | H17: =SUM(H2:H16) -> 9.1488324

Sheet Sheet4
E2: =RAND() -> 0.92908893 | F2: =RAND() -> 0.93158587 | G2: =RAND() -> 0.97931923
E3: =RAND() -> 0.57805784 | F3: =RAND() -> 0.43645542 | G3: =RAND() -> 0.34825977
E4: =RAND() -> 0.014469303 | F4: =RAND() -> 0.069787829 | G4: =RAND() -> 0.37009538
E5: =RAND() -> 0.60235506 | F5: =RAND() -> 0.95696966 | G5: =RAND() -> 0.97694868
E6: =RAND() -> 0.78692971 | F6: =RAND() -> 0.19899798 | G6: =RAND() -> 0.89154174
E7: =RAND() -> 0.62375991 | F7: =RAND() -> 0.41626715 | G7: =RAND() -> 0.58610621
E8: =RAND() -> 0.96346437 | F8: =RAND() -> 0.57460967 | G8: =RAND() -> 0.5556221
E9: =RAND() -> 0.22726835 | F9: =RAND() -> 0.58264431 | G9: =RAND() -> 0.024433707
E10: =RAND() -> 0.30057359 | F10: =RAND() -> 0.69261287 | G10: =RAND() -> 0.22619395
E11: =RAND() -> 0.024161691 | F11: =RAND() -> 0.84686059 | G11: =RAND() -> 0.07012162
E12: =RAND() -> 0.49914902 | F12: =RAND() -> 0.55440694 | G12: =RAND() -> 0.40677989
E13: =RAND() -> 0.19895888 | F13: =RAND() -> 0.82382375 | G13: =RAND() -> 0.054827454
... E16: =RAND() -> 0.86403167 | F16: =RAND() -> 0.80792997 | G16: =RAND() -> 0.73226402
E17: =SUM(E2:E16) -> 8.016335
